Workbook
Name LINHA7: #REF!
Name LINHA7: #REF!
Name LINHA7: #REF!
Name LINHA7: #REF!
Name LINHA7: #REF!
Name LINHA7: #REF!
Name LINHA7: #REF!
Name LINHA7: #REF!
Name LINHA7: #REF!
Name LINHA7: #REF!
Name LINHA7: #REF!
Name LINHA7: #REF!
Name LINHA7: #REF!
Name LINHA7: #REF!
Name LINHA7: #REF!
Name LINHA7: #REF!
Name LINHA7: #REF!
Name LINHA7: #REF!
Name LINHA7: #REF!
Name LINHA7: #REF!
Name LINHA7: #REF!
Name LINHA7: #REF!
Name LINHA7: #REF!
Name LINHA7: #REF!
Name LINHA7: #REF!
Name LINHA7: #REF!
Name LINHA7: #REF!
Name LINHA7: #REF!
Name Print_Area_MI: #REF!
Name Print_Area_MI: #REF!
Name Print_Area_MI: #REF!
Name Print_Area_MI: #REF!
Name Print_Area_MI: #REF!
Name Print_Area_MI: #REF!
Name Print_Area_MI: #REF!
Name Print_Area_MI: #REF!
Name Print_Area_MI: #REF!

Sheet DADOS
B2: DADOS DO CONTRATANTE
B3: CLIENTE: | C3: PREFEITURA MUNICIPAL DE JARDIM / MS
B4: ENDEREÇO: | C4: RUA CEL. JUVÊNCIO, Nº 547 - CENTRO
B6: DADOS DA OBRA
B7: OBRA: | C7: PAVIMENTAÇÃO ASFÁLTICA E DRENAGEM DE ÁGUAS PLUVIAIS
B8: LOCAL: | C8: JARDIM PREVISUL, JARDIM / MS
B9: REFERÊNCIA | C9: SEM DESONERAÇÃO
C10: HORISTA: 115,71% MENSALISTA: 71,57%
C12: COMPOSIÇÃO MS: 01/2026 INSUMO MS: 01/2026 AGESUL MS: 01/2026
C15: SICRO MS 10/2025
B16: BDI SERVIÇO: | C16: ='BDI SERVIÇO'!$F$50 -> 0.2403
B18: DADOS DA CONTRATADA
B19: CLIENTE: | C19: ELEMENTO ENGENHARIA E ARQUITETURA LTDA - CREA 20196 - MS
B20: ENDEREÇO: | C20: RUA ANTÔNIO MARIA COELHO, Nº 4.017 - SALA 03 - SANTA FÉ
B21: PROFISSIONAL | C21: MARCELLA BERNARDO LIMA - CREA 61634 / D - MS
C22: VANESSA CRISTINA DE SOUZA - CAU A229391-9
C23: FERNANDO PEREIRA KHALIL - CREA 17392 / D - MS

Sheet Resumo DMT's
B2: =DADOS!$B$3 -> CLIENTE: | C2: =DADOS!$C$3 -> PREFEITURA MUNICIPAL DE JARDIM / MS
B3: =DADOS!$B$4 -> ENDEREÇO: | C3: =DADOS!$C$4 -> RUA CEL. JUVÊNCIO, Nº 547 - CENTRO
B5: =DADOS!$B$7 -> OBRA: | C5: =DADOS!$C$7 -> PAVIMENTAÇÃO ASFÁLTICA E DRENAGEM DE ÁGUAS PLUVIAIS
B6: =DADOS!$B$8 -> LOCAL: | C6: =DADOS!$C$8 -> JARDIM PREVISUL, JARDIM / MS
B8: QUADRO DE DISTÂNCIA MÉDIAS DE TRANSPORTE DE INSUMOS - DMT
B10: INSUMO | C10: LOCAL | D10: CIDADE | E10: DMT (km)
B13: BOTA FORA | C13: LOCAL | D13: JARDIM/MS | E13: 4.3
B14: BOTA DENTRO | C14: LOCAL | D14: JARDIM/MS | E14: 1
B15: PEDREIRA | C15: CALCÁRIO BODOQUENA | D15: BELA VISTA/MS | E15: 55
B16: TUBOS | C16: ARTEFATOS OTTO FRANTZ | D16: JARDIM/MS | E16: 5
B17: JAZIDA DE CASCALHO | C17: CALCÁRIO BODOQUENA | D17: BELA VISTA/MS | E17: 55
B18: CM-IMPRIMA | C18: GRECA ASFALTOS | D18: CAMPO GRANDE/MS | E18: 240
B19: USINA DE CBUQ | C19: MEEL ENGENHARIA | D19: GUIA LOPES DA LAGUNA/MS | E19: 5.9
B20: PISO PODOTÁTIL | C20: LAJ LUCAS | D20: CAMPO GRANDE/MS | E20: 259

Sheet Orçamento
B2: =DADOS!$B$3 -> CLIENTE: | C2: =DADOS!$C$3 -> PREFEITURA MUNICIPAL DE JARDIM / MS | H2: ENCARGOS SOCIAIS | K2: BANCOS
B3: =DADOS!$B$4 -> ENDEREÇO: | C3: =DADOS!$C$4 -> RUA CEL. JUVÊNCIO, Nº 547 - CENTRO | H3: =DADOS!$C$9 -> SEM DESONERAÇÃO | K3: =DADOS!$C$12 -> COMPOSIÇÃO MS: 01/2026 INSUMO MS: 01/2026 AGESUL MS: 01/2026
H4: =DADOS!$C$10 -> HORISTA: 115,71% MENSALISTA: 71,57%
B5: =DADOS!$B$7 -> OBRA: | C5: =DADOS!$C$7 -> PAVIMENTAÇÃO ASFÁLTICA E DRENAGEM DE ÁGUAS PLUVIAIS
B6: =DADOS!$B$8 -> LOCAL: | C6: =DADOS!$C$8 -> JARDIM PREVISUL, JARDIM / MS | K6: =DADOS!B16 -> BDI SERVIÇO: | L6: =DADOS!$C$16 -> 0.2403
B8: PLANILHA ORÇAMENTÁRIA
B10: SICRO / SINAPI | C10: ITEM | D10: SERVIÇO | E10: DMT | F10: UNID. | G10: QUANT. | H10: PREÇO (R$) | L10: %
H11: UNITÁRIO S/ BDI | I11: BDI | J11: UNITÁRIO C/ BDI | K11: TOTAL
C13: 01 | D13: SERVIÇOS PRELIMINARES
D15: PRELIMINARES
B16: 103689 | C16: 01.01 | D16: Fornecimento e instalação de placa de obra com chapa galvanizada e estrutura de madeira | F16: m² | G16: ='Serv. Preliminares'!J11 -> 8 | H16: 458.76 | I16: =TRUNC((H16*$L$6),2) -> 110.24 | J16: =H16+I16 -> 569 | K16: =TRUNC((G16*J16),2) -> 4552 | L16: =K16/$K$222 -> 0.0010221945
B17: 10776 - Insumo | C17: 01.02 | D17: Locação de container 2,30m x 6,00m, alt 2,50m, para escritório, sem divisórias internas e sem sanitário (não inclui mobilização / desmobilização) | F17: mês | G17: ='Serv. Preliminares'!J14 -> 12 | H17: 725.58 | I17: =TRUNC((H17*$L$6),2) -> 174.35 | J17: =H17+I17 -> 899.93 | K17: =TRUNC((G17*J17),2) -> 10799.16 | L17: =K17/$K$222 -> 0.0024250532
B18: ='EEA-SP-05 - Comp. Banheiro Quim'!$B$11 -> EEA-SP-05 | C18: 01.03 | D18: ='EEA-SP-05 - Comp. Banheiro Quim'!$C$11 -> Locação de uma unidade de banheiro químico (2,31m x 1,15m x 1,15m com uma higienização por semana, inclusive transporte, carga e descarga | F18: ='EEA-SP-05 - Comp. Banheiro Quim'!$G$11 -> mês | G18: ='Serv. Preliminares'!J15 -> 12 | H18: ='EEA-SP-05 - Comp. Banheiro Quim'!$I$41 -> 2160 | I18: =TRUNC((H18*$L$6),2) -> 519.04 | J18: =H18+I18 -> 2679.04 | K18: =TRUNC((G18*J18),2) -> 32148.48 | L18: =K18/$K$222 -> 0.0072192445 | N18: IUSP0004 - AGESUL | O18: 2160
B19: ='EEA-SP-06 - Comp. Tapume'!$B$11 -> EEA-SP-06 | C19: 01.04 | D19: ='EEA-SP-06 - Comp. Tapume'!$C$11 -> Fornecimento e colocação de tela tapume de proteção, altura 1,20m, fabricada com polietileno reforçado, por processo de extrusão, fornecida na cor laranja, no tipo leve, rolo com as seguintes dimensões h = 1,20m e I = 50m | F19: ='EEA-SP-06 - Comp. Tapume'!$G$11 -> m² | G19: ='Serv. Preliminares'!J16 -> 4687.11 | H19: ='EEA-SP-06 - Comp. Tapume'!$I$43 -> 7.7 | I19: =TRUNC((H19*$L$6),2) -> 1.85 | J19: =H19+I19 -> 9.55 | K19: =TRUNC((G19*J19),2) -> 44761.9 | L19: =K19/$K$222 -> 0.010051707 | N19: IUI00002 - AGESUL | O19: 7.7
B20: ='EEA-SP-03 - Comp. Sin. F Laranj'!$B$11 -> EEA-SP-03 | C20: 01.05 | D20: ='EEA-SP-03 - Comp. Sin. F Laranj'!$C$11 -> Segurança de trânsito de advertência de obra com placa (fundo laranja) sobre cavalete, conforme ABNT NBR 7678 | F20: ='EEA-SP-03 - Comp. Sin. F Laranj'!$G$11 -> un | G20: ='Serv. Preliminares'!J17 -> 7 | H20: ='EEA-SP-03 - Comp. Sin. F Laranj'!$I$45 -> 1283.71 | I20: =TRUNC((H20*$L$6),2) -> 308.47 | J20: =H20+I20 -> 1592.18 | K20: =TRUNC((G20*J20),2) -> 11145.26 | L20: =K20/$K$222 -> 0.0025027733 | N20: IUI00003 - AGESUL | O20: 1283.71
B21: 13244 - Insumo | C21: 01.06 | D21: Cone de sinalização em PVC rígido com faixa refletiva, H = 70cm / 76cm | F21: un. | G21: ='Serv. Preliminares'!J18 -> 51 | H21: 43.12 | I21: =TRUNC((H21*$L$6),2) -> 10.36 | J21: =H21+I21 -> 53.48 | K21: =TRUNC((G21*J21),2) -> 2727.48 | L21: =K21/$K$222 -> 0.00061248136
B22: 98529 | C22: 01.07 | D22: Corte raso e recorte de árvore com diâmetro de tronca maior ou igual a 0,20m e menor que 0,40m. | F22: un. | G22: ='Serv. Preliminares'!J19 -> 13 | H22: 80.72 | I22: =TRUNC((H22*$L$6),2) -> 19.39 | J22: =H22+I22 -> 100.11 | K22: =TRUNC((G22*J22),2) -> 1301.43 | L22: =K22/$K$222 -> 0.00029224838
E24: =CONCATENATE("SUBTOTAL ",C13) -> SUBTOTAL 01 | K24: =SUM(K13:K23) -> 107435.71 | L24: =SUM(L13:L23) -> 0.024125702
C26: 02 | D26: DEMOLIÇÕES
D28: PAVIMENTO ASFÁLTICO EXISTENTE
B29: 97636 | C29: 02.01 | D29: Demolição parcial de pavimento asfáltico, de forma mecanizada, sem reaproveitamento | F29: m² | G29: =Demolições!I12 -> 7.55 | H29: 22.54 | I29: =TRUNC((H29*$L$6),2) -> 5.41 | J29: =H29+I29 -> 27.95 | K29: =TRUNC((G29*J29),2) -> 211.02 | L29: =K29/$K$222 -> 4.7386532e-05
B30: 100978 | C30: 02.02 | D30: Carga, manobra e descarga de solos e materiais granulares em caminhão basculante 10m³, carga com escavadeira hidráulica (caçamba de 1,20m³ / 155HP) e descarga livre | F30: m³ | G30: =Demolições!I14 -> 0.29 | H30: 7.03 | I30: =TRUNC((H30*$L$6),2) -> 1.68 | J30: =H30+I30 -> 8.71 | K30: =TRUNC((G30*J30),2) -> 2.52 | L30: =K30/$K$222 -> 5.6588977e-07
B31: 95875 | C31: 02.03 | D31: Transporte com caminhão basculante de 10m³, em via urbana pavimentada, DMT até 30km - BOTA FORA | E31: =Demolições!$E$15 -> 4.3 | F31: m³.km | G31: =Demolições!I15 -> 1.24 | H31: 2.5 | I31: =TRUNC((H31*$L$6),2) -> 0.6 | J31: =H31+I31 -> 3.1 | K31: =TRUNC((G31*J31),2) -> 3.84 | L31: =K31/$K$222 -> 8.6230822e-07
B32: 100574 | C32: 02.04 | D32: Espalhamento de material com trator esteiras | F32: m³ | G32: =Demolições!I16 -> 0.29 | H32: 1.42 | I32: =TRUNC((H32*$L$6),2) -> 0.34 | J32: =H32+I32 -> 1.76 | K32: =TRUNC((G32*J32),2) -> 0.51 | L32: =K32/$K$222 -> 1.1452531e-07
D34: MEIO FIO EXISTENTE
B35: 97627 | C35: 02.05 | D35: Demolição de pilares e vigas em concreto armado, de forma mecanizada, com martelete, sem reaproveitamento | F35: m³ | G35: =Demolições!I20 -> 1.37 | H35: 204.25 | I35: =TRUNC((H35*$L$6),2) -> 49.08 | J35: =H35+I35 -> 253.33 | K35: =TRUNC((G35*J35),2) -> 347.06 | L35: =K35/$K$222 -> 7.7935597e-05
B36: 100978 | C36: 02.06 | D36: Carga, manobra e descarga de solos e materiais granulares em caminhão basculante 10m³, carga com escavadeira hidráulica (caçamba de 1,20m³ / 155HP) e descarga livre | F36: m³ | G36: =Demolições!I21 -> 1.78 | H36: 7.03 | I36: =TRUNC((H36*$L$6),2) -> 1.68 | J36: =H36+I36 -> 8.71 | K36: =TRUNC((G36*J36),2) -> 15.5 | L36: =K36/$K$222 -> 3.4806712e-06
B37: 95875 | C37: 02.07 | D37: Transporte com caminhão basculante de 10m³, em via urbana pavimentada, DMT até 30km - BOTA FORA | E37: =Demolições!$E$22 -> 4.3 | F37: m³.km | G37: =Demolições!I22 -> 7.65 | H37: 2.5 | I37: =TRUNC((H37*$L$6),2) -> 0.6 | J37: =H37+I37 -> 3.1 | K37: =TRUNC((G37*J37),2) -> 23.71 | L37: =K37/$K$222 -> 5.3243042e-06
B38: 100574 | C38: 02.08 | D38: Espalhamento de material com trator esteiras | F38: m³ | G38: =Demolições!I23 -> 1.78 | H38: 1.42 | I38: =TRUNC((H38*$L$6),2) -> 0.34 | J38: =H38+I38 -> 1.76 | K38: =TRUNC((G38*J38),2) -> 3.13 | L38: =K38/$K$222 -> 7.0287103e-07
E40: =CONCATENATE("SUBTOTAL ",C26) -> SUBTOTAL 02 | K40: =SUM(K26:K39) -> 607.29 | L40: =SUM(L26:L39) -> 0.0001363727
C42: 03 | D42: DRENAGEM DE ÁGUAS PLUVIAIS - TERRAPLENAGEM
D44: ESCAVAÇÃO DE VALA
B45: 102278 | C45: 03.01 | D45: Escavação mecanizada de vala com prof. de 1,50m até 3,00m (média entre montante e jusante / um composição por trecho), com escavadeira hidráulica (1,20m³ / 155HP), larg. de 1,50m a 2,50m, em solo de 1ª categoria, em locais com nível alto de interferência | F45: m³ | G45: ='Dre-Terraplenagem'!V45 -> 4469.18 | H45: 8.94 | I45: =TRUNC((H45*$L$6),2) -> 2.14 | J45: =H45+I45 -> 11.08 | K45: =TRUNC((G45*J45),2) -> 49518.51 | L45: =K45/$K$222 -> 0.011119849
B46: 93358 | C46: 03.02 | D46: Escavação manual de vala com profundidade menor ou igual a 1,30m | F46: m³ | G46: ='Dre-Terraplenagem'!V50 -> 235.17 | H46: 90.03 | I46: =TRUNC((H46*$L$6),2) -> 21.63 | J46: =H46+I46 -> 111.66 | K46: =TRUNC((G46*J46),2) -> 26259.08 | L46: =K46/$K$222 -> 0.0058967241
D48: LASTRO DE BRITA E PEDRA DE MÃO
B49: 101621 | C49: 03.03 | D49: Preparo de fundo de vala com largura maior ou igual a 1,50m e menor que 2,50m, com camada de brita, lançamento manual | F49: m³ | G49: ='Dre-Terraplenagem'!V53 -> 5.72 | H49: 241.86 | I49: =TRUNC((H49*$L$6),2) -> 58.11 | J49: =H49+I49 -> 299.97 | K49: =TRUNC((G49*J49),2) -> 1715.82 | L49: =K49/$K$222 -> 0.00038530357
B50: ='EEA-LT-02 - Comp. Pedra de Mão'!B11 -> EEA-LT-02 | C50: 03.04 | D50: ='EEA-LT-02 - Comp. Pedra de Mão'!C11 -> Enrocamento com pedra de mão, inclusive espalhamento, compactação mecânica, fornecimento e assentamento | F50: ='EEA-LT-02 - Comp. Pedra de Mão'!G11 -> m³ | G50: ='Dre-Terraplenagem'!V55 -> 28.66 | H50: ='EEA-LT-02 - Comp. Pedra de Mão'!I42 -> 115.46 | I50: =TRUNC((H50*$L$6),2) -> 27.74 | J50: =H50+I50 -> 143.2 | K50: =TRUNC((G50*J50),2) -> 4104.11 | L50: =K50/$K$222 -> 0.00092161662 | N50: IUD30028 - AGESUL | O50: 115.46
B51: 95875 | C51: 03.05 | D51: Transporte com caminhão basculante de 10m³, em via urbana pavimentada, DMT até 30km - BRITA PARA LASTRO DE BRITA E PEDRA DE MÃO | E51: ='Dre-Terraplenagem'!$E$56 -> 30 | F51: m³.km | G51: ='Dre-Terraplenagem'!V56 -> 1031.4 | H51: 2.5 | I51: =TRUNC((H51*$L$6),2) -> 0.6 | J51: =H51+I51 -> 3.1 | K51: =TRUNC((G51*J51),2) -> 3197.34 | L51: =K51/$K$222 -> 0.00071799286
B52: 93590 | C52: 03.06 | D52: Transporte com caminhão basculante de 10m³, em via urbana pavimentada, adicional para DMT excedente a 30km - BRITA PARA LASTRO DE BRITA E PEDRA DE MÃO | E52: ='Dre-Terraplenagem'!$E$57 -> 25 | F52: m³.km | G52: ='Dre-Terraplenagem'!V57 -> 859.5 | H52: 0.99 | I52: =TRUNC((H52*$L$6),2) -> 0.23 | J52: =H52+I52 -> 1.22 | K52: =TRUNC((G52*J52),2) -> 1048.59 | L52: =K52/$K$222 -> 0.00023547078
B53: 104482 | C53: 03.07 | D53: Esgotamento de vala com bomba submersível | F53: m³ | G53: ='Dre-Terraplenagem'!V58 -> 6.7 | H53: 32.54 | I53: =TRUNC((H53*$L$6),2) -> 7.81 | J53: =H53+I53 -> 40.35 | K53: =TRUNC((G53*J53),2) -> 270.34 | L53: =K53/$K$222 -> 6.0707397e-05
D55: REGULARIZAÇÃO E ESCORAMENTO DE VALA
B56: 101616 | C56: 03.08 | D56: Preparo de fundo de vala com largura menor que 1,50m (acerto do solo natural) | F56: m² | G56: ='Dre-Terraplenagem'!V60 -> 435.2 | H56: 7.78 | I56: =TRUNC((H56*$L$6),2) -> 1.86 | J56: =H56+I56 -> 9.64 | K56: =TRUNC((G56*J56),2) -> 4195.32 | L56: =K56/$K$222 -> 0.00094209868
B57: 101617 | C57: 03.09 | D57: Preparo de fundo de vala com largura maior ou igual a 1,50m e menor que 2,50m (acerto do solo natural) | F57: m² | G57: ='Dre-Terraplenagem'!V61 -> 1293.6 | H57: 3.53 | I57: =TRUNC((H57*$L$6),2) -> 0.84 | J57: =H57+I57 -> 4.37 | K57: =TRUNC((G57*J57),2) -> 5653.03 | L57: =K57/$K$222 -> 0.0012694412
B58: 101573 | C58: 03.10 | D58: Escoramento de vala, tipo pontaleteamento, com profundidade de 1,50m a 3,00m, largura maior ou igual a 1,50m e menor que 2,50m | F58: m² | G58: ='Dre-Terraplenagem'!V64 -> 3189.75 | H58: 27.19 | I58: =TRUNC((H58*$L$6),2) -> 6.53 | J58: =H58+I58 -> 33.72 | K58: =TRUNC((G58*J58),2) -> 107558.37 | L58: =K58/$K$222 -> 0.024153247
D60: REATERRO DE VALA
B61: 93369 | C61: 03.11 | D61: Reaterro mecanizado de vala com escavadeira hidráulica, (capacidade da caçamba da retro: 0,80m³ / 111HP), larg. de 1,50m a 2,50m, profundidade de1,50m a 3,00m, com solo de 1ª categoria, com compactador de solos de percussão | F61: m³ | G61: ='Dre-Terraplenagem'!V73 -> 3966.43 | H61: 17.02 | I61: =TRUNC((H61*$L$6),2) -> 4.08 | J61: =H61+I61 -> 21.1 | K61: =TRUNC((G61*J61),2) -> 83691.67 | L61: =K61/$K$222 -> 0.018793754
D63: CARGA, ESPALHAMENTO E TRANSPORTE DE BOTA FORA
B64: 100978 | C64: 03.12 | D64: Carga, manobra e descarga de solos e materiais granulares em caminhão basculante 10m³, carga com escavadeira hidráulica (caçamba de 1,20m³ / 155HP) e descarga livre | F64: m³ | G64: ='Dre-Terraplenagem'!V77 -> 959.2 | H64: 7.03 | I64: =TRUNC((H64*$L$6),2) -> 1.68 | J64: =H64+I64 -> 8.71 | K64: =TRUNC((G64*J64),2) -> 8354.63 | L64: =K64/$K$222 -> 0.001876111
B65: 95875 | C65: 03.13 | D65: Transporte com caminhão basculante de 10m³, em via urbana pavimentada, DMT até 30km - BOTA FORA | E65: ='Dre-Terraplenagem'!$E$78 -> 4.3 | F65: m³.km | G65: ='Dre-Terraplenagem'!V78 -> 4124.49 | H65: 2.5 | I65: =TRUNC((H65*$L$6),2) -> 0.6 | J65: =H65+I65 -> 3.1 | K65: =TRUNC((G65*J65),2) -> 12785.91 | L65: =K65/$K$222 -> 0.0028711967
B66: 100574 | C66: 03.14 | D66: Espalhamento de material com trator esteiras | F66: m³ | G66: ='Dre-Terraplenagem'!V79 -> 959.2 | H66: 1.42 | I66: =TRUNC((H66*$L$6),2) -> 0.34 | J66: =H66+I66 -> 1.76 | K66: =TRUNC((G66*J66),2) -> 1688.19 | L66: =K66/$K$222 -> 0.00037909899
E68: =CONCATENATE("SUBTOTAL ",C42) -> SUBTOTAL 03 | K68: =SUM(K42:K67) -> 310040.91 | L68: =SUM(L42:L67) -> 0.069622611
C70: 04 | D70: DRENAGEM DE ÁGUAS PLUVIAIS - DISPOSITIVOS ESTRUTURAIS 01
D72: FORNECIMENTO DE TUBOS
B73: 7781 - Insumo | C73: 04.01 | D73: Tubo de concreto simples para águas pluviais, classe PS-1, com encaixe ponta e bolsa, diâmetro nominal de 400mm | F73: m | G73: ='Dre-Disp. Estruturais'!X23 -> 544 | H73: 86.67 | I73: =TRUNC((H73*$L$6),2) -> 20.82 | J73: =H73+I73 -> 107.49 | K73: =TRUNC((G73*J73),2) -> 58474.56 | L73: =K73/$K$222 -> 0.013131014
B74: 7750 - Insumo | C74: 04.02 | D74: Tubo de concreto armado para águas pluviais, classe PA-1, com encaixe ponta e bolsa, diâmetro nominal de 800mm | F74: m | G74: ='Dre-Disp. Estruturais'!X25 -> 841.1 | H74: 414.3 | I74: =TRUNC((H74*$L$6),2) -> 99.55 | J74: =H74+I74 -> 513.85 | K74: =TRUNC((G74*J74),2) -> 432199.23 | L74: =K74/$K$222 -> 0.097054414
D76: ASSENTAMENTO DE TUBOS
B77: 92821 | C77: 04.03 | D77: Assentamento de tubo de concreto para redes coletoras de águas pluviais, diâmetro de 400mm, junta rígida, instalado em local com alto nível de interferência (não inclui fornecimento) | F77: m | G77: ='Dre-Disp. Estruturais'!X27 -> 544 | H77: 37.29 | I77: =TRUNC((H77*$L$6),2) -> 8.96 | J77: =H77+I77 -> 46.25 | K77: =TRUNC((G77*J77),2) -> 25160 | L77: =K77/$K$222 -> 0.0056499153
B78: 92826 | C78: 04.04 | D78: Assentamento de tubo de concreto para redes coletoras de águas pluviais, diâmetro de 800mm, junta rígida, instalado em local com alto nível de interferência (não inclui fornecimento) | F78: m | G78: ='Dre-Disp. Estruturais'!X28 -> 841.1 | H78: 82.33 | I78: =TRUNC((H78*$L$6),2) -> 19.78 | J78: =H78+I78 -> 102.11 | K78: =TRUNC((G78*J78),2) -> 85884.72 | L78: =K78/$K$222 -> 0.019286224
D80: TRANSPORTE DE TUBOS
B81: 100952 | C81: 04.05 | D81: Transporte com caminhão carroceria com guindauto (munck), momento máximo de carga 11,7TM, em via urbana pavimentada, DMT até 30km - TUBOS E ADUELA | E81: ='Dre-Disp. Estruturais'!$E$33 -> 5 | F81: t.km | G81: ='Dre-Disp. Estruturais'!X33 -> 2732.1 | H81: 2.85 | I81: =TRUNC((H81*$L$6),2) -> 0.68 | J81: =H81+I81 -> 3.53 | K81: =TRUNC((G81*J81),2) -> 9644.31 | L81: =K81/$K$222 -> 0.0021657208
E83: =CONCATENATE("SUBTOTAL ",C70) -> SUBTOTAL 04 | K83: =SUM(K70:K82) -> 611362.82 | L83: =SUM(L70:L82) -> 0.13728729
C85: 05 | D85: DRENAGEM DE ÁGUAS PLUVIAIS - DISPOSITIVOS ESTRUTURAIS 02
D87: POÇO DE VISITA
B88: ='EEA-DR-05 - Comp. PV-1'!$B$11 -> EEA-DR-05 | C88: 05.01 | D88: ='EEA-DR-05 - Comp. PV-1'!$C$11 -> PV-1 - Poço de visita em alvenaria, 2,32m x 2,32m, em alvenaria de tijolo comum de 1 vez assentadae revestida internamente com argamassa de cimento e areia 1:3, lastro de brita 12cm, berço 18cm em concreto fck = 15MPa, laje de 12cm em concreto armado fck = 20MPa, incluindo forma, escavação manual e reaterro apiloado, conforme projeto tipo, exclusive pescoço e tampão | F88: ='EEA-DR-05 - Comp. PV-1'!$G$11 -> un. | G88: ='Dre-Disp. Estruturais'!X40 -> 12 | H88: ='EEA-DR-05 - Comp. PV-1'!$I$52 -> 6071.16 | I88: =TRUNC((H88*$L$6),2) -> 1458.89 | J88: =H88+I88 -> 7530.05 | K88: =TRUNC((G88*J88),2) -> 90360.6 | L88: =K88/$K$222 -> 0.020291325 | N88: IUD20001 - AGESUL | O88: 6071.16
B89: 100978 | C89: 05.02 | D89: Carga, manobra e descarga de solos e materiais granulares em caminhão basculante 10m³, carga com escavadeira hidráulica (caçamba de 1,20m³ / 155HP) e descarga livre | F89: m³ | G89: ='Dre-Disp. Estruturais'!X44 -> 30 | H89: 7.03 | I89: =TRUNC((H89*$L$6),2) -> 1.68 | J89: =H89+I89 -> 8.71 | K89: =TRUNC((G89*J89),2) -> 261.3 | L89: =K89/$K$222 -> 5.867738e-05
B90: 95875 | C90: 05.03 | D90: Transporte com caminhão basculante de 10m³, em via urbana pavimentada, DMT até 30km - BRITA PARA POÇO DE VISITA | E90: ='Dre-Disp. Estruturais'!$E$45 -> 30 | F90: m³.km | G90: ='Dre-Disp. Estruturais'!X45 -> 900 | H90: 2.5 | I90: =TRUNC((H90*$L$6),2) -> 0.6 | J90: =H90+I90 -> 3.1 | K90: =TRUNC((G90*J90),2) -> 2790 | L90: =K90/$K$222 -> 0.00062652082
B91: 93590 | C91: 05.04 | D91: Transporte com caminhão basculante de 10m³, em via urbana pavimentada, adicional para DMT excedente a 30km - BRITA PARA POÇO DE VISITA | E91: ='Dre-Disp. Estruturais'!$E$46 -> 25 | F91: m³.km | G91: ='Dre-Disp. Estruturais'!X46 -> 750 | H91: 0.99 | I91: =TRUNC((H91*$L$6),2) -> 0.23 | J91: =H91+I91 -> 1.22 | K91: =TRUNC((G91*J91),2) -> 915 | L91: =K91/$K$222 -> 0.00020547188
D93: CHAMINÉ E TAMPÃO
B94: 98051 | C94: 05.05 | D94: Chaminé circular para poço de visita para esgoto, em alvenaria com tijolos cerâmicos maciços, diâmetro interno = 0,60m | F94: m | G94: ='Dre-Disp. Estruturais'!X47 -> 12 | H94: 980.04 | I94: =TRUNC((H94*$L$6),2) -> 235.5 | J94: =H94+I94 -> 1215.54 | K94: =TRUNC((G94*J94),2) -> 14586.48 | L94: =K94/$K$222 -> 0.0032755317
B95: 98114 | C95: 05.06 | D95: Tampa circular para esgoto e drenagem, em ferro fundido, diâmetro interno = 0,60m | F95: un. | G95: ='Dre-Disp. Estruturais'!X48 -> 12 | H95: 592.81 | I95: =TRUNC((H95*$L$6),2) -> 142.45 | J95: =H95+I95 -> 735.26 | K95: =TRUNC((G95*J95),2) -> 8823.12 | L95: =K95/$K$222 -> 0.0019813148
D97: BOCA DE LOBO
B98: ='EEA-DR-17 - Comp. BLSC'!$B$11 -> EEA-DR-17 | C98: 05.07 | D98: ='EEA-DR-17 - Comp. BLSC'!$C$11 -> BLSC - Boca de lobo simples, em concreto simples fck = 20MPa, incluindo forma, escavação, calçamento ao redor e grelha em FºFº tipo pesada, conforme projeto tipo | F98: ='EEA-DR-17 - Comp. BLSC'!$G$11 -> un. | G98: ='Dre-Disp. Estruturais'!X51 -> 28 | H98: ='EEA-DR-17 - Comp. BLSC'!$I$49 -> 1657.88 | I98: =TRUNC((H98*$L$6),2) -> 398.38 | J98: =H98+I98 -> 2056.26 | K98: =TRUNC((G98*J98),2) -> 57575.28 | L98: =K98/$K$222 -> 0.012929072 | N98: IUD20006 - AGESUL | O98: 1657.88
B99: ='EEA-DR-18 - Comp. BLDC'!B11 -> EEA-DR-18 | C99: 05.08 | D99: ='EEA-DR-18 - Comp. BLDC'!C11 -> BLDC - Boca de lobo dupla, em concreto simples fck = 20MPa, incluindo forma, escavação, calçamento ao redor e grelha em FºFº tipo pesada, conforme projeto tipo | F99: ='EEA-DR-18 - Comp. BLDC'!G11 -> un. | G99: ='Dre-Disp. Estruturais'!X53 -> 14 | H99: ='EEA-DR-18 - Comp. BLDC'!I49 -> 3067.76 | I99: =TRUNC((H99*$L$6),2) -> 737.18 | J99: =H99+I99 -> 3804.94 | K99: =TRUNC((G99*J99),2) -> 53269.16 | L99: =K99/$K$222 -> 0.011962092 | N99: IUD20007 - AGESUL | O99: 3067.76
B100: ='EEA-DR-19 - Comp. BLTC'!B11 -> EEA-DR-19 | C100: 05.09 | D100: ='EEA-DR-19 - Comp. BLTC'!C11 -> BLTC - Boca de lobo tripla, em concreto simples fck = 20MPa, incluindo forma, escavação, calçamento ao redor e grelha em FºFº tipo pesada, conforme projeto tipo | F100: ='EEA-DR-19 - Comp. BLTC'!G11 -> un. | G100: ='Dre-Disp. Estruturais'!X55 -> 4 | H100: ='EEA-DR-19 - Comp. BLTC'!I49 -> 4481.9 | I100: =TRUNC((H100*$L$6),2) -> 1077 | J100: =H100+I100 -> 5558.9 | K100: =TRUNC((G100*J100),2) -> 22235.6 | L100: =K100/$K$222 -> 0.0049932137 | N100: IUD20008 - AGESUL | O100: 4481.9
B101: 100978 | C101: 05.10 | D101: Carga, manobra e descarga de solos e materiais granulares em caminhão basculante 10m³, carga com escavadeira hidráulica (caçamba de 1,20m³ / 155HP) e descarga livre | F101: m³ | G101: ='Dre-Disp. Estruturais'!X57 -> 26.62 | H101: 7.03 | I101: =TRUNC((H101*$L$6),2) -> 1.68 | J101: =H101+I101 -> 8.71 | K101: =TRUNC((G101*J101),2) -> 231.86 | L101: =K101/$K$222 -> 5.206635e-05
B102: 95875 | C102: 05.11 | D102: Transporte com caminhão basculante de 10m³, em via urbana pavimentada, DMT até 30km - BRITA PARA BOCA DE LOBO | E102: ='Dre-Disp. Estruturais'!$E$58 -> 30 | F102: m³.km | G102: ='Dre-Disp. Estruturais'!X58 -> 798.6 | H102: 2.5 | I102: =TRUNC((H102*$L$6),2) -> 0.6 | J102: =H102+I102 -> 3.1 | K102: =TRUNC((G102*J102),2) -> 2475.66 | L102: =K102/$K$222 -> 0.00055593281
B103: 93590 | C103: 05.12 | D103: Transporte com caminhão basculante de 10m³, em via urbana pavimentada, adicional para DMT excedente a 30km - BRITA PARA BOCA DE LOBO | E103: ='Dre-Disp. Estruturais'!$E$59 -> 25 | F103: m³.km | G103: ='Dre-Disp. Estruturais'!X59 -> 665.5 | H103: 0.99 | I103: =TRUNC((H103*$L$6),2) -> 0.23 | J103: =H103+I103 -> 1.22 | K103: =TRUNC((G103*J103),2) -> 811.91 | L103: =K103/$K$222 -> 0.00018232205
D105: DISSIPADOR DE ENERGIA
B106: ='EEA-DR-60 - DIS. TIPO 01'!$B$11 -> EEA-DR-60 | C106: 05.13 | D106: ='EEA-DR-60 - DIS. TIPO 01'!$C$11 -> Dissipador em concreto armado - tipo 01 - vazão até 2m³/s | F106: ='EEA-DR-60 - DIS. TIPO 01'!$G$11 -> un. | G106: ='Dre-Disp. Estruturais'!X61 -> 2 | H106: ='EEA-DR-60 - DIS. TIPO 01'!$I$50 -> 11144.44 | I106: =TRUNC((H106*$L$6),2) -> 2678 | J106: =H106+I106 -> 13822.44 | K106: =TRUNC((G106*J106),2) -> 27644.88 | L106: =K106/$K$222 -> 0.0062079186 | N106: IUD20036 - AGESUL | O106: 11144.44
B107: 100978 | C107: 05.14 | D107: Carga, manobra e descarga de solos e materiais granulares em caminhão basculante 10m³, carga com escavadeira hidráulica (caçamba de 1,20m³ / 155HP) e descarga livre | F107: m³ | G107: ='Dre-Disp. Estruturais'!X64 -> 17.52 | H107: 7.03 | I107: =TRUNC((H107*$L$6),2) -> 1.68 | J107: =H107+I107 -> 8.71 | K107: =TRUNC((G107*J107),2) -> 152.59 | L107: =K107/$K$222 -> 3.4265524e-05
B108: 95875 | C108: 05.15 | D108: Transporte com caminhão basculante de 10m³, em via urbana pavimentada, DMT até 30km - BRITA PARA DISSIPADOR | E108: ='Dre-Disp. Estruturais'!$E$65 -> 30 | F108: m³.km | G108: ='Dre-Disp. Estruturais'!X65 -> 525.6 | H108: 2.5 | I108: =TRUNC((H108*$L$6),2) -> 0.6 | J108: =H108+I108 -> 3.1 | K108: =TRUNC((G108*J108),2) -> 1629.36 | L108: =K108/$K$222 -> 0.00036588816
B109: 93590 | C109: 05.16 | D109: Transporte com caminhão basculante de 10m³, em via urbana pavimentada, adicional para DMT excedente a 30km - BRITA PARA DISSIPADOR | E109: ='Dre-Disp. Estruturais'!$E$66 -> 25 | F109: m³.km | G109: ='Dre-Disp. Estruturais'!X66 -> 438 | H109: 0.99 | I109: =TRUNC((H109*$L$6),2) -> 0.23 | J109: =H109+I109 -> 1.22 | K109: =TRUNC((G109*J109),2) -> 534.36 | L109: =K109/$K$222 -> 0.00011999558
E111: =CONCATENATE("SUBTOTAL ",C85) -> SUBTOTAL 05 | K111: =SUM(K85:K110) -> 284297.16 | L111: =SUM(L85:L110) -> 0.063841609
C113: 06 | D113: IMPLANTAÇÃO ASFÁLTICA - TERRAPLENAGEM
D115: CORTE
B116: 101115 | C116: 06.01 | D116: Escavação horizontal em solo de 1ª categoria, com trator de esteiras (150HP / lâmina: 3,18m³) | F116: m³ | G116: ='Pav-Terrapl'!R24 -> 3259.17 | H116: 3.82 | I116: =TRUNC((H116*$L$6),2) -> 0.91 | J116: =H116+I116 -> 4.73 | K116: =TRUNC((G116*J116),2) -> 15415.87 | L116: =K116/$K$222 -> 0.003461779
B117: 100978 | C117: 06.02 | D117: Carga, manobra e descarga de solos e materiais granulares em caminhão basculante 10m³, carga com escavadeira hidráulica (caçamba de 1,20m³ / 155HP) e descarga livre | F117: m³ | G117: ='Pav-Terrapl'!R25 -> 4236.9 | H117: 7.03 | I117: =TRUNC((H117*$L$6),2) -> 1.68 | J117: =H117+I117 -> 8.71 | K117: =TRUNC((G117*J117),2) -> 36903.39 | L117: =K117/$K$222 -> 0.0082870043
B118: 95875 | C118: 06.03 | D118: Transporte com caminhão basculante de 10m³, em via urbana pavimentada, DMT até 30km - BOTA FORA | E118: ='Pav-Terrapl'!$E$26 -> 4.3 | F118: m³.km | G118: ='Pav-Terrapl'!R26 -> 18218.63 | H118: 2.5 | I118: =TRUNC((H118*$L$6),2) -> 0.6 | J118: =H118+I118 -> 3.1 | K118: =TRUNC((G118*J118),2) -> 56477.75 | L118: =K118/$K$222 -> 0.012682612
B119: 100574 | C119: 06.04 | D119: Espalhamento de material com trator esteiras | F119: m³ | G119: ='Pav-Terrapl'!R27 -> 4236.9 | H119: 1.42 | I119: =TRUNC((H119*$L$6),2) -> 0.34 | J119: =H119+I119 -> 1.76 | K119: =TRUNC((G119*J119),2) -> 7456.94 | L119: =K119/$K$222 -> 0.0016745262
D121: ATERRO
B122: 101114 | C122: 06.05 | D122: Escavação horizontal em solo de 1ª categoria, com trator de esteiras (100HP / lâmina: 2,19m³) | F122: m³ | G122: ='Pav-Terrapl'!R29 -> 1568.65 | H122: 4.55 | I122: =TRUNC((H122*$L$6),2) -> 1.09 | J122: =H122+I122 -> 5.64 | K122: =TRUNC((G122*J122),2) -> 8847.18 | L122: =K122/$K$222 -> 0.0019867177
B123: 100978 | C123: 06.06 | D123: Carga, manobra e descarga de solos e materiais granulares em caminhão basculante 10m³, carga com escavadeira hidráulica (caçamba de 1,20m³ / 155HP) e descarga livre | F123: m³ | G123: ='Pav-Terrapl'!R30 -> 1568.65 | H123: 7.03 | I123: =TRUNC((H123*$L$6),2) -> 1.68 | J123: =H123+I123 -> 8.71 | K123: =TRUNC((G123*J123),2) -> 13662.94 | L123: =K123/$K$222 -> 0.0030681421
B124: 95875 | C124: 06.07 | D124: Transporte com caminhão basculante de 10m³, em via urbana pavimentada, DMT até 30km - BOTA DENTRO | E124: ='Pav-Terrapl'!$E$31 -> 1 | F124: m³.km | G124: ='Pav-Terrapl'!R31 -> 1568.65 | H124: 2.5 | I124: =TRUNC((H124*$L$6),2) -> 0.6 | J124: =H124+I124 -> 3.1 | K124: =TRUNC((G124*J124),2) -> 4862.81 | L124: =K124/$K$222 -> 0.0010919899
B125: 100574 | C125: 06.08 | D125: Espalhamento de material com trator esteiras | F125: m³ | G125: ='Pav-Terrapl'!R32 -> 1568.65 | H125: 1.42 | I125: =TRUNC((H125*$L$6),2) -> 0.34 | J125: =H125+I125 -> 1.76 | K125: =TRUNC((G125*J125),2) -> 2760.82 | L125: =K125/$K$222 -> 0.00061996817
B126: 96385 | C126: 06.09 | D126: Execução e compactação de aterro com solo predominantemente argiloso, exclusive escavação, carga e transporte de solo | F126: m³ | G126: ='Pav-Terrapl'!R33 -> 1206.68 | H126: 12.71 | I126: =TRUNC((H126*$L$6),2) -> 3.05 | J126: =H126+I126 -> 15.76 | K126: =TRUNC((G126*J126),2) -> 19017.27 | L126: =K126/$K$222 -> 0.0042705074
E128: =CONCATENATE("SUBTOTAL ",C113) -> SUBTOTAL 06 | K128: =SUM(K113:K127) -> 165404.97 | L128: =SUM(L113:L127) -> 0.037143246
C130: 07 | D130: IMPLANTAÇÃO ASFÁLTICA - ESTRUTURA DO PAVIMENTO
D132: REGULARIZAÇÃO
B133: 100576 | C133: 07.01 | D133: Regularização e compactação de subleito de solo predominantemente argiloso | F133: m² | G133: ='Pav-Pavimento'!S21 -> 19470.63 | H133: 2.92 | I133: =TRUNC((H133*$L$6),2) -> 0.7 | J133: =H133+I133 -> 3.62 | K133: =TRUNC((G133*J133),2) -> 70483.68 | L133: =K133/$K$222 -> 0.015827775
D135: EXECUÇÃO DA BASE
...

Sheet BDI SERVIÇO
C2: VERIFICAÇÃO DO BDI - ACÓRDÃO 2.622/2013
C5: DADOS INICIAIS
C7: TIPO DE OBRA: | D7: Construção de rodovias e ferrovias
C9: ENQUADRAMENTO NA DESONERAÇÃO CONFORME LEI N° 12.844/2013:* | G9: NÃO | L9: =IF(G9="","PREENCHER SE A OBRA POSSUI FOLHA DE PAGAMENTO DESONERADA","")
C10: *Uso de encargos sociais desonerados na elaboração do orçamento
C12: ENQUADRAM-SE NO TIPO SELECIONADO:
C13: =VLOOKUP(BV295,BW257:BX262,2,0) -> A construção e recuperação de: auto-estradas, rodovias e outras vias não-urbanas para passagem de veículos, vias férreas de superfície ou subterrâneas (inclusive para metropolitanos), pistas de aeroportos. Esta classe compreende também: a pavimentação de auto-estradas, rodovias e outras vias não-urbanas; construção de pontes, viadutos e túneis; a instalação de barreiras acústicas; a construção de praças de pedágio; a sinalização com pintura em rodovias e aeroportos; a instalação de placas de sinalização de tráfego e semelhantes, conforme classificação 4211-1 do CNAE 2.0. Também enquadram-se a construção, pavimentação e sinalização de vias urbanas, ruas e locais para estacionamento de veículos; a construção de praças e calçadas para pedestres; elevados, passarelas e ciclovias; metrô e VLT.
C15: CÁLCULO DOS IMPOSTOS
C17: TIPO DE TRIBUTAÇÃO SOBRE O LUCRO: | F17: LUCRO PRESUMIDO | L17: =IF(F17="LUCRO REAL","PARA CÁLCULO DO IMPOSTO PREENCHER O % ADOTADO DE LUCRO NO CÁLCULO DO BDI - CELULA F40","")
C19: Imposto | D19: Aliquota | E19: Base de cálculo
C20: PIS | D20: =VLOOKUP($F$17,$CF$266:$CI$267,2,0) -> 0.0065 | E20: =VLOOKUP(F17,CF266:CI267,4,0) -> RECEITA BRUTA (VALOR DA NOTA)
C21: COFINS | D21: =VLOOKUP($F$17,$CF$266:$CI$267,3,0) -> 0.03
C23: ISS BRUTO % (LEI MUNICIPAL): | E23: % INCIDÊNCIA (M.OBRA)*
C24: 0.05 | E24: 0.4
E25: ,
C26: ISS LÍQUIDO | D26: =+C24*E24 -> 0.02
E28: TOTAL IMPOSTOS | G28: =VLOOKUP(F17,CF266:CJ267,5,0) -> 0.0565
C30: *Incidência do total do contrato que representa mão de obra para compor a base de cálculo conf. legislação municipal.
C34: VERIFICAÇÃO E CÁLCULO DO BDI
C36: ITEM COMPONENTE | D36: 1º QUARTIL | E36: MÉDIO | F36: 3º QUARTIL | G36: Adotado | J36: Cálculo arredondado
C37: Administração Central | D37: =BW296 -> 0.038 | E37: =BX296 -> 0.0401 | F37: =BY296 -> 0.0467 | G37: 0.0467 | J37: =TRUNC(G37,4) -> 0.0467
C38: Seguro e Garantia | D38: =BW297 -> 0.0032 | E38: =BX297 -> 0.004 | F38: =BY297 -> 0.0074 | G38: 0.0074 | J38: =TRUNC(G38,4) -> 0.0074
C39: Risco | D39: =BW298 -> 0.005 | E39: =BX298 -> 0.0056 | F39: =BY298 -> 0.0097 | G39: 0.0097 | J39: =TRUNC(G39,4) -> 0.0097
C40: Despesas Financeiras | D40: =BW299 -> 0.0102 | E40: =BX299 -> 0.0111 | F40: =BY299 -> 0.0121 | G40: 0.0121 | J40: =TRUNC(G40,4) -> 0.0121
C41: Lucro | D41: =BW300 -> 0.0664 | E41: =BX300 -> 0.073 | F41: =BY300 -> 0.0869 | G41: 0.0869 | J41: =TRUNC(G41,4) -> 0.0869
C43: Impostos | G43: =G28 -> 0.0565 | J43: =TRUNC(G43,5) -> 0.0565
C50: BDI CALCULADO | F50: =TRUNC((((1+J37+J38+J39)*(1+J40)*(1+J41))/(1-J43))-1,4) -> 0.2403
C52: =IF(F50<D54,"ERRO - BDI INFERIOR AO 1º QUARTIL",IF(F50>F54,"ERRO - BDI SUPERIOR AO 3º QUARTIL",""))
D53: 1º QUARTIL | E53: MÉDIO | F53: 3º QUARTIL
C54: LIMITES DO BDI | D54: =BW295 -> 0.196 | E54: =BX295 -> 0.2097 | F54: =BY295 -> 0.2423
C56: CORREÇÃO DA DESONERAÇÃO
C58: BDI CALCULADO C/ DESONERAÇÃO (USO DE E.S. DESONERADOS): | F58: =TRUNC((((1+J37+J38+J39)*(1+J40)*(1+J41))/(1-J60))-1,4) -> 0.2895
C60: INSS SOBRE A RECEITA BRUTA: | D60: 0.036 | E60: TOTAL IMPOSTOS | G60: =+G28+D60 -> 0.0925 | J60: =TRUNC(G60,5) -> 0.0925
B65: ____________________________________
B66: Elemento Engenharia e Arquitetura CNPJ: 33.545.436/0001-15
BU255: BANCO DE DADOS
BV256: TIPO DE OBRA | BW256: CÓDIGO | BX256: ENQUARAMENTO
BU257: 100 | BV257: Construção de edificios | BW257: =+BU257 -> 100 | BX257: A construção e reforma de: edifícios, unidades habitacionais, escolas, hospitais, hotéis, restaurantes, armazéns e depósitos, edifícios para uso agropecuário, estações para trens e metropolitanos, estádios esportivos e quadras cobertas, instalações para embarque e desembarque de passageiros (em aeroportos, rodoviárias, portos, etc.), penitenciárias e presídios, a construção de edifícios industriais (fábricas, oficinas, galpões industriais, etc.), conforme classificação 4120-4 do CNAE 2.0. Também enquadram-se pórticos, mirantes e outros edifícios de finalidade turística.
BU258: 200 | BV258: Construção de rodovias e ferrovias | BW258: =+BU258 -> 200 | BX258: A construção e recuperação de: auto-estradas, rodovias e outras vias não-urbanas para passagem de veículos, vias férreas de superfície ou subterrâneas (inclusive para metropolitanos), pistas de aeroportos. Esta classe compreende também: a pavimentação de auto-estradas, rodovias e outras vias não-urbanas; construção de pontes, viadutos e túneis; a instalação de barreiras acústicas; a construção de praças de pedágio; a sinalização com pintura em rodovias e aeroportos; a instalação de placas de sinalização de tráfego e semelhantes, conforme classificação 4211-1 do CNAE 2.0. Também enquadram-se a construção, pavimentação e sinalização de vias urbanas, ruas e locais para estacionamento de veículos; a construção de praças e calçadas para pedestres; elevados, passarelas e ciclovias; metrô e VLT.
BU259: 300 | BV259: Construção de Redes de Abastecimento de Água, Coleta de Esgoto e Construções Correlatas | BW259: =+BU259 -> 300 | BX259: A construção de sistemas para o abastecimento de água tratada: reservatórios de distribuição, estações elevatórias de bombeamento, linhas principais de adução de longa e média distância e redes de distribuição de água; a construção de redes de coleta de esgoto, inclusive de interceptores, estações de tratamento de esgoto (ETE), estações de bombeamento de esgoto (EBE); a construção de galerias pluviais (obras de micro e macro drenagem). Esta classe compreende também: as obras de irrigação (canais); a manutenção de redes de abastecimento de água tratada; a manutenção de redes de coleta e de sistemas de tratamento de esgoto, conforme classificação 4222-7 do CNAE 2.0. Enquadra-se ainda a construção de estações de tratamento de água (ETA).
BU260: 400 | BV260: Construção e Manutenção de Estações e Redes de Distribuição de Energia Elétrica | BW260: =+BU260 -> 400 | BX260: A construção de usinas, estações e subestações hidrelétricas, eólicas, nucleares, termoelétricas; a construção de redes de transmissão e distribuição de energia elétrica, inclusive o serviço de eletrificação rural. Esta subclasse compreende também: a construção de redes de eletrificação para ferrovias e metropolitano, conforme classificação 4221-9/02 do CNAE 2.0. Compreende ainda: a manutenção de redes de distribuição de energia elétrica, quando executada por empresa não-produtora ou distribuidora de energia elétrica, conforme classificação 4221-9/03 do CNAE 2.0. Enquadram-se também obras de iluminação pública e a construção de barragens e represas para geração de energia elétrica.
BU261: 500 | BV261: Portuárias, Marítimas e Fluviais | BW261: =+BU261 -> 500 | BX261: As obras marítimas e fluviais, tais como, construção de instalações portuárias; construção de portos e marinas; construção de eclusas e canais de navegação (vias navegáveis); enrocamentos; obras de dragagem; aterro hidráulico; barragens, represas e diques, exceto para energia elétrica; a construção de emissários submarinos; a instalação de cabos submarinos, conforme classificação 4291-0 do CNAE 2.0. Enquadram-se também a construção de piers e outras obras com influência direta de cursos d’água.
BU262: 600 | BV262: Fornecimento de Materiais e Equipamentos | BW262: =+BU262 -> 600 | BX262: O fornecimento de materiais e equipamentos relevantes de natureza específica, como é o caso de: materiais betuminosos para obras rodoviárias,tubos de ferro fundido ou PVC para obras de abastecimento de água,elevadores e escadas rolantes para obras aeroportuárias. Os materiais e equipamentos devem compor itens próprios na planilha orçamentária, apartados de sua instalação, assentamento ou produção, p. ex., conjunto motor-bomba, tubulação de ferro fundido e material betuminoso, respectivamente. A adoção de taxa de BDI reduzida somente se justifica no caso de ficarem satisfeitas cumulativamente as seguintes condições: fornecimento de materiais e equipamentos que possam ser contratados diretamente do fabricante ou de fornecedor com especialidade própria e diversa da contratada principal;que se constitua mera intermediação entre a construtora e o fabricante; que a intermediação para fornecimento de equipamentos seja atividade residual da construtora.
CG265: PIS | CH265: CONFINS | CI265: BASE DE CÁLCULO
CF266: LUCRO PRESUMIDO | CG266: 0.0065 | CH266: 0.03 | CI266: RECEITA BRUTA (VALOR DA NOTA) | CJ266: =(D20+D21)+D26 -> 0.0565
CF267: LUCRO REAL | CG267: 0.0165 | CH267: 0.076 | CI267: LUCRO | CJ267: =(D20+D21)*(G41/(1+G41))+D26 -> 0.022918254
CE271: =BU257 -> 100 | CF271: =BV257 -> Construção de edificios
CE272: =+CE271+1 -> 101 | CF272: Administração Central | CG272: 0.03 | CH272: 0.04 | CI272: 0.055
CE273: =+CE272+1 -> 102 | CF273: Seguro e Garantia | CG273: 0.008 | CH273: 0.008 | CI273: 0.01
CE274: =+CE273+1 -> 103 | CF274: Risco | CG274: 0.0097 | CH274: 0.0127 | CI274: 0.0127
CE275: =+CE274+1 -> 104 | CF275: Despesas Financeiras | CG275: 0.0059 | CH275: 0.0123 | CI275: 0.0139
CE276: =+CE275+1 -> 105 | CF276: Lucro | CG276: 0.0616 | CH276: 0.074 | CI276: 0.0896
CE279: =BU258 -> 200 | CF279: =BV258 -> Construção de rodovias e ferrovias
CE280: =+CE279+1 -> 201 | CF280: Administração Central | CG280: 0.038 | CH280: 0.0401 | CI280: 0.0467
CE281: =+CE280+1 -> 202 | CF281: Seguro e Garantia | CG281: 0.0032 | CH281: 0.004 | CI281: 0.0074
CE282: =+CE281+1 -> 203 | CF282: Risco | CG282: 0.005 | CH282: 0.0056 | CI282: 0.0097
CE283: =+CE282+1 -> 204 | CF283: Despesas Financeiras | CG283: 0.0102 | CH283: 0.0111 | CI283: 0.0121
CE284: =+CE283+1 -> 205 | CF284: Lucro | CG284: 0.0664 | CH284: 0.073 | CI284: 0.0869
CE287: =BU259 -> 300 | CF287: =BV259 -> Construção de Redes de Abastecimento de Água, Coleta de Esgoto e Construções Correlatas
CE288: =+CE287+1 -> 301 | CF288: Administração Central | CG288: 0.0343 | CH288: 0.0493 | CI288: 0.0671
CE289: =+CE288+1 -> 302 | CF289: Seguro e Garantia | CG289: 0.0028 | CH289: 0.0049 | CI289: 0.0075
CE290: =+CE289+1 -> 303 | CF290: Risco | CG290: 0.01 | CH290: 0.0139 | CI290: 0.0174
CE291: =+CE290+1 -> 304 | CF291: Despesas Financeiras | CG291: 0.0094 | CH291: 0.0099 | CI291: 0.0117
CE292: =+CE291+1 -> 305 | CF292: Lucro | CG292: 0.0674 | CH292: 0.0804 | CI292: 0.094
BV294: Código da pesquisa | BW294: 1º Quartil | BX294: Médio | BY294: 3º Quartil | CE294: =BU260 -> 400 | CF294: =BV260 -> Construção e Manutenção de Estações e Redes de Distribuição de Energia Elétrica
BU295: BDI | BV295: =VLOOKUP(D7,BV257:BW262,2,0) -> 200 | BW295: =VLOOKUP($BV295,$BU$306:$BY$311,3,0) -> 0.196 | BX295: =VLOOKUP($BV295,$BU$306:$BY$311,4,0) -> 0.2097 | BY295: =VLOOKUP($BV295,$BU$306:$BY$311,5,0) -> 0.2423 | CE295: =+CE294+1 -> 401 | CF295: Administração Central | CG295: 0.0529 | CH295: 0.0592 | CI295: 0.0793
BU296: Administração Central | BV296: =+BV295+1 -> 201 | BW296: =VLOOKUP($BV296,$CE$271:$CI$312,3,0) -> 0.038 | BX296: =VLOOKUP($BV296,$CE$271:$CI$312,4,0) -> 0.0401 | BY296: =VLOOKUP($BV296,$CE$271:$CI$312,5,0) -> 0.0467 | CE296: =+CE295+1 -> 402 | CF296: Seguro e Garantia | CG296: 0.0025 | CH296: 0.0051 | CI296: 0.0056
BU297: Seguro e Garantia | BV297: =+BV296+1 -> 202 | BW297: =VLOOKUP($BV297,$CE$271:$CI$312,3,0) -> 0.0032 | BX297: =VLOOKUP($BV297,$CE$271:$CI$312,4,0) -> 0.004 | BY297: =VLOOKUP($BV297,$CE$271:$CI$312,5,0) -> 0.0074 | CE297: =+CE296+1 -> 403 | CF297: Risco | CG297: 0.01 | CH297: 0.0148 | CI297: 0.0197
BU298: Risco | BV298: =+BV297+1 -> 203 | BW298: =VLOOKUP($BV298,$CE$271:$CI$312,3,0) -> 0.005 | BX298: =VLOOKUP($BV298,$CE$271:$CI$312,4,0) -> 0.0056 | BY298: =VLOOKUP($BV298,$CE$271:$CI$312,5,0) -> 0.0097 | CE298: =+CE297+1 -> 404 | CF298: Despesas Financeiras | CG298: 0.0101 | CH298: 0.0107 | CI298: 0.0111
BU299: Despesas Financeiras | BV299: =+BV298+1 -> 204 | BW299: =VLOOKUP($BV299,$CE$271:$CI$312,3,0) -> 0.0102 | BX299: =VLOOKUP($BV299,$CE$271:$CI$312,4,0) -> 0.0111 | BY299: =VLOOKUP($BV299,$CE$271:$CI$312,5,0) -> 0.0121 | CE299: =+CE298+1 -> 405 | CF299: Lucro | CG299: 0.08 | CH299: 0.0831 | CI299: 0.0951
BU300: Lucro | BV300: =+BV299+1 -> 205 | BW300: =VLOOKUP($BV300,$CE$271:$CI$312,3,0) -> 0.0664 | BX300: =VLOOKUP($BV300,$CE$271:$CI$312,4,0) -> 0.073 | BY300: =VLOOKUP($BV300,$CE$271:$CI$312,5,0) -> 0.0869 | CE300: =BU261 -> 500 | CF300: =BV261 -> Portuárias, Marítimas e Fluviais
CE301: =+CE300+1 -> 501 | CF301: Administração Central | CG301: 0.04 | CH301: 0.0552 | CI301: 0.0785
CE302: =+CE301+1 -> 502 | CF302: Seguro e Garantia | CG302: 0.0081 | CH302: 0.0122 | CI302: 0.0199
CE303: =+CE302+1 -> 503 | CF303: Risco | CG303: 0.0146 | CH303: 0.0232 | CI303: 0.0316
CE304: =+CE303+1 -> 504 | CF304: Despesas Financeiras | CG304: 0.0094 | CH304: 0.0102 | CI304: 0.0133
BW305: 1 Quartil | BX305: Médio | BY305: 3 Quartil | CE305: =+CE304+1 -> 505 | CF305: Lucro | CG305: 0.0714 | CH305: 0.084 | CI305: 0.1043
BU306: =BU257 -> 100 | BV306: =VLOOKUP(BU306,BU257:BV262,2,0) -> Construção de edificios | BW306: 0.2034 | BX306: 0.2212 | BY306: 0.25
BU307: 200 | BV307: =VLOOKUP(BU307,BU258:BV263,2,0) -> Construção de rodovias e ferrovias | BW307: 0.196 | BX307: 0.2097 | BY307: 0.2423 | CE307: =BU262 -> 600 | CF307: =BV262 -> Fornecimento de Materiais e Equipamentos
BU308: =BU259 -> 300 | BV308: =VLOOKUP(BU308,BU259:BV264,2,0) -> Construção de Redes de Abastecimento de Água, Coleta de Esgoto e Construções Correlatas | BW308: 0.2076 | BX308: 0.2418 | BY308: 0.2644 | CE308: =+CE307+1 -> 601 | CF308: Administração Central | CG308: 0.015 | CH308: 0.0345 | CI308: 0.0449
BU309: 400 | BV309: =VLOOKUP(BU309,BU260:BV265,2,0) -> Construção e Manutenção de Estações e Redes de Distribuição de Energia Elétrica | BW309: 0.24 | BX309: 0.2584 | BY309: 0.2786 | CE309: =+CE308+1 -> 602 | CF309: Seguro e Garantia | CG309: 0.003 | CH309: 0.0048 | CI309: 0.0082
BU310: 500 | BV310: =VLOOKUP(BU310,BU261:BV266,2,0) -> Portuárias, Marítimas e Fluviais | BW310: 0.228 | BX310: 0.2748 | BY310: 0.3095 | CE310: =+CE309+1 -> 603 | CF310: Risco | CG310: 0.0056 | CH310: 0.0085 | CI310: 0.0089
BU311: 600 | BV311: =VLOOKUP(BU311,BU262:BV267,2,0) -> Fornecimento de Materiais e Equipamentos | BW311: 0.111 | BX311: 0.1402 | BY311: 0.168 | CE311: =+CE310+1 -> 604 | CF311: Despesas Financeiras | CG311: 0.0085 | CH311: 0.0085 | CI311: 0.0111
CE312: =+CE311+1 -> 605 | CF312: Lucro | CG312: 0.035 | CH312: 0.0511 | CI312: 0.0622

Sheet Tabela Resumo
B2: =DADOS!$B$3 -> CLIENTE: | C2: =DADOS!$C$3 -> PREFEITURA MUNICIPAL DE JARDIM / MS
B3: =DADOS!$B$4 -> ENDEREÇO: | C3: =DADOS!$C$4 -> RUA CEL. JUVÊNCIO, Nº 547 - CENTRO
B5: =DADOS!$B$7 -> OBRA: | C5: =DADOS!$C$7 -> PAVIMENTAÇÃO ASFÁLTICA E DRENAGEM DE ÁGUAS PLUVIAIS
B6: =DADOS!$B$8 -> LOCAL: | C6: =DADOS!$C$8 -> JARDIM PREVISUL, JARDIM / MS
B8: ITEM | D8: SERVIÇO | E8: VALOR | F8: %
B10: TABELA RESUMO | C10: =Orçamento!C226 -> 01 | D10: =Orçamento!D226 -> SERVIÇOS PRELIMINARES | E10: =Orçamento!K226 -> 107435.71 | F10: =Orçamento!L226 -> 0.024125702
C11: =Orçamento!C227 -> 02 | D11: =Orçamento!D227 -> DEMOLIÇÕES | E11: =Orçamento!K227 -> 607.29 | F11: =Orçamento!L227 -> 0.0001363727
C12: =Orçamento!C228 -> 03 | D12: =Orçamento!D228 -> DRENAGEM DE ÁGUAS PLUVIAIS - TERRAPLENAGEM | E12: =Orçamento!K228 -> 310040.91 | F12: =Orçamento!L228 -> 0.069622611
C13: =Orçamento!C229 -> 04 | D13: =Orçamento!D229 -> DRENAGEM DE ÁGUAS PLUVIAIS - DISPOSITIVOS ESTRUTURAIS 01 | E13: =Orçamento!K229 -> 611362.82 | F13: =Orçamento!L229 -> 0.13728729
C14: =Orçamento!C230 -> 05 | D14: =Orçamento!D230 -> DRENAGEM DE ÁGUAS PLUVIAIS - DISPOSITIVOS ESTRUTURAIS 02 | E14: =Orçamento!K230 -> 284297.16 | F14: =Orçamento!L230 -> 0.063841609
C15: =Orçamento!C231 -> 06 | D15: =Orçamento!D231 -> IMPLANTAÇÃO ASFÁLTICA - TERRAPLENAGEM | E15: =Orçamento!K231 -> 165404.97 | F15: =Orçamento!L231 -> 0.037143246
C16: =Orçamento!C232 -> 07 | D16: =Orçamento!D232 -> IMPLANTAÇÃO ASFÁLTICA - ESTRUTURA DO PAVIMENTO | E16: =Orçamento!K232 -> 2149782.6 | F16: =Orçamento!L232 -> 0.48275396
C17: =Orçamento!C233 -> 08 | D17: =Orçamento!D233 -> SERVIÇOS COMPLEMENTARES | E17: =Orçamento!K233 -> 390765.26 | F17: =Orçamento!L233 -> 0.087750025
C18: =Orçamento!C234 -> 09 | D18: =Orçamento!D234 -> PASSEIO COM ACESSIBILIDADE | E18: =Orçamento!K234 -> 143928.08 | F18: =Orçamento!L234 -> 0.032320408
C19: =Orçamento!C235 -> 10 | D19: =Orçamento!D235 -> SINALIZAÇÃO VIÁRIA | E19: =Orçamento!K235 -> 72879.74 | F19: =Orçamento!L235 -> 0.016365833
C20: =Orçamento!C236 -> 11 | D20: =Orçamento!D236 -> ADMINISTRAÇÃO LOCAL | E20: =Orçamento!K236 -> 216659.52 | F20: =Orçamento!L236 -> 0.048652939 | H20: =E22/'Pav-Pavimento'!S32 -> 264.29858
B22: VALOR GERAL | E22: =SUM(E9:E21) -> 4453164.1 | F22: =SUM(F9:F21) -> 1

Sheet Cronograma
B2: =DADOS!$B$3 -> CLIENTE: | C2: =DADOS!$C$3 -> PREFEITURA MUNICIPAL DE JARDIM / MS
B3: =DADOS!$B$4 -> ENDEREÇO: | C3: =DADOS!$C$4 -> RUA CEL. JUVÊNCIO, Nº 547 - CENTRO
B5: =DADOS!$B$7 -> OBRA: | C5: =DADOS!$C$7 -> PAVIMENTAÇÃO ASFÁLTICA E DRENAGEM DE ÁGUAS PLUVIAIS
B6: =DADOS!$B$8 -> LOCAL: | C6: =DADOS!$C$8 -> JARDIM PREVISUL, JARDIM / MS
B8: ITEM | D8: SERVIÇO | E8: PESO (%) | F8: PREÇO TOTAL | G8: MÊS 01 | I8: MÊS 02 | K8: MÊS 03
G9: VALOR | H9: % | I9: VALOR | J9: % | K9: VALOR | L9: %
B11: CRONOGRAMA FÍSICO FINANCEIRO | C11: ='Tabela Resumo'!C10 -> 01 | D11: ='Tabela Resumo'!D10 -> SERVIÇOS PRELIMINARES | E11: ='Tabela Resumo'!F10 -> 0.024125702 | F11: ='Tabela Resumo'!E10 -> 107435.71 | G11: =H11*$F$11 -> 107435.71 | H11: 1 | I11: =J11*$F$11 -> 0 | K11: =L11*$F$11 -> 0 | N11: =H11+J11+L11+H29+J29+L29+H47+J47+L47+H65+J65+L65 -> 1
C12: ='Tabela Resumo'!C11 -> 02 | D12: ='Tabela Resumo'!D11 -> DEMOLIÇÕES | E12: ='Tabela Resumo'!F11 -> 0.0001363727 | F12: ='Tabela Resumo'!E11 -> 607.29 | G12: =H12*$F$12 -> 607.29 | H12: 1 | I12: =J12*$F$12 -> 0 | K12: =L12*$F$12 -> 0 | N12: =H12+J12+L12+H30+J30+L30+H48+J48+L48+H66+J66+L66 -> 1
C13: ='Tabela Resumo'!C12 -> 03 | D13: ='Tabela Resumo'!D12 -> DRENAGEM DE ÁGUAS PLUVIAIS - TERRAPLENAGEM | E13: ='Tabela Resumo'!F12 -> 0.069622611 | F13: ='Tabela Resumo'!E12 -> 310040.91 | G13: =H13*$F$13 -> 248032.73 | H13: 0.8 | I13: =J13*$F$13 -> 62008.182 | J13: 0.2 | K13: =L13*$F$13 -> 0 | N13: =H13+J13+L13+H31+J31+L31+H49+J49+L49+H67+J67+L67 -> 1
C14: ='Tabela Resumo'!C13 -> 04 | D14: ='Tabela Resumo'!D13 -> DRENAGEM DE ÁGUAS PLUVIAIS - DISPOSITIVOS ESTRUTURAIS 01 | E14: ='Tabela Resumo'!F13 -> 0.13728729 | F14: ='Tabela Resumo'!E13 -> 611362.82 | G14: =H14*$F$14 -> 0 | I14: =J14*$F$14 -> 305681.41 | J14: 0.5 | K14: =L14*$F$14 -> 305681.41 | L14: 0.5 | N14: =H14+J14+L14+H32+J32+L32+H50+J50+L50+H68+J68+L68 -> 1
C15: ='Tabela Resumo'!C14 -> 05 | D15: ='Tabela Resumo'!D14 -> DRENAGEM DE ÁGUAS PLUVIAIS - DISPOSITIVOS ESTRUTURAIS 02 | E15: ='Tabela Resumo'!F14 -> 0.063841609 | F15: ='Tabela Resumo'!E14 -> 284297.16 | G15: =H15*$F$15 -> 0 | I15: =J15*$F$15 -> 0 | K15: =L15*$F$15 -> 56859.432 | L15: 0.2 | N15: =H15+J15+L15+H33+J33+L33+H51+J51+L51+H69+J69+L69 -> 1
C16: ='Tabela Resumo'!C15 -> 06 | D16: ='Tabela Resumo'!D15 -> IMPLANTAÇÃO ASFÁLTICA - TERRAPLENAGEM | E16: ='Tabela Resumo'!F15 -> 0.037143246 | F16: ='Tabela Resumo'!E15 -> 165404.97 | G16: =H16*$F$16 -> 0 | I16: =J16*$F$16 -> 0 | K16: =L16*$F$16 -> 0 | N16: =H16+J16+L16+H34+J34+L34+H52+J52+L52+H70+J70+L70 -> 1
C17: ='Tabela Resumo'!C16 -> 07 | D17: ='Tabela Resumo'!D16 -> IMPLANTAÇÃO ASFÁLTICA - ESTRUTURA DO PAVIMENTO | E17: ='Tabela Resumo'!F16 -> 0.48275396 | F17: ='Tabela Resumo'!E16 -> 2149782.6 | G17: =H17*$F$17 -> 0 | I17: =J17*$F$17 -> 0 | K17: =L17*$F$17 -> 0 | N17: =H17+J17+L17+H35+J35+L35+H53+J53+L53+H71+J71+L71 -> 1
C18: ='Tabela Resumo'!C17 -> 08 | D18: ='Tabela Resumo'!D17 -> SERVIÇOS COMPLEMENTARES | E18: ='Tabela Resumo'!F17 -> 0.087750025 | F18: ='Tabela Resumo'!E17 -> 390765.26 | G18: =H18*$F$18 -> 0 | I18: =J18*$F$18 -> 0 | K18: =L18*$F$18 -> 0 | N18: =H18+J18+L18+H36+J36+L36+H54+J54+L54+H72+J72+L72 -> 1
C19: ='Tabela Resumo'!C18 -> 09 | D19: ='Tabela Resumo'!D18 -> PASSEIO COM ACESSIBILIDADE | E19: ='Tabela Resumo'!F18 -> 0.032320408 | F19: ='Tabela Resumo'!E18 -> 143928.08 | G19: =H19*$F$19 -> 0 | I19: =J19*$F$19 -> 0 | K19: =L19*$F$19 -> 0 | N19: =H19+J19+L19+H37+J37+L37+H55+J55+L55+H73+J73+L73 -> 1
C20: ='Tabela Resumo'!C19 -> 10 | D20: ='Tabela Resumo'!D19 -> SINALIZAÇÃO VIÁRIA | E20: ='Tabela Resumo'!F19 -> 0.016365833 | F20: ='Tabela Resumo'!E19 -> 72879.74 | G20: =H20*$F$20 -> 0 | I20: =J20*$F$20 -> 0 | K20: =L20*$F$20 -> 0 | N20: =H20+J20+L20+H38+J38+L38+H56+J56+L56+H74+J74+L74 -> 1
C21: ='Tabela Resumo'!C20 -> 11 | D21: ='Tabela Resumo'!D20 -> ADMINISTRAÇÃO LOCAL | E21: ='Tabela Resumo'!F20 -> 0.048652939 | F21: ='Tabela Resumo'!E20 -> 216659.52 | G21: =H21*$F$21 -> 18054.96 | H21: =1/12 -> 0.083333333 | I21: =J21*$F$21 -> 18054.96 | J21: =1/12 -> 0.083333333 | K21: =L21*$F$21 -> 18054.96 | L21: =1/12 -> 0.083333333 | N21: =H21+J21+L21+H39+J39+L39+H57+J57+L57+H75+J75+L75 -> 1
B23: TOTAL MENSAL | E23: =SUM(E10:E22) -> 1 | F23: =SUM(F10:F22) -> 4453164.1 | G23: =SUM(G10:G22) -> 374130.69 | H23: =G23/$F$23 -> 0.084014575 | I23: =SUM(I10:I22) -> 385744.55 | J23: =I23/$F$23 -> 0.086622578 | K23: =SUM(K10:K22) -> 380595.8 | L23: =K23/$F$23 -> 0.085466378
B24: TOTAL MENSAL ACUMULADO | G24: =G23 -> 374130.69 | H24: =H23 -> 0.084014575 | I24: =I23+G24 -> 759875.24 | J24: =J23+H24 -> 0.17063715 | K24: =K23+I24 -> 1140471 | L24: =L23+J24 -> 0.25610353
B26: ITEM | D26: SERVIÇO | E26: PESO (%) | F26: PREÇO TOTAL | G26: MÊS 04 | I26: MÊS 05 | K26: MÊS 06
G27: VALOR | H27: % | I27: VALOR | J27: % | K27: VALOR | L27: %
B29: CRONOGRAMA FÍSICO FINANCEIRO | C29: ='Tabela Resumo'!C10 -> 01 | D29: ='Tabela Resumo'!D10 -> SERVIÇOS PRELIMINARES | E29: ='Tabela Resumo'!F10 -> 0.024125702 | F29: ='Tabela Resumo'!E10 -> 107435.71 | G29: =H29*$F$29 -> 0 | I29: =J29*$F$29 -> 0 | K29: =L29*$F$29 -> 0 | N29: =N11 -> 1
C30: ='Tabela Resumo'!C11 -> 02 | D30: ='Tabela Resumo'!D11 -> DEMOLIÇÕES | E30: ='Tabela Resumo'!F11 -> 0.0001363727 | F30: ='Tabela Resumo'!E11 -> 607.29 | G30: =H30*$F$30 -> 0 | I30: =J30*$F$30 -> 0 | K30: =L30*$F$30 -> 0 | N30: =N12 -> 1
C31: ='Tabela Resumo'!C12 -> 03 | D31: ='Tabela Resumo'!D12 -> DRENAGEM DE ÁGUAS PLUVIAIS - TERRAPLENAGEM | E31: ='Tabela Resumo'!F12 -> 0.069622611 | F31: ='Tabela Resumo'!E12 -> 310040.91 | G31: =H31*$F$31 -> 0 | I31: =J31*$F$31 -> 0 | K31: =L31*$F$31 -> 0 | N31: =N13 -> 1
C32: ='Tabela Resumo'!C13 -> 04 | D32: ='Tabela Resumo'!D13 -> DRENAGEM DE ÁGUAS PLUVIAIS - DISPOSITIVOS ESTRUTURAIS 01 | E32: ='Tabela Resumo'!F13 -> 0.13728729 | F32: ='Tabela Resumo'!E13 -> 611362.82 | G32: =H32*$F$32 -> 0 | I32: =J32*$F$32 -> 0 | K32: =L32*$F$32 -> 0 | N32: =N14 -> 1
C33: ='Tabela Resumo'!C14 -> 05 | D33: ='Tabela Resumo'!D14 -> DRENAGEM DE ÁGUAS PLUVIAIS - DISPOSITIVOS ESTRUTURAIS 02 | E33: ='Tabela Resumo'!F14 -> 0.063841609 | F33: ='Tabela Resumo'!E14 -> 284297.16 | G33: =H33*$F$33 -> 0 | I33: =J33*$F$33 -> 0 | K33: =L33*$F$33 -> 0 | N33: =N15 -> 1
C34: ='Tabela Resumo'!C15 -> 06 | D34: ='Tabela Resumo'!D15 -> IMPLANTAÇÃO ASFÁLTICA - TERRAPLENAGEM | E34: ='Tabela Resumo'!F15 -> 0.037143246 | F34: ='Tabela Resumo'!E15 -> 165404.97 | G34: =H34*$F$34 -> 24810.746 | H34: 0.15 | I34: =J34*$F$34 -> 24810.746 | J34: 0.15 | K34: =L34*$F$34 -> 24810.746 | L34: 0.15 | N34: =N16 -> 1
C35: ='Tabela Resumo'!C16 -> 07 | D35: ='Tabela Resumo'!D16 -> IMPLANTAÇÃO ASFÁLTICA - ESTRUTURA DO PAVIMENTO | E35: ='Tabela Resumo'!F16 -> 0.48275396 | F35: ='Tabela Resumo'!E16 -> 2149782.6 | G35: =H35*$F$35 -> 322467.39 | H35: 0.15 | I35: =J35*$F$35 -> 322467.39 | J35: 0.15 | K35: =L35*$F$35 -> 322467.39 | L35: 0.15 | N35: =N17 -> 1
C36: ='Tabela Resumo'!C17 -> 08 | D36: ='Tabela Resumo'!D17 -> SERVIÇOS COMPLEMENTARES | E36: ='Tabela Resumo'!F17 -> 0.087750025 | F36: ='Tabela Resumo'!E17 -> 390765.26 | G36: =H36*$F$36 -> 0 | I36: =J36*$F$36 -> 0 | K36: =L36*$F$36 -> 0 | N36: =N18 -> 1
C37: ='Tabela Resumo'!C18 -> 09 | D37: ='Tabela Resumo'!D18 -> PASSEIO COM ACESSIBILIDADE | E37: ='Tabela Resumo'!F18 -> 0.032320408 | F37: ='Tabela Resumo'!E18 -> 143928.08 | G37: =H37*$F$37 -> 0 | I37: =J37*$F$37 -> 0 | K37: =L37*$F$37 -> 0 | N37: =N19 -> 1
C38: ='Tabela Resumo'!C19 -> 10 | D38: ='Tabela Resumo'!D19 -> SINALIZAÇÃO VIÁRIA | E38: ='Tabela Resumo'!F19 -> 0.016365833 | F38: ='Tabela Resumo'!E19 -> 72879.74 | G38: =H38*$F$38 -> 0 | I38: =J38*$F$38 -> 0 | K38: =L38*$F$38 -> 0 | N38: =N20 -> 1
C39: ='Tabela Resumo'!C20 -> 11 | D39: ='Tabela Resumo'!D20 -> ADMINISTRAÇÃO LOCAL | E39: ='Tabela Resumo'!F20 -> 0.048652939 | F39: ='Tabela Resumo'!E20 -> 216659.52 | G39: =H39*$F$39 -> 18054.96 | H39: =1/12 -> 0.083333333 | I39: =J39*$F$39 -> 18054.96 | J39: =1/12 -> 0.083333333 | K39: =L39*$F$39 -> 18054.96 | L39: =1/12 -> 0.083333333 | N39: =N21 -> 1
B41: TOTAL MENSAL | E41: =SUM(E28:E40) -> 1 | F41: =SUM(F28:F40) -> 4453164.1 | G41: =SUM(G28:G40) -> 365333.1 | H41: =G41/$F$41 -> 0.082038993 | I41: =SUM(I28:I40) -> 365333.1 | J41: =I41/$F$41 -> 0.082038993 | K41: =SUM(K28:K40) -> 365333.1 | L41: =K41/$F$41 -> 0.082038993
B42: TOTAL MENSAL ACUMULADO | G42: =G41+K24 -> 1505804.1 | H42: =H41+L24 -> 0.33814252 | I42: =I41+G42 -> 1871137.2 | J42: =J41+H42 -> 0.42018152 | K42: =K41+I42 -> 2236470.3 | L42: =L41+J42 -> 0.50222051
B44: ITEM | D44: SERVIÇO | E44: PESO (%) | F44: PREÇO TOTAL | G44: MÊS 07 | I44: MÊS 08 | K44: MÊS 09
G45: VALOR | H45: % | I45: VALOR | J45: % | K45: VALOR | L45: %
B47: CRONOGRAMA FÍSICO FINANCEIRO | C47: =C29 -> 01 | D47: =D29 -> SERVIÇOS PRELIMINARES | E47: =E29 -> 0.024125702 | F47: =F29 -> 107435.71 | G47: =H47*$F$47 -> 0 | I47: =J47*$F$47 -> 0 | K47: =L47*$F$47 -> 0 | N47: =N29 -> 1
C48: =C30 -> 02 | D48: =D30 -> DEMOLIÇÕES | E48: =E30 -> 0.0001363727 | F48: =F30 -> 607.29 | G48: =H48*$F$48 -> 0 | I48: =J48*$F$48 -> 0 | K48: =L48*$F$48 -> 0 | N48: =N30 -> 1
C49: =C31 -> 03 | D49: =D31 -> DRENAGEM DE ÁGUAS PLUVIAIS - TERRAPLENAGEM | E49: =E31 -> 0.069622611 | F49: =F31 -> 310040.91 | G49: =H49*$F$49 -> 0 | I49: =J49*$F$49 -> 0 | K49: =L49*$F$49 -> 0 | N49: =N31 -> 1
C50: =C32 -> 04 | D50: =D32 -> DRENAGEM DE ÁGUAS PLUVIAIS - DISPOSITIVOS ESTRUTURAIS 01 | E50: =E32 -> 0.13728729 | F50: =F32 -> 611362.82 | G50: =H50*$F$50 -> 0 | I50: =J50*$F$50 -> 0 | K50: =L50*$F$50 -> 0 | N50: =N32 -> 1
C51: =C33 -> 05 | D51: =D33 -> DRENAGEM DE ÁGUAS PLUVIAIS - DISPOSITIVOS ESTRUTURAIS 02 | E51: =E33 -> 0.063841609 | F51: =F33 -> 284297.16 | G51: =H51*$F$51 -> 0 | I51: =J51*$F$51 -> 0 | K51: =L51*$F$51 -> 0 | N51: =N33 -> 1
C52: =C34 -> 06 | D52: =D34 -> IMPLANTAÇÃO ASFÁLTICA - TERRAPLENAGEM | E52: =E34 -> 0.037143246 | F52: =F34 -> 165404.97 | G52: =H52*$F$52 -> 24810.746 | H52: 0.15 | I52: =J52*$F$52 -> 24810.746 | J52: 0.15 | K52: =L52*$F$52 -> 24810.746 | L52: 0.15 | N52: =N34 -> 1
C53: =C35 -> 07 | D53: =D35 -> IMPLANTAÇÃO ASFÁLTICA - ESTRUTURA DO PAVIMENTO | E53: =E35 -> 0.48275396 | F53: =F35 -> 2149782.6 | G53: =H53*$F$53 -> 322467.39 | H53: 0.15 | I53: =J53*$F$53 -> 322467.39 | J53: 0.15 | K53: =L53*$F$53 -> 322467.39 | L53: 0.15 | N53: =N35 -> 1
C54: =C36 -> 08 | D54: =D36 -> SERVIÇOS COMPLEMENTARES | E54: =E36 -> 0.087750025 | F54: =F36 -> 390765.26 | G54: =H54*$F$54 -> 0 | I54: =J54*$F$54 -> 0 | K54: =L54*$F$54 -> 0 | N54: =N36 -> 1
C55: =C37 -> 09 | D55: =D37 -> PASSEIO COM ACESSIBILIDADE | E55: =E37 -> 0.032320408 | F55: =F37 -> 143928.08 | G55: =H55*$F$55 -> 0 | I55: =J55*$F$55 -> 0 | K55: =L55*$F$55 -> 0 | N55: =N37 -> 1
C56: =C38 -> 10 | D56: =D38 -> SINALIZAÇÃO VIÁRIA | E56: =E38 -> 0.016365833 | F56: =F38 -> 72879.74 | G56: =H56*$F$56 -> 0 | I56: =J56*$F$56 -> 0 | K56: =L56*$F$56 -> 0 | N56: =N38 -> 1
C57: =C39 -> 11 | D57: =D39 -> ADMINISTRAÇÃO LOCAL | E57: =E39 -> 0.048652939 | F57: =F39 -> 216659.52 | G57: =H57*$F$57 -> 18054.96 | H57: =1/12 -> 0.083333333 | I57: =J57*$F$57 -> 18054.96 | J57: =1/12 -> 0.083333333 | K57: =L57*$F$57 -> 18054.96 | L57: =1/12 -> 0.083333333 | N57: =N39 -> 1
B59: TOTAL MENSAL | E59: =SUM(E46:E58) -> 1 | F59: =SUM(F46:F58) -> 4453164.1 | G59: =SUM(G46:G58) -> 365333.1 | H59: =G59/$F$41 -> 0.082038993 | I59: =SUM(I46:I58) -> 365333.1 | J59: =I59/$F$41 -> 0.082038993 | K59: =SUM(K46:K58) -> 365333.1 | L59: =K59/$F$41 -> 0.082038993
B60: TOTAL MENSAL ACUMULADO | G60: =G59+K42 -> 2601803.4 | H60: =H59+L42 -> 0.5842595 | I60: =I59+G60 -> 2967136.5 | J60: =J59+H60 -> 0.6662985 | K60: =K59+I60 -> 3332469.6 | L60: =L59+J60 -> 0.74833749
B62: ITEM | D62: SERVIÇO | E62: PESO (%) | F62: PREÇO TOTAL | G62: MÊS 10 | I62: MÊS 11 | K62: MÊS 12
G63: VALOR | H63: % | I63: VALOR | J63: % | K63: VALOR | L63: %
B65: CRONOGRAMA FÍSICO FINANCEIRO | C65: =C47 -> 01 | D65: =D47 -> SERVIÇOS PRELIMINARES | E65: =E47 -> 0.024125702 | F65: =F47 -> 107435.71 | G65: =H65*$F$47 -> 0 | I65: =J65*$F$47 -> 0 | K65: =L65*$F$47 -> 0 | N65: =N47 -> 1
C66: =C48 -> 02 | D66: =D48 -> DEMOLIÇÕES | E66: =E48 -> 0.0001363727 | F66: =F48 -> 607.29 | G66: =H66*$F$48 -> 0 | I66: =J66*$F$48 -> 0 | K66: =L66*$F$48 -> 0 | N66: =N48 -> 1
C67: =C49 -> 03 | D67: =D49 -> DRENAGEM DE ÁGUAS PLUVIAIS - TERRAPLENAGEM | E67: =E49 -> 0.069622611 | F67: =F49 -> 310040.91 | G67: =H67*$F$49 -> 0 | I67: =J67*$F$49 -> 0 | K67: =L67*$F$49 -> 0 | N67: =N49 -> 1
C68: =C50 -> 04 | D68: =D50 -> DRENAGEM DE ÁGUAS PLUVIAIS - DISPOSITIVOS ESTRUTURAIS 01 | E68: =E50 -> 0.13728729 | F68: =F50 -> 611362.82 | G68: =H68*$F$50 -> 0 | I68: =J68*$F$50 -> 0 | K68: =L68*$F$50 -> 0 | N68: =N50 -> 1
C69: =C51 -> 05 | D69: =D51 -> DRENAGEM DE ÁGUAS PLUVIAIS - DISPOSITIVOS ESTRUTURAIS 02 | E69: =E51 -> 0.063841609 | F69: =F51 -> 284297.16 | G69: =H69*$F$51 -> 0 | I69: =J69*$F$51 -> 0 | K69: =L69*$F$51 -> 227437.73 | L69: 0.8 | N69: =N51 -> 1
C70: =C52 -> 06 | D70: =D52 -> IMPLANTAÇÃO ASFÁLTICA - TERRAPLENAGEM | E70: =E52 -> 0.037143246 | F70: =F52 -> 165404.97 | G70: =H70*$F$52 -> 16540.497 | H70: 0.1 | I70: =J70*$F$52 -> 0 | K70: =L70*$F$52 -> 0 | N70: =N52 -> 1
C71: =C53 -> 07 | D71: =D53 -> IMPLANTAÇÃO ASFÁLTICA - ESTRUTURA DO PAVIMENTO | E71: =E53 -> 0.48275396 | F71: =F53 -> 2149782.6 | G71: =H71*$F$53 -> 214978.26 | H71: 0.1 | I71: =J71*$F$53 -> 0 | K71: =L71*$F$53 -> 0 | N71: =N53 -> 1
C72: =C54 -> 08 | D72: =D54 -> SERVIÇOS COMPLEMENTARES | E72: =E54 -> 0.087750025 | F72: =F54 -> 390765.26 | G72: =H72*$F$54 -> 117229.58 | H72: 0.3 | I72: =J72*$F$54 -> 234459.16 | J72: 0.6 | K72: =L72*$F$54 -> 39076.526 | L72: 0.1 | N72: =N54 -> 1
C73: =C55 -> 09 | D73: =D55 -> PASSEIO COM ACESSIBILIDADE | E73: =E55 -> 0.032320408 | F73: =F55 -> 143928.08 | G73: =H73*$F$55 -> 0 | I73: =J73*$F$55 -> 143928.08 | J73: 1 | K73: =L73*$F$55 -> 0 | N73: =N55 -> 1
C74: =C56 -> 10 | D74: =D56 -> SINALIZAÇÃO VIÁRIA | E74: =E56 -> 0.016365833 | F74: =F56 -> 72879.74 | G74: =H74*$F$56 -> 0 | I74: =J74*$F$56 -> 0 | K74: =L74*$F$56 -> 72879.74 | L74: 1 | N74: =N56 -> 1
C75: =C57 -> 11 | D75: =D57 -> ADMINISTRAÇÃO LOCAL | E75: =E57 -> 0.048652939 | F75: =F57 -> 216659.52 | G75: =H75*$F$57 -> 18054.96 | H75: =1/12 -> 0.083333333 | I75: =J75*$F$57 -> 18054.96 | J75: =1/12 -> 0.083333333 | K75: =L75*$F$57 -> 18054.96 | L75: =1/12 -> 0.083333333 | N75: =N57 -> 1
B77: TOTAL MENSAL | E77: =SUM(E64:E76) -> 1 | F77: =SUM(F64:F76) -> 4453164.1 | G77: =SUM(G64:G76) -> 366803.3 | H77: =G77/$F$41 -> 0.08236914 | I77: =SUM(I64:I76) -> 396442.2 | J77: =I77/$F$41 -> 0.089024835 | K77: =SUM(K64:K76) -> 357448.95 | L77: =K77/$F$41 -> 0.080268535
B78: TOTAL MENSAL ACUMULADO | G78: =G77+K60 -> 3699272.9 | H78: =H77+L60 -> 0.83070663 | I78: =I77+G78 -> 4095715.1 | J78: =J77+H78 -> 0.91973147 | K78: =K77+I78 -> 4453164.1 | L78: =L77+J78 -> 1

Sheet Serv. Preliminares
B2: =DADOS!$B$3 -> CLIENTE: | C2: =DADOS!$C$3 -> PREFEITURA MUNICIPAL DE JARDIM / MS
B3: =DADOS!$B$4 -> ENDEREÇO: | C3: =DADOS!$C$4 -> RUA CEL. JUVÊNCIO, Nº 547 - CENTRO
B5: =DADOS!$B$7 -> OBRA: | C5: =DADOS!$C$7 -> PAVIMENTAÇÃO ASFÁLTICA E DRENAGEM DE ÁGUAS PLUVIAIS
B6: =DADOS!$B$8 -> LOCAL: | C6: =DADOS!$C$8 -> JARDIM PREVISUL, JARDIM / MS
B8: ITEM | G8: DRENAGEM DE ÁGUAS PLUVIAIS | H8: PAVIMENTAÇÃO ASFÁLTICA | J8: TOTAL
B10: MEMÓRIA DE CÁLCULO DE SERVIÇOS PRELIMINARES | C10: EXTENSÃO (m) | G10: ='Dre-Terraplenagem'!V10 -> 1385.1 | H10: ='Pav-Terrapl'!R10 -> 2520.83 | J10: =SUM(F10:I10) -> 3905.93
C11: PLACA DE OBRA (m²) | D11: QUANTIDADE (un) | E11: 1 | G11: =TRUNC((E11*E12*E13),2) -> 8 | J11: =SUM(F11:I13) -> 8
D12: COMPRIMENTO (m) | E12: 4
D13: LARGURA (m) | E13: 2
C14: LOCAÇÃO DE CONTAINER (un) | G14: =Orçamento!$P$213 -> 12 | J14: =SUM(F14:I14) -> 12
C15: LOCAÇÃO DE BANHEIRO QUÍMICO (un) | G15: =G14 -> 12 | J15: =SUM(F15:I15) -> 12
C16: ISOLAMENTO DE OBRA (m²) | G16: =TRUNC((G10*1.2),2) -> 1662.12 | H16: =TRUNC((H10*1.2),2) -> 3024.99 | J16: =SUM(F16:I16) -> 4687.11
C17: SEGURANÇA DE TRÂNSITO | D17: PLACA DE ADVERTÊNCIA (un) | G17: =INT((G10/250)/2) -> 2 | H17: =INT((H10/250)/2) -> 5 | J17: =SUM(F17:I17) -> 7
C18: CONE DE SINALIZAÇÃO (un) | G18: =INT((G10/150)*2) -> 18 | H18: =INT((H10/150)*2) -> 33 | J18: =SUM(F18:I18) -> 51
C19: REMOÇÃO DE ÁRVORES (un) | G19: 13 | J19: =SUM(F19:I19) -> 13

Sheet Demolições
B2: =DADOS!$B$3 -> CLIENTE: | C2: =DADOS!$C$3 -> PREFEITURA MUNICIPAL DE JARDIM / MS
B3: =DADOS!$B$4 -> ENDEREÇO: | C3: =DADOS!$C$4 -> RUA CEL. JUVÊNCIO, Nº 547 - CENTRO
B5: =DADOS!$B$7 -> OBRA: | C5: =DADOS!$C$7 -> PAVIMENTAÇÃO ASFÁLTICA E DRENAGEM DE ÁGUAS PLUVIAIS
B6: =DADOS!$B$8 -> LOCAL: | C6: =DADOS!$C$8 -> JARDIM PREVISUL, JARDIM / MS
B8: ITEM | G8: ='Pav-Terrapl'!K8 -> RUA TEODORINA GONÇALVES | I8: TOTAL
B10: DEMILIÇÕES | C10: DEMOLIÇÃO DE PAVIMENTO ASFÁLTICO | D10: EXTENSÃO (m) | G10: 7.55 | I10: =SUM(F10:H10) -> 7.55
D11: LARGURA MÉDIA (m) | G11: 1
D12: ÁREA DE DEMOLIÇÃO DE PAVIMENTO (m²) | G12: =TRUNC((G10*G11),2) -> 7.55 | I12: =SUM(F12:H12) -> 7.55
D13: ESPESSURA (m) | G13: 0.03
D14: CARGA E DESCARGA (BOTA FORA) (m³) | G14: =TRUNC((G12*G13*1.3),2) -> 0.29 | I14: =SUM(F14:H14) -> 0.29
D15: TRANSPORTE BOTA FORA (m³.km) | E15: ='Resumo DMT''s'!$E$13 -> 4.3 | G15: =TRUNC((G14*$E$15),2) -> 1.24 | I15: =SUM(F15:H15) -> 1.24
D16: ESPALHAMENTO (m³) | G16: =G14 -> 0.29 | I16: =SUM(F16:H16) -> 0.29
C18: DEMOLIÇÃO DE MEIO FIO | D18: EXTENSÃO (m) | G18: =11.43+10.94 -> 22.37 | I18: =SUM(F18:H18) -> 22.37
D19: SEÇÃO MEIO FIO (m²) | G19: 0.0615
D20: VOLUME DE DEMOLIÇÃO DE MEIO FIO (m³) | G20: =TRUNC((G18*G19),2) -> 1.37 | I20: =SUM(F20:H20) -> 1.37
D21: CARGA E DESCARGA (BOTA FORA) (m³) | G21: =TRUNC((G20*1.3),2) -> 1.78 | I21: =SUM(F21:H21) -> 1.78
D22: TRANSPORTE BOTA FORA (m³.km) | E22: ='Resumo DMT''s'!$E$13 -> 4.3 | G22: =TRUNC((G21*$E$22),2) -> 7.65 | I22: =SUM(F22:H22) -> 7.65
D23: ESPALHAMENTO (m³) | G23: =G21 -> 1.78 | I23: =SUM(F23:H23) -> 1.78

Sheet Dre-Dados
B2: TRECHO N° | C2: COTA TERRENO (m) | E2: EXTENSÃO (m) | F2: BACIA HIDROGRÁFICA | H2: TRECHO À | L2: NÃO DIGITAR NADA NESSA COLUNA
F3: ÁREA (ha) | G3: RUN OFF | H3: JUSANTE | I3: MONTANTE
C4: MONTANTE | D4: JUSANTE | I4: A | J4: B | K4: C
B6: 1 | C6: 235.926 | E6: 89.52 | F6: 1.0845 | G6: 0.6 | H6: 2 | L6: =IF(D6>0,B6,0) -> 0 | N6: VERIFICAÇÃO DOS TRECHOS: | P6: =IF(P9+P8=P7,"OK","NÃO") -> NÃO
B7: =B6+1 -> 2 | C7: 233.095 | E7: 90.49 | F7: 1.2545 | G7: 0.6 | H7: 3 | I7: 1 | L7: =IF(D7>0,B7,0) -> 0 | N7: TOTAL DOS TRECHOS: | P7: =SUM(B5:B124) -> 528
B8: =B7+1 -> 3 | C8: 230.387 | E8: 116.24 | F8: 1.2604 | G8: 0.6 | H8: 4 | I8: 2 | L8: =IF(D8>0,B8,0) -> 0 | N8: TOTAL DOS LANÇAMENTOS: | P8: =SUM(L5:L124) -> 67
B9: =B8+1 -> 4 | C9: 227.822 | E9: 85.02 | F9: 1.3972 | G9: 0.6 | H9: 5 | I9: 3 | L9: =IF(D9>0,B9,0) -> 0 | N9: TOTAL DOS MONTANTES: | P9: =SUM(I5:K124) -> 202
B10: =B9+1 -> 5 | C10: 227.4 | E10: 79.33 | F10: 1.1274 | G10: 0.6 | H10: 10 | I10: 4 | L10: =IF(D10>0,B10,0) -> 0 | N10: TRECHO QUE FALTA: | P10: =P7-P8-P9 -> 259
B11: =B10+1 -> 6 | C11: 230.596 | E11: 68.51 | F11: 0.8448 | G11: 0.6 | H11: 7 | L11: =IF(D11>0,B11,0) -> 0
B12: =B11+1 -> 7 | C12: 229.154 | E12: 68.51 | F12: 0.368 | G12: 0.6 | H12: 8 | I12: 6 | L12: =IF(D12>0,B12,0) -> 0
B13: =B12+1 -> 8 | C13: 228.29 | E13: 69.29 | F13: 1.7585 | G13: 0.6 | H13: 9 | I13: 7 | L13: =IF(D13>0,B13,0) -> 0
B14: =B13+1 -> 9 | C14: 227.505 | E14: 69.29 | F14: 0.426 | G14: 0.6 | H14: 10 | I14: 8 | L14: =IF(D14>0,B14,0) -> 0
B15: =B14+1 -> 10 | C15: 226.438 | E15: 73.61 | F15: 0.6962 | G15: 0.6 | H15: 11 | I15: 9 | J15: 5 | L15: =IF(D15>0,B15,0) -> 0
B16: =B15+1 -> 11 | C16: 224.766 | D16: 222.224 | E16: 34.68 | F16: 1.1776 | G16: 0.6 | I16: 10 | L16: =IF(D16>0,B16,0) -> 11
B17: =B16+1 -> 12 | L17: =IF(D17>0,B17,0) -> 0
B18: =B17+1 -> 13 | L18: =IF(D18>0,B18,0) -> 0
B19: =B18+1 -> 14 | L19: =IF(D19>0,B19,0) -> 0
B20: =B19+1 -> 15 | L20: =IF(D20>0,B20,0) -> 0
B21: =B20+1 -> 16 | L21: =IF(D21>0,B21,0) -> 0
B22: =B21+1 -> 17 | L22: =IF(D22>0,B22,0) -> 0
B23: =B22+1 -> 18 | L23: =IF(D23>0,B23,0) -> 0
B24: =B23+1 -> 19 | L24: =IF(D24>0,B24,0) -> 0
B25: =B24+1 -> 20 | C25: 226.13 | E25: 88.65 | F25: 1.2166 | G25: 0.6 | H25: 21 | L25: =IF(D25>0,B25,0) -> 0
B26: =B25+1 -> 21 | C26: 225.015 | E26: 84.58 | F26: 0.4636 | G26: 0.6 | H26: 22 | I26: 20 | L26: =IF(D26>0,B26,0) -> 0
B27: =B26+1 -> 22 | C27: 224.535 | E27: 80.4 | F27: 1.3931 | G27: 0.6 | H27: 23 | I27: 21 | L27: =IF(D27>0,B27,0) -> 0
B28: =B27+1 -> 23 | C28: 223.742 | E28: 39.29 | F28: 1.316 | G28: 0.6 | H28: 24 | I28: 22 | L28: =IF(D28>0,B28,0) -> 0
B29: =B28+1 -> 24 | C29: 223.585 | D29: 220.764 | E29: 16.19 | F29: 0.4167 | G29: 0.6 | I29: 23 | L29: =IF(D29>0,B29,0) -> 24
B30: =B29+1 -> 25 | L30: =IF(D30>0,B30,0) -> 0
B31: =B30+1 -> 26 | L31: =IF(D31>0,B31,0) -> 0
B32: =B31+1 -> 27 | L32: =IF(D32>0,B32,0) -> 0
B33: =B32+1 -> 28 | L33: =IF(D33>0,B33,0) -> 0
B34: =B33+1 -> 29 | L34: =IF(D34>0,B34,0) -> 0
B35: =B34+1 -> 30 | C35: 227.331 | E35: 120 | F35: 1.2432 | G35: 0.6 | H35: 31 | L35: =IF(D35>0,B35,0) -> 0
B36: =B35+1 -> 31 | C36: 225.44 | E36: 120 | F36: 0.9461 | G36: 0.6 | H36: 32 | I36: 30 | L36: =IF(D36>0,B36,0) -> 0
B37: =B36+1 -> 32 | C37: 223.603 | D37: 221.35 | E37: 16.39 | F37: 1.0807 | G37: 0.6 | I37: 31 | L37: =IF(D37>0,B37,0) -> 32

Sheet Dre-Dim
B1: =DADOS!$B$3 -> CLIENTE: | C1: =Orçamento!C2 -> PREFEITURA MUNICIPAL DE JARDIM / MS | AA1: EQUAÇÃO DE CHUVA
B2: =DADOS!$B$4 -> ENDEREÇO: | C2: =Orçamento!C3 -> RUA CEL. JUVÊNCIO, Nº 547 - CENTRO | AA2: I = a.TR ^ b / (tc + c) ^ d
K3: DIMENSIONAMENTO - DRENAGEM DE ÁGUAS PLUVIAIS | AA3: a = | AB3: 1313.07 | AC3: c = | AD3: 11
B4: =DADOS!$B$7 -> OBRA: | C4: =Orçamento!C5 -> PAVIMENTAÇÃO ASFÁLTICA E DRENAGEM DE ÁGUAS PLUVIAIS | AA4: b = | AB4: 0.177 | AC4: d = | AD4: 0.803
B5: =DADOS!$B$8 -> LOCAL: | C5: =Orçamento!C6 -> JARDIM PREVISUL, JARDIM / MS | AA5: TR = | AB5: 10 | AC5: Isozona | AD5: 41
B7: TRECHO | C7: POÇO DE VISITA - COTAS (m) | J7: EXTENSÃO (m) | K7: BACIA LOCAL | M7: ÁREA TOTAL (ha) | N7: COEF. DIST. (n) | O7: TEMPO CONC. (min) | P7: INTENS. PLUVIOM. (mm/h) | Q7: COEF. DEFLÚVIO (f) | R7: DEFLÚVIO LOCAL (l/s) | S7: VAZÃO À ESCOAR (l/s) | T7: DECLIVIDADE (%) | W7: SEÇÃO DA GALERIA | AA7: ALTURA D'ÁGUA (m) | AC7: VELOC. (m/s) | AD7: TEMPO DE PERCURSO (min) | AG7: TRECHO À | AK7: COTA DE FUNDO DE MONTANTE | AN7: TEMPO DE CONCENTRAÇÃO | AQ7: ALTURA D´AGUA - NORMAL | AT7: ÁREA Ø | AU7: ALTURA D´AGUA - CRÍTICA
C8: MONTANTE | G8: JUSANTE | K8: ÁREA (ha) | L8: RUN OFF | T8: TERRENO NATURAL | U8: GALERIA | W8: MATERIAL | X8: COEF. DE MANNING | Y8: Nº DE LINHAS | Z8: CIRCULAR Ø (m) | AG8: JUSANTE | AH8: MONTANTE | AQ8: F1 | AR8: F2 | AS8: F3 | AU8: G1 | AV8: G2 | AW8: G3
C9: TAMPA | D9: DEGRAU | E9: FUNDO | F9: PROF. | G9: TAMPA | H9: FUNDO | I9: PROF. | U9: PROJETO | V9: MÍNIMA | AA9: NORMAL | AB9: CRÍTICA | AH9: A | AI9: B | AJ9: C | AK9: A | AL9: B | AM9: C | AN9: A | AO9: B | AP9: C | AQ9: hc < 30 | AR9: 30 > hc > 85 | AS9: hc > 85 | AT9: C1 | AU9: hc < 30 | AV9: 30 > hc > 85 | AW9: hc > 85
B11: ='Dre-Dados'!B6 -> 1 | C11: ='Dre-Dados'!C6 -> 235.926 | D11: 0.257 | E11: =IF(MINA(AK11,AL11,AM11)=10000,C11-Z11-IF(Z11=0.6,0.9,IF(Z11=0.8,0.8,IF(Z11=1,0.9,IF(Z11=1.2,1.1,1.15)))),MINA(AK11,AL11,AM11))-D11 -> 233.769 | F11: =IF(ABS(C11-E11)<=Z11+IF(Z11=0.6,0.69,IF(Z11=0.8,0.79,0.89)),E11-C11,(C11-E11)) -> 2.157 | G11: =INDIRECT(REPLACE("C00",2,2,FIXED(AG11+10,0))) -> 233.095 | H11: =(E11-(J11*(U11/100))) -> 230.90436 | I11: =IF(ABS(G11-H11)<Z11+IF(Z11=0.6,0.69,IF(Z11=0.8,0.79,0.89)),H11-G11,(G11-H11)) -> 2.19064 | J11: ='Dre-Dados'!E6 -> 89.52 | K11: ='Dre-Dados'!F6 -> 1.0845 | L11: ='Dre-Dados'!G6 -> 0.6 | M11: =IF($AH11=0,0,INDIRECT(REPLACE("M00",2,2,FIXED($AH11+10,0))))+IF($AI11=0,0,INDIRECT(REPLACE("M00",2,2,FIXED($AI11+10,0))))+IF($AJ11=0,0,INDIRECT(REPLACE("M00",2,2,FIXED($AJ11+10,0))))+K11 -> 1.0845 | N11: =IF(M11<1,1,M11^-0.178) -> 0.98566455 | O11: =MAXA(AN11,AO11,AP11) -> 15 | P11: =+AB$3*AB$5^AB$4/(O11+AD$3)^AD$4 -> 144.23288 | Q11: =(((2.913+64.073*L11)/1000)*(O11*P11)^(1/3)) -> 0.53489119 | R11: =(2.778*K11*N11*P11*Q11) -> 229.09766 | S11: =IF($AH11=0,0,INDIRECT(REPLACE("S00",2,2,FIXED($AH11+10,0))))+IF($AI11=0,0,INDIRECT(REPLACE("S00",2,2,FIXED($AI11+10,0))))+IF($AJ11=0,0,INDIRECT(REPLACE("S00",2,2,FIXED($AJ11+10,0))))+R11 -> 229.09766 | T11: =(C11-G11)/J11*100 -> 3.1624218 | U11: 3.2 | V11: =(((S11/Y11*X11)/33.53/Z11^(8/3))^2) -> 0.010504049 | W11: C | X11: 0.015 | Y11: 1 | Z11: 1 | AA11: =IF(0.85*Z11>AS11,IF(0.3*Z11>AR11,AQ11,AR11),AS11) -> 0.16965617 | AB11: =IF(0.3*Z11>AU11,AU11,IF(0.85*Z11>AV11,AV11,AW11)) -> 0.26652427 | AC11: =((S11/Y11)/(AT11*Z11^2)) -> 2.5952029 | AD11: =(J11/(AC11*60))+O11 -> 15.574907 | AF11: ='Dre-Dados'!B6 -> 1 | AG11: ='Dre-Dados'!H6 -> 2 | AH11: ='Dre-Dados'!I6 -> 0 | AI11: ='Dre-Dados'!J6 -> 0 | AJ11: ='Dre-Dados'!K6 -> 0 | AK11: =IF(AH11=0,10000,INDIRECT(REPLACE("H00",2,2,FIXED(AH11+10,0)))) -> 10000 | AL11: =IF(AI11=0,10000,INDIRECT(REPLACE("H00",2,2,FIXED(AI11+10,0)))) -> 10000 | AM11: =IF(AJ11=0,10000,INDIRECT(REPLACE("H00",2,2,FIXED(AJ11+10,0)))) -> 10000 | AN11: =IF(AH11=0,15,INDIRECT(REPLACE("AD00",3,2,FIXED(AH11+10,0)))) -> 15 | AO11: =IF(AI11=0,15,INDIRECT(REPLACE("AD00",3,2,FIXED(AI11+10,0)))) -> 15 | AP11: =IF(AJ11=0,15,INDIRECT(REPLACE("AD00",3,2,FIXED(AJ11+10,0)))) -> 15 | AQ11: =1.14*Z11^(-0.285)*(S11/1000/Y11*X11)^(0.482)*(U11/100)^(-0.241) -> 0.16965617 | AR11: =1.97107*(S11/1000/Y11)*X11*Z11^(-5/3)*(U11/100)^(-0.5)+0.19066*Z11 -> 0.22852509 | AS11: =15.428*(S11/1000/Y11*X11)^2.571*Z11^(-5.856)*(U11/100)^(-1.285) -> 0.0005950256 | AT11: =250*((ACOS(1-(2*AA11/Z11))-(1-(2*AA11/Z11))*(SIN(ACOS(1-(2*AA11/Z11)))))) -> 88.277362 | AU11: =0.016614*(S11/Y11)^(0.5107)*Z11^(-0.2768) -> 0.26652427 | AV11: =0.01619*(S11/Y11)^(0.5159)*Z11^(-0.2897) -> 0.2671662 | AW11: =0.07439*(S11/Y11)^(0.3117)*Z11^(-0.221) -> 0.40469981
B12: ='Dre-Dados'!B7 -> 2 | C12: ='Dre-Dados'!C7 -> 233.095 | E12: =IF(MINA(AK12,AL12,AM12)=10000,C12-Z12-IF(Z12=0.6,0.9,IF(Z12=0.8,0.8,IF(Z12=1,0.9,IF(Z12=1.2,1.1,1.15)))),MINA(AK12,AL12,AM12))-D12 -> 230.90436 | F12: =IF(ABS(C12-E12)<=Z12+IF(Z12=0.6,0.69,IF(Z12=0.8,0.79,0.89)),E12-C12,(C12-E12)) -> 2.19064 | G12: =INDIRECT(REPLACE("C00",2,2,FIXED(AG12+10,0))) -> 230.387 | H12: =(E12-(J12*(U12/100))) -> 228.07836 | I12: =IF(ABS(G12-H12)<Z12+IF(Z12=0.6,0.69,IF(Z12=0.8,0.79,0.89)),H12-G12,(G12-H12)) -> 2.3086427 | J12: ='Dre-Dados'!E7 -> 90.49 | K12: ='Dre-Dados'!F7 -> 1.2545 | L12: ='Dre-Dados'!G7 -> 0.6 | M12: =IF($AH12=0,0,INDIRECT(REPLACE("M00",2,2,FIXED($AH12+10,0))))+IF($AI12=0,0,INDIRECT(REPLACE("M00",2,2,FIXED($AI12+10,0))))+IF($AJ12=0,0,INDIRECT(REPLACE("M00",2,2,FIXED($AJ12+10,0))))+K12 -> 2.339 | N12: =IF(M12<1,1,M12^-0.178) -> 0.85963209 | O12: =MAXA(AN12,AO12,AP12) -> 15.574907 | P12: =+AB$3*AB$5^AB$4/(O12+AD$3)^AD$4 -> 141.72193 | Q12: =(((2.913+64.073*L12)/1000)*(O12*P12)^(1/3)) -> 0.53847776 | R12: =(2.778*K12*N12*P12*Q12) -> 228.62323 | S12: =IF($AH12=0,0,INDIRECT(REPLACE("S00",2,2,FIXED($AH12+10,0))))+IF($AI12=0,0,INDIRECT(REPLACE("S00",2,2,FIXED($AI12+10,0))))+IF($AJ12=0,0,INDIRECT(REPLACE("S00",2,2,FIXED($AJ12+10,0))))+R12 -> 457.72089 | T12: =(C12-G12)/J12*100 -> 2.9925959 | U12: 3.123 | V12: =(((S12/Y12*X12)/33.53/Z12^(8/3))^2) -> 0.04192923 | W12: C | X12: 0.015 | Y12: 1 | Z12: 1 | AA12: =IF(0.85*Z12>AS12,IF(0.3*Z12>AR12,AQ12,AR12),AS12) -> 0.23823115 | AB12: =IF(0.3*Z12>AU12,AU12,IF(0.85*Z12>AV12,AV12,AW12)) -> 0.38181305 | AC12: =((S12/Y12)/(AT12*Z12^2)) -> 3.1911215 | AD12: =(J12/(AC12*60))+O12 -> 16.04752 | AF12: ='Dre-Dados'!B7 -> 2 | AG12: ='Dre-Dados'!H7 -> 3 | AH12: ='Dre-Dados'!I7 -> 1 | AI12: ='Dre-Dados'!J7 -> 0 | AJ12: ='Dre-Dados'!K7 -> 0 | AK12: =IF(AH12=0,10000,INDIRECT(REPLACE("H00",2,2,FIXED(AH12+10,0)))) -> 230.90436 | AL12: =IF(AI12=0,10000,INDIRECT(REPLACE("H00",2,2,FIXED(AI12+10,0)))) -> 10000 | AM12: =IF(AJ12=0,10000,INDIRECT(REPLACE("H00",2,2,FIXED(AJ12+10,0)))) -> 10000 | AN12: =IF(AH12=0,15,INDIRECT(REPLACE("AD00",3,2,FIXED(AH12+10,0)))) -> 15.574907 | AO12: =IF(AI12=0,15,INDIRECT(REPLACE("AD00",3,2,FIXED(AI12+10,0)))) -> 15 | AP12: =IF(AJ12=0,15,INDIRECT(REPLACE("AD00",3,2,FIXED(AJ12+10,0)))) -> 15 | AQ12: =1.14*Z12^(-0.285)*(S12/1000/Y12*X12)^(0.482)*(U12/100)^(-0.241) -> 0.23823115 | AR12: =1.97107*(S12/1000/Y12)*X12*Z12^(-5/3)*(U12/100)^(-0.5)+0.19066*Z12 -> 0.26723871 | AS12: =15.428*(S12/1000/Y12*X12)^2.571*Z12^(-5.856)*(U12/100)^(-1.285) -> 0.003638478 | AT12: =250*((ACOS(1-(2*AA12/Z12))-(1-(2*AA12/Z12))*(SIN(ACOS(1-(2*AA12/Z12)))))) -> 143.43575 | AU12: =0.016614*(S12/Y12)^(0.5107)*Z12^(-0.2768) -> 0.37952728 | AV12: =0.01619*(S12/Y12)^(0.5159)*Z12^(-0.2897) -> 0.38181305 | AW12: =0.07439*(S12/Y12)^(0.3117)*Z12^(-0.221) -> 0.50213883
B13: ='Dre-Dados'!B8 -> 3 | C13: ='Dre-Dados'!C8 -> 230.387 | E13: =IF(MINA(AK13,AL13,AM13)=10000,C13-Z13-IF(Z13=0.6,0.9,IF(Z13=0.8,0.8,IF(Z13=1,0.9,IF(Z13=1.2,1.1,1.15)))),MINA(AK13,AL13,AM13))-D13 -> 228.07836 | F13: =IF(ABS(C13-E13)<=Z13+IF(Z13=0.6,0.69,IF(Z13=0.8,0.79,0.89)),E13-C13,(C13-E13)) -> 2.3086427 | G13: =INDIRECT(REPLACE("C00",2,2,FIXED(AG13+10,0))) -> 227.822 | H13: =(E13-(J13*(U13/100))) -> 225.8326 | I13: =IF(ABS(G13-H13)<Z13+IF(Z13=0.6,0.69,IF(Z13=0.8,0.79,0.89)),H13-G13,(G13-H13)) -> 1.9893995 | J13: ='Dre-Dados'!E8 -> 116.24 | K13: ='Dre-Dados'!F8 -> 1.2604 | L13: ='Dre-Dados'!G8 -> 0.6 | M13: =IF($AH13=0,0,INDIRECT(REPLACE("M00",2,2,FIXED($AH13+10,0))))+IF($AI13=0,0,INDIRECT(REPLACE("M00",2,2,FIXED($AI13+10,0))))+IF($AJ13=0,0,INDIRECT(REPLACE("M00",2,2,FIXED($AJ13+10,0))))+K13 -> 3.5994 | N13: =IF(M13<1,1,M13^-0.178) -> 0.79614292 | O13: =MAXA(AN13,AO13,AP13) -> 16.04752 | P13: =+AB$3*AB$5^AB$4/(O13+AD$3)^AD$4 -> 139.72996 | Q13: =(((2.913+64.073*L13)/1000)*(O13*P13)^(1/3)) -> 0.54131004 | R13: =(2.778*K13*N13*P13*Q13) -> 210.84693 | S13: =IF($AH13=0,0,INDIRECT(REPLACE("S00",2,2,FIXED($AH13+10,0))))+IF($AI13=0,0,INDIRECT(REPLACE("S00",2,2,FIXED($AI13+10,0))))+IF($AJ13=0,0,INDIRECT(REPLACE("S00",2,2,FIXED($AJ13+10,0))))+R13 -> 668.56783 | T13: =(C13-G13)/J13*100 -> 2.2066414 | U13: 1.932 | V13: =(((S13/Y13*X13)/33.53/Z13^(8/3))^2) -> 0.089455358 | W13: C | X13: 0.015 | Y13: 1 | Z13: 1 | AA13: =IF(0.85*Z13>AS13,IF(0.3*Z13>AR13,AQ13,AR13),AS13) -> 0.33287166 | AB13: =IF(0.3*Z13>AU13,AU13,IF(0.85*Z13>AV13,AV13,AW13)) -> 0.46423662 | AC13: =((S13/Y13)/(AT13*Z13^2)) -> 2.9228639 | AD13: =(J13/(AC13*60))+O13 -> 16.71034 | AF13: ='Dre-Dados'!B8 -> 3 | AG13: ='Dre-Dados'!H8 -> 4 | AH13: ='Dre-Dados'!I8 -> 2 | AI13: ='Dre-Dados'!J8 -> 0 | AJ13: ='Dre-Dados'!K8 -> 0 | AK13: =IF(AH13=0,10000,INDIRECT(REPLACE("H00",2,2,FIXED(AH13+10,0)))) -> 228.07836 | AL13: =IF(AI13=0,10000,INDIRECT(REPLACE("H00",2,2,FIXED(AI13+10,0)))) -> 10000 | AM13: =IF(AJ13=0,10000,INDIRECT(REPLACE("H00",2,2,FIXED(AJ13+10,0)))) -> 10000 | AN13: =IF(AH13=0,15,INDIRECT(REPLACE("AD00",3,2,FIXED(AH13+10,0)))) -> 16.04752 | AO13: =IF(AI13=0,15,INDIRECT(REPLACE("AD00",3,2,FIXED(AI13+10,0)))) -> 15 | AP13: =IF(AJ13=0,15,INDIRECT(REPLACE("AD00",3,2,FIXED(AJ13+10,0)))) -> 15 | AQ13: =1.14*Z13^(-0.285)*(S13/1000/Y13*X13)^(0.482)*(U13/100)^(-0.241) -> 0.32105042 | AR13: =1.97107*(S13/1000/Y13)*X13*Z13^(-5/3)*(U13/100)^(-0.5)+0.19066*Z13 -> 0.33287166 | AS13: =15.428*(S13/1000/Y13*X13)^2.571*Z13^(-5.856)*(U13/100)^(-1.285) -> 0.017863647 | AT13: =250*((ACOS(1-(2*AA13/Z13))-(1-(2*AA13/Z13))*(SIN(ACOS(1-(2*AA13/Z13)))))) -> 228.73724 | AU13: =0.016614*(S13/Y13)^(0.5107)*Z13^(-0.2768) -> 0.46054917 | AV13: =0.01619*(S13/Y13)^(0.5159)*Z13^(-0.2897) -> 0.46423662 | AW13: =0.07439*(S13/Y13)^(0.3117)*Z13^(-0.221) -> 0.56508321
B14: ='Dre-Dados'!B9 -> 4 | C14: ='Dre-Dados'!C9 -> 227.822 | E14: =IF(MINA(AK14,AL14,AM14)=10000,C14-Z14-IF(Z14=0.6,0.9,IF(Z14=0.8,0.8,IF(Z14=1,0.9,IF(Z14=1.2,1.1,1.15)))),MINA(AK14,AL14,AM14))-D14 -> 225.8326 | F14: =IF(ABS(C14-E14)<=Z14+IF(Z14=0.6,0.69,IF(Z14=0.8,0.79,0.89)),E14-C14,(C14-E14)) -> 1.9893995 | G14: =INDIRECT(REPLACE("C00",2,2,FIXED(AG14+10,0))) -> 227.4 | H14: =(E14-(J14*(U14/100))) -> 224.79961 | I14: =IF(ABS(G14-H14)<Z14+IF(Z14=0.6,0.69,IF(Z14=0.8,0.79,0.89)),H14-G14,(G14-H14)) -> 2.6003925 | J14: ='Dre-Dados'!E9 -> 85.02 | K14: ='Dre-Dados'!F9 -> 1.3972 | L14: ='Dre-Dados'!G9 -> 0.6 | M14: =IF($AH14=0,0,INDIRECT(REPLACE("M00",2,2,FIXED($AH14+10,0))))+IF($AI14=0,0,INDIRECT(REPLACE("M00",2,2,FIXED($AI14+10,0))))+IF($AJ14=0,0,INDIRECT(REPLACE("M00",2,2,FIXED($AJ14+10,0))))+K14 -> 4.9966 | N14: =IF(M14<1,1,M14^-0.178) -> 0.75099306 | O14: =MAXA(AN14,AO14,AP14) -> 16.71034 | P14: =+AB$3*AB$5^AB$4/(O14+AD$3)^AD$4 -> 137.03972 | Q14: =(((2.913+64.073*L14)/1000)*(O14*P14)^(1/3)) -> 0.54511841 | R14: =(2.778*K14*N14*P14*Q14) -> 217.75295 | S14: =IF($AH14=0,0,INDIRECT(REPLACE("S00",2,2,FIXED($AH14+10,0))))+IF($AI14=0,0,INDIRECT(REPLACE("S00",2,2,FIXED($AI14+10,0))))+IF($AJ14=0,0,INDIRECT(REPLACE("S00",2,2,FIXED($AJ14+10,0))))+R14 -> 886.32078 | T14: =(C14-G14)/J14*100 -> 0.4963538 | U14: 1.215 | V14: =(((S14/Y14*X14)/33.53/Z14^(8/3))^2) -> 0.15721619 | W14: C | X14: 0.015 | Y14: 1 | Z14: 1 | AA14: =IF(0.85*Z14>AS14,IF(0.3*Z14>AR14,AQ14,AR14),AS14) -> 0.42839663 | AB14: =IF(0.3*Z14>AU14,AU14,IF(0.85*Z14>AV14,AV14,AW14)) -> 0.53691929 | AC14: =((S14/Y14)/(AT14*Z14^2)) -> 2.7581921 | AD14: =(J14/(AC14*60))+O14 -> 17.224083 | AF14: ='Dre-Dados'!B9 -> 4 | AG14: ='Dre-Dados'!H9 -> 5 | AH14: ='Dre-Dados'!I9 -> 3 | AI14: ='Dre-Dados'!J9 -> 0 | AJ14: ='Dre-Dados'!K9 -> 0 | AK14: =IF(AH14=0,10000,INDIRECT(REPLACE("H00",2,2,FIXED(AH14+10,0)))) -> 225.8326 | AL14: =IF(AI14=0,10000,INDIRECT(REPLACE("H00",2,2,FIXED(AI14+10,0)))) -> 10000 | AM14: =IF(AJ14=0,10000,INDIRECT(REPLACE("H00",2,2,FIXED(AJ14+10,0)))) -> 10000 | AN14: =IF(AH14=0,15,INDIRECT(REPLACE("AD00",3,2,FIXED(AH14+10,0)))) -> 16.71034 | AO14: =IF(AI14=0,15,INDIRECT(REPLACE("AD00",3,2,FIXED(AI14+10,0)))) -> 15 | AP14: =IF(AJ14=0,15,INDIRECT(REPLACE("AD00",3,2,FIXED(AJ14+10,0)))) -> 15 | AQ14: =1.14*Z14^(-0.285)*(S14/1000/Y14*X14)^(0.482)*(U14/100)^(-0.241) -> 0.41127924 | AR14: =1.97107*(S14/1000/Y14)*X14*Z14^(-5/3)*(U14/100)^(-0.5)+0.19066*Z14 -> 0.42839663 | AS14: =15.428*(S14/1000/Y14*X14)^2.571*Z14^(-5.856)*(U14/100)^(-1.285) -> 0.066929261 | AT14: =250*((ACOS(1-(2*AA14/Z14))-(1-(2*AA14/Z14))*(SIN(ACOS(1-(2*AA14/Z14)))))) -> 321.34121 | AU14: =0.016614*(S14/Y14)^(0.5107)*Z14^(-0.2768) -> 0.53187416 | AV14: =0.01619*(S14/Y14)^(0.5159)*Z14^(-0.2897) -> 0.53691929 | AW14: =0.07439*(S14/Y14)^(0.3117)*Z14^(-0.221) -> 0.61699075
B15: ='Dre-Dados'!B10 -> 5 | C15: ='Dre-Dados'!C10 -> 227.4 | E15: =IF(MINA(AK15,AL15,AM15)=10000,C15-Z15-IF(Z15=0.6,0.9,IF(Z15=0.8,0.8,IF(Z15=1,0.9,IF(Z15=1.2,1.1,1.15)))),MINA(AK15,AL15,AM15))-D15 -> 224.79961 | F15: =IF(ABS(C15-E15)<=Z15+IF(Z15=0.6,0.69,IF(Z15=0.8,0.79,0.89)),E15-C15,(C15-E15)) -> 2.6003925 | G15: =INDIRECT(REPLACE("C00",2,2,FIXED(AG15+10,0))) -> 226.438 | H15: =(E15-(J15*(U15/100))) -> 224.03804 | I15: =IF(ABS(G15-H15)<Z15+IF(Z15=0.6,0.69,IF(Z15=0.8,0.79,0.89)),H15-G15,(G15-H15)) -> 2.3999605 | J15: ='Dre-Dados'!E10 -> 79.33 | K15: ='Dre-Dados'!F10 -> 1.1274 | L15: ='Dre-Dados'!G10 -> 0.6 | M15: =IF($AH15=0,0,INDIRECT(REPLACE("M00",2,2,FIXED($AH15+10,0))))+IF($AI15=0,0,INDIRECT(REPLACE("M00",2,2,FIXED($AI15+10,0))))+IF($AJ15=0,0,INDIRECT(REPLACE("M00",2,2,FIXED($AJ15+10,0))))+K15 -> 6.124 | N15: =IF(M15<1,1,M15^-0.178) -> 0.72428208 | O15: =MAXA(AN15,AO15,AP15) -> 17.224083 | P15: =+AB$3*AB$5^AB$4/(O15+AD$3)^AD$4 -> 135.03307 | Q15: =(((2.913+64.073*L15)/1000)*(O15*P15)^(1/3)) -> 0.54794758 | R15: =(2.778*K15*N15*P15*Q15) -> 167.84066 | S15: =IF($AH15=0,0,INDIRECT(REPLACE("S00",2,2,FIXED($AH15+10,0))))+IF($AI15=0,0,INDIRECT(REPLACE("S00",2,2,FIXED($AI15+10,0))))+IF($AJ15=0,0,INDIRECT(REPLACE("S00",2,2,FIXED($AJ15+10,0))))+R15 -> 1054.1614 | T15: =(C15-G15)/J15*100 -> 1.212656 | U15: 0.96 | V15: =(((S15/Y15*X15)/33.53/Z15^(8/3))^2) -> 0.22239738 | W15: C | X15: 0.015 | Y15: 1 | Z15: 1 | AA15: =IF(0.85*Z15>AS15,IF(0.3*Z15>AR15,AQ15,AR15),AS15) -> 0.50876084 | AB15: =IF(0.3*Z15>AU15,AU15,IF(0.85*Z15>AV15,AV15,AW15)) -> 0.58717105 | AC15: =((S15/Y15)/(AT15*Z15^2)) -> 2.6258228 | AD15: =(J15/(AC15*60))+O15 -> 17.727608 | AF15: ='Dre-Dados'!B10 -> 5 | AG15: ='Dre-Dados'!H10 -> 10 | AH15: ='Dre-Dados'!I10 -> 4 | AI15: ='Dre-Dados'!J10 -> 0 | AJ15: ='Dre-Dados'!K10 -> 0 | AK15: =IF(AH15=0,10000,INDIRECT(REPLACE("H00",2,2,FIXED(AH15+10,0)))) -> 224.79961 | AL15: =IF(AI15=0,10000,INDIRECT(REPLACE("H00",2,2,FIXED(AI15+10,0)))) -> 10000 | AM15: =IF(AJ15=0,10000,INDIRECT(REPLACE("H00",2,2,FIXED(AJ15+10,0)))) -> 10000 | AN15: =IF(AH15=0,15,INDIRECT(REPLACE("AD00",3,2,FIXED(AH15+10,0)))) -> 17.224083 | AO15: =IF(AI15=0,15,INDIRECT(REPLACE("AD00",3,2,FIXED(AI15+10,0)))) -> 15 | AP15: =IF(AJ15=0,15,INDIRECT(REPLACE("AD00",3,2,FIXED(AJ15+10,0)))) -> 15 | AQ15: =1.14*Z15^(-0.285)*(S15/1000/Y15*X15)^(0.482)*(U15/100)^(-0.241) -> 0.47325445 | AR15: =1.97107*(S15/1000/Y15)*X15*Z15^(-5/3)*(U15/100)^(-0.5)+0.19066*Z15 -> 0.50876084 | AS15: =15.428*(S15/1000/Y15*X15)^2.571*Z15^(-5.856)*(U15/100)^(-1.285) -> 0.14148681 | AT15: =250*((ACOS(1-(2*AA15/Z15))-(1-(2*AA15/Z15))*(SIN(ACOS(1-(2*AA15/Z15)))))) -> 401.45947 | AU15: =0.016614*(S15/Y15)^(0.5107)*Z15^(-0.2768) -> 0.58112944 | AV15: =0.01619*(S15/Y15)^(0.5159)*Z15^(-0.2897) -> 0.58717105 | AW15: =0.07439*(S15/Y15)^(0.3117)*Z15^(-0.221) -> 0.65126046
B16: ='Dre-Dados'!B11 -> 6 | C16: ='Dre-Dados'!C11 -> 230.596 | D16: 0.1 | E16: =IF(MINA(AK16,AL16,AM16)=10000,C16-Z16-IF(Z16=0.6,0.9,IF(Z16=0.8,0.8,IF(Z16=1,0.9,IF(Z16=1.2,1.1,1.15)))),MINA(AK16,AL16,AM16))-D16 -> 228.896 | F16: =IF(ABS(C16-E16)<=Z16+IF(Z16=0.6,0.69,IF(Z16=0.8,0.79,0.89)),E16-C16,(C16-E16)) -> 1.7 | G16: =INDIRECT(REPLACE("C00",2,2,FIXED(AG16+10,0))) -> 229.154 | H16: =(E16-(J16*(U16/100))) -> 227.42303 | I16: =IF(ABS(G16-H16)<Z16+IF(Z16=0.6,0.69,IF(Z16=0.8,0.79,0.89)),H16-G16,(G16-H16)) -> 1.730965 | J16: ='Dre-Dados'!E11 -> 68.51 | K16: ='Dre-Dados'!F11 -> 0.8448 | L16: ='Dre-Dados'!G11 -> 0.6 | M16: =IF($AH16=0,0,INDIRECT(REPLACE("M00",2,2,FIXED($AH16+10,0))))+IF($AI16=0,0,INDIRECT(REPLACE("M00",2,2,FIXED($AI16+10,0))))+IF($AJ16=0,0,INDIRECT(REPLACE("M00",2,2,FIXED($AJ16+10,0))))+K16 -> 0.8448 | N16: =IF(M16<1,1,M16^-0.178) -> 1 | O16: =MAXA(AN16,AO16,AP16) -> 15 | P16: =+AB$3*AB$5^AB$4/(O16+AD$3)^AD$4 -> 144.23288 | Q16: =(((2.913+64.073*L16)/1000)*(O16*P16)^(1/3)) -> 0.53489119 | R16: =(2.778*K16*N16*P16*Q16) -> 181.05723 | S16: =IF($AH16=0,0,INDIRECT(REPLACE("S00",2,2,FIXED($AH16+10,0))))+IF($AI16=0,0,INDIRECT(REPLACE("S00",2,2,FIXED($AI16+10,0))))+IF($AJ16=0,0,INDIRECT(REPLACE("S00",2,2,FIXED($AJ16+10,0))))+R16 -> 181.05723 | T16: =(C16-G16)/J16*100 -> 2.1048022 | U16: 2.15 | V16: =(((S16/Y16*X16)/33.53/Z16^(8/3))^2) -> 0.021567537 | W16: C | X16: 0.015 | Y16: 1 | Z16: 0.8 | AA16: =IF(0.85*Z16>AS16,IF(0.3*Z16>AR16,AQ16,AR16),AS16) -> 0.17764368 | AB16: =IF(0.3*Z16>AU16,AU16,IF(0.85*Z16>AV16,AV16,AW16)) -> 0.25242298 | AC16: =((S16/Y16)/(AT16*Z16^2)) -> 2.1792072 | AD16: =(J16/(AC16*60))+O16 -> 15.523967 | AF16: ='Dre-Dados'!B11 -> 6 | AG16: ='Dre-Dados'!H11 -> 7 | AH16: ='Dre-Dados'!I11 -> 0 | AI16: ='Dre-Dados'!J11 -> 0 | AJ16: ='Dre-Dados'!K11 -> 0 | AK16: =IF(AH16=0,10000,INDIRECT(REPLACE("H00",2,2,FIXED(AH16+10,0)))) -> 10000 | AL16: =IF(AI16=0,10000,INDIRECT(REPLACE("H00",2,2,FIXED(AI16+10,0)))) -> 10000 | AM16: =IF(AJ16=0,10000,INDIRECT(REPLACE("H00",2,2,FIXED(AJ16+10,0)))) -> 10000 | AN16: =IF(AH16=0,15,INDIRECT(REPLACE("AD00",3,2,FIXED(AH16+10,0)))) -> 15 | AO16: =IF(AI16=0,15,INDIRECT(REPLACE("AD00",3,2,FIXED(AI16+10,0)))) -> 15 | AP16: =IF(AJ16=0,15,INDIRECT(REPLACE("AD00",3,2,FIXED(AJ16+10,0)))) -> 15 | AQ16: =1.14*Z16^(-0.285)*(S16/1000/Y16*X16)^(0.482)*(U16/100)^(-0.241) -> 0.17764368 | AR16: =1.97107*(S16/1000/Y16)*X16*Z16^(-5/3)*(U16/100)^(-0.5)+0.19066*Z16 -> 0.20548296 | AS16: =15.428*(S16/1000/Y16*X16)^2.571*Z16^(-5.856)*(U16/100)^(-1.285) -> 0.0020008129 | AT16: =250*((ACOS(1-(2*AA16/Z16))-(1-(2*AA16/Z16))*(SIN(ACOS(1-(2*AA16/Z16)))))) -> 129.81874 | AU16: =0.016614*(S16/Y16)^(0.5107)*Z16^(-0.2768) -> 0.25140011 | AV16: =0.01619*(S16/Y16)^(0.5159)*Z16^(-0.2897) -> 0.25242298 | AW16: =0.07439*(S16/Y16)^(0.3117)*Z16^(-0.221) -> 0.39508713
B17: ='Dre-Dados'!B12 -> 7 | C17: ='Dre-Dados'!C12 -> 229.154 | E17: =IF(MINA(AK17,AL17,AM17)=10000,C17-Z17-IF(Z17=0.6,0.9,IF(Z17=0.8,0.8,IF(Z17=1,0.9,IF(Z17=1.2,1.1,1.15)))),MINA(AK17,AL17,AM17))-D17 -> 227.42303 | F17: =IF(ABS(C17-E17)<=Z17+IF(Z17=0.6,0.69,IF(Z17=0.8,0.79,0.89)),E17-C17,(C17-E17)) -> 1.730965 | G17: =INDIRECT(REPLACE("C00",2,2,FIXED(AG17+10,0))) -> 228.29 | H17: =(E17-(J17*(U17/100))) -> 226.56666 | I17: =IF(ABS(G17-H17)<Z17+IF(Z17=0.6,0.69,IF(Z17=0.8,0.79,0.89)),H17-G17,(G17-H17)) -> 1.72334 | J17: ='Dre-Dados'!E12 -> 68.51 | K17: ='Dre-Dados'!F12 -> 0.368 | L17: ='Dre-Dados'!G12 -> 0.6 | M17: =IF($AH17=0,0,INDIRECT(REPLACE("M00",2,2,FIXED($AH17+10,0))))+IF($AI17=0,0,INDIRECT(REPLACE("M00",2,2,FIXED($AI17+10,0))))+IF($AJ17=0,0,INDIRECT(REPLACE("M00",2,2,FIXED($AJ17+10,0))))+K17 -> 1.2128 | N17: =IF(M17<1,1,M17^-0.178) -> 0.96624114 | O17: =MAXA(AN17,AO17,AP17) -> 15.523967 | P17: =+AB$3*AB$5^AB$4/(O17+AD$3)^AD$4 -> 141.94045 | Q17: =(((2.913+64.073*L17)/1000)*(O17*P17)^(1/3)) -> 0.53816638 | R17: =(2.778*K17*N17*P17*Q17) -> 75.455052 | S17: =IF($AH17=0,0,INDIRECT(REPLACE("S00",2,2,FIXED($AH17+10,0))))+IF($AI17=0,0,INDIRECT(REPLACE("S00",2,2,FIXED($AI17+10,0))))+IF($AJ17=0,0,INDIRECT(REPLACE("S00",2,2,FIXED($AJ17+10,0))))+R17 -> 256.51228 | T17: =(C17-G17)/J17*100 -> 1.2611298 | U17: 1.25 | V17: =(((S17/Y17*X17)/33.53/Z17^(8/3))^2) -> 0.043289756 | W17: C | X17: 0.015 | Y17: 1 | Z17: 0.8 | AA17: =IF(0.85*Z17>AS17,IF(0.3*Z17>AR17,AQ17,AR17),AS17) -> 0.25092076 | AB17: =IF(0.3*Z17>AU17,AU17,IF(0.85*Z17>AV17,AV17,AW17)) -> 0.30212077 | AC17: =((S17/Y17)/(AT17*Z17^2)) -> 1.901702 | AD17: =(J17/(AC17*60))+O17 -> 16.124394 | AF17: ='Dre-Dados'!B12 -> 7 | AG17: ='Dre-Dados'!H12 -> 8 | AH17: ='Dre-Dados'!I12 -> 6 | AI17: ='Dre-Dados'!J12 -> 0 | AJ17: ='Dre-Dados'!K12 -> 0 | AK17: =IF(AH17=0,10000,INDIRECT(REPLACE("H00",2,2,FIXED(AH17+10,0)))) -> 227.42303 | AL17: =IF(AI17=0,10000,INDIRECT(REPLACE("H00",2,2,FIXED(AI17+10,0)))) -> 10000 | AM17: =IF(AJ17=0,10000,INDIRECT(REPLACE("H00",2,2,FIXED(AJ17+10,0)))) -> 10000 | AN17: =IF(AH17=0,15,INDIRECT(REPLACE("AD00",3,2,FIXED(AH17+10,0)))) -> 15.523967 | AO17: =IF(AI17=0,15,INDIRECT(REPLACE("AD00",3,2,FIXED(AI17+10,0)))) -> 15 | AP17: =IF(AJ17=0,15,INDIRECT(REPLACE("AD00",3,2,FIXED(AJ17+10,0)))) -> 15 | AQ17: =1.14*Z17^(-0.285)*(S17/1000/Y17*X17)^(0.482)*(U17/100)^(-0.241) -> 0.23946112 | AR17: =1.97107*(S17/1000/Y17)*X17*Z17^(-5/3)*(U17/100)^(-0.5)+0.19066*Z17 -> 0.25092076 | AS17: =15.428*(S17/1000/Y17*X17)^2.571*Z17^(-5.856)*(U17/100)^(-1.285) -> 0.0098363281 | AT17: =250*((ACOS(1-(2*AA17/Z17))-(1-(2*AA17/Z17))*(SIN(ACOS(1-(2*AA17/Z17)))))) -> 210.75881 | AU17: =0.016614*(S17/Y17)^(0.5107)*Z17^(-0.2768) -> 0.30035194 | AV17: =0.01619*(S17/Y17)^(0.5159)*Z17^(-0.2897) -> 0.30212077 | AW17: =0.07439*(S17/Y17)^(0.3117)*Z17^(-0.221) -> 0.44040342
B18: ='Dre-Dados'!B13 -> 8 | C18: ='Dre-Dados'!C13 -> 228.29 | E18: =IF(MINA(AK18,AL18,AM18)=10000,C18-Z18-IF(Z18=0.6,0.9,IF(Z18=0.8,0.8,IF(Z18=1,0.9,IF(Z18=1.2,1.1,1.15)))),MINA(AK18,AL18,AM18))-D18 -> 226.56666 | F18: =IF(ABS(C18-E18)<=Z18+IF(Z18=0.6,0.69,IF(Z18=0.8,0.79,0.89)),E18-C18,(C18-E18)) -> 1.72334 | G18: =INDIRECT(REPLACE("C00",2,2,FIXED(AG18+10,0))) -> 227.505 | H18: =(E18-(J18*(U18/100))) -> 225.80447 | I18: =IF(ABS(G18-H18)<Z18+IF(Z18=0.6,0.69,IF(Z18=0.8,0.79,0.89)),H18-G18,(G18-H18)) -> 1.70053 | J18: ='Dre-Dados'!E13 -> 69.29 | K18: ='Dre-Dados'!F13 -> 1.7585 | L18: ='Dre-Dados'!G13 -> 0.6 | M18: =IF($AH18=0,0,INDIRECT(REPLACE("M00",2,2,FIXED($AH18+10,0))))+IF($AI18=0,0,INDIRECT(REPLACE("M00",2,2,FIXED($AI18+10,0))))+IF($AJ18=0,0,INDIRECT(REPLACE("M00",2,2,FIXED($AJ18+10,0))))+K18 -> 2.9713 | N18: =IF(M18<1,1,M18^-0.178) -> 0.82378812 | O18: =MAXA(AN18,AO18,AP18) -> 16.124394 | P18: =+AB$3*AB$5^AB$4/(O18+AD$3)^AD$4 -> 139.41187 | Q18: =(((2.913+64.073*L18)/1000)*(O18*P18)^(1/3)) -> 0.54176131 | R18: =(2.778*K18*N18*P18*Q18) -> 303.94701 | S18: =IF($AH18=0,0,INDIRECT(REPLACE("S00",2,2,FIXED($AH18+10,0))))+IF($AI18=0,0,INDIRECT(REPLACE("S00",2,2,FIXED($AI18+10,0))))+IF($AJ18=0,0,INDIRECT(REPLACE("S00",2,2,FIXED($AJ18+10,0))))+R18 -> 560.45929 | T18: =(C18-G18)/J18*100 -> 1.1329196 | U18: 1.1 | V18: =(((S18/Y18*X18)/33.53/Z18^(8/3))^2) -> 0.20666026 | W18: C | X18: 0.015 | Y18: 1 | Z18: 0.8 | AA18: =IF(0.85*Z18>AS18,IF(0.3*Z18>AR18,AQ18,AR18),AS18) -> 0.38169798 | AB18: =IF(0.3*Z18>AU18,AU18,IF(0.85*Z18>AV18,AV18,AW18)) -> 0.45216357 | AC18: =((S18/Y18)/(AT18*Z18^2)) -> 2.3678953 | AD18: =(J18/(AC18*60))+O18 -> 16.612099 | AF18: ='Dre-Dados'!B13 -> 8 | AG18: ='Dre-Dados'!H13 -> 9 | AH18: ='Dre-Dados'!I13 -> 7 | AI18: ='Dre-Dados'!J13 -> 0 | AJ18: ='Dre-Dados'!K13 -> 0 | AK18: =IF(AH18=0,10000,INDIRECT(REPLACE("H00",2,2,FIXED(AH18+10,0)))) -> 226.56666 | AL18: =IF(AI18=0,10000,INDIRECT(REPLACE("H00",2,2,FIXED(AI18+10,0)))) -> 10000 | AM18: =IF(AJ18=0,10000,INDIRECT(REPLACE("H00",2,2,FIXED(AJ18+10,0)))) -> 10000 | AN18: =IF(AH18=0,15,INDIRECT(REPLACE("AD00",3,2,FIXED(AH18+10,0)))) -> 16.124394 | AO18: =IF(AI18=0,15,INDIRECT(REPLACE("AD00",3,2,FIXED(AI18+10,0)))) -> 15 | AP18: =IF(AJ18=0,15,INDIRECT(REPLACE("AD00",3,2,FIXED(AJ18+10,0)))) -> 15 | AQ18: =1.14*Z18^(-0.285)*(S18/1000/Y18*X18)^(0.482)*(U18/100)^(-0.241) -> 0.35993394 | AR18: =1.97107*(S18/1000/Y18)*X18*Z18^(-5/3)*(U18/100)^(-0.5)+0.19066*Z18 -> 0.38169798 | AS18: =15.428*(S18/1000/Y18*X18)^2.571*Z18^(-5.856)*(U18/100)^(-1.285) -> 0.086469413 | AT18: =250*((ACOS(1-(2*AA18/Z18))-(1-(2*AA18/Z18))*(SIN(ACOS(1-(2*AA18/Z18)))))) -> 369.82954 | AU18: =0.016614*(S18/Y18)^(0.5107)*Z18^(-0.2768) -> 0.44769305 | AV18: =0.01619*(S18/Y18)^(0.5159)*Z18^(-0.2897) -> 0.45216357 | AW18: =0.07439*(S18/Y18)^(0.3117)*Z18^(-0.221) -> 0.56189201
B19: ='Dre-Dados'!B14 -> 9 | C19: ='Dre-Dados'!C14 -> 227.505 | E19: =IF(MINA(AK19,AL19,AM19)=10000,C19-Z19-IF(Z19=0.6,0.9,IF(Z19=0.8,0.8,IF(Z19=1,0.9,IF(Z19=1.2,1.1,1.15)))),MINA(AK19,AL19,AM19))-D19 -> 225.80447 | F19: =IF(ABS(C19-E19)<=Z19+IF(Z19=0.6,0.69,IF(Z19=0.8,0.79,0.89)),E19-C19,(C19-E19)) -> 1.70053 | G19: =INDIRECT(REPLACE("C00",2,2,FIXED(AG19+10,0))) -> 226.438 | H19: =(E19-(J19*(U19/100))) -> 224.73047 | I19: =IF(ABS(G19-H19)<Z19+IF(Z19=0.6,0.69,IF(Z19=0.8,0.79,0.89)),H19-G19,(G19-H19)) -> 1.707525 | J19: ='Dre-Dados'!E14 -> 69.29 | K19: ='Dre-Dados'!F14 -> 0.426 | L19: ='Dre-Dados'!G14 -> 0.6 | M19: =IF($AH19=0,0,INDIRECT(REPLACE("M00",2,2,FIXED($AH19+10,0))))+IF($AI19=0,0,INDIRECT(REPLACE("M00",2,2,FIXED($AI19+10,0))))+IF($AJ19=0,0,INDIRECT(REPLACE("M00",2,2,FIXED($AJ19+10,0))))+K19 -> 3.3973 | N19: =IF(M19<1,1,M19^-0.178) -> 0.80437426 | O19: =MAXA(AN19,AO19,AP19) -> 16.612099 | P19: =+AB$3*AB$5^AB$4/(O19+AD$3)^AD$4 -> 137.43111 | Q19: =(((2.913+64.073*L19)/1000)*(O19*P19)^(1/3)) -> 0.54456549 | R19: =(2.778*K19*N19*P19*Q19) -> 71.241846 | S19: =IF($AH19=0,0,INDIRECT(REPLACE("S00",2,2,FIXED($AH19+10,0))))+IF($AI19=0,0,INDIRECT(REPLACE("S00",2,2,FIXED($AI19+10,0))))+IF($AJ19=0,0,INDIRECT(REPLACE("S00",2,2,FIXED($AJ19+10,0))))+R19 -> 631.70114 | T19: =(C19-G19)/J19*100 -> 1.5399047 | U19: 1.55 | V19: =(((S19/Y19*X19)/33.53/Z19^(8/3))^2) -> 0.26253798 | W19: C | X19: 0.015 | Y19: 1 | Z19: 0.8 | AA19: =IF(0.85*Z19>AS19,IF(0.3*Z19>AR19,AQ19,AR19),AS19) -> 0.37012645 | AB19: =IF(0.3*Z19>AU19,AU19,IF(0.85*Z19>AV19,AV19,AW19)) -> 0.48095633 | AC19: =((S19/Y19)/(AT19*Z19^2)) -> 2.7773088 | AD19: =(J19/(AC19*60))+O19 -> 17.027909 | AF19: ='Dre-Dados'!B14 -> 9 | AG19: ='Dre-Dados'!H14 -> 10 | AH19: ='Dre-Dados'!I14 -> 8 | AI19: ='Dre-Dados'!J14 -> 0 | AJ19: ='Dre-Dados'!K14 -> 0 | AK19: =IF(AH19=0,10000,INDIRECT(REPLACE("H00",2,2,FIXED(AH19+10,0)))) -> 225.80447 | AL19: =IF(AI19=0,10000,INDIRECT(REPLACE("H00",2,2,FIXED(AI19+10,0)))) -> 10000 | AM19: =IF(AJ19=0,10000,INDIRECT(REPLACE("H00",2,2,FIXED(AJ19+10,0)))) -> 10000 | AN19: =IF(AH19=0,15,INDIRECT(REPLACE("AD00",3,2,FIXED(AH19+10,0)))) -> 16.612099 | AO19: =IF(AI19=0,15,INDIRECT(REPLACE("AD00",3,2,FIXED(AI19+10,0)))) -> 15 | AP19: =IF(AJ19=0,15,INDIRECT(REPLACE("AD00",3,2,FIXED(AJ19+10,0)))) -> 15 | AQ19: =1.14*Z19^(-0.285)*(S19/1000/Y19*X19)^(0.482)*(U19/100)^(-0.241) -> 0.35105638 | AR19: =1.97107*(S19/1000/Y19)*X19*Z19^(-5/3)*(U19/100)^(-0.5)+0.19066*Z19 -> 0.37012645 | AS19: =15.428*(S19/1000/Y19*X19)^2.571*Z19^(-5.856)*(U19/100)^(-1.285) -> 0.075698023 | AT19: =250*((ACOS(1-(2*AA19/Z19))-(1-(2*AA19/Z19))*(SIN(ACOS(1-(2*AA19/Z19)))))) -> 355.39189 | AU19: =0.016614*(S19/Y19)^(0.5107)*Z19^(-0.2768) -> 0.47590493 | AV19: =0.01619*(S19/Y19)^(0.5159)*Z19^(-0.2897) -> 0.48095633 | AW19: =0.07439*(S19/Y19)^(0.3117)*Z19^(-0.221) -> 0.58324518
B20: ='Dre-Dados'!B15 -> 10 | C20: ='Dre-Dados'!C15 -> 226.438 | E20: =IF(MINA(AK20,AL20,AM20)=10000,C20-Z20-IF(Z20=0.6,0.9,IF(Z20=0.8,0.8,IF(Z20=1,0.9,IF(Z20=1.2,1.1,1.15)))),MINA(AK20,AL20,AM20))-D20 -> 224.03804 | F20: =IF(ABS(C20-E20)<=Z20+IF(Z20=0.6,0.69,IF(Z20=0.8,0.79,0.89)),E20-C20,(C20-E20)) -> 2.3999605 | G20: =INDIRECT(REPLACE("C00",2,2,FIXED(AG20+10,0))) -> 224.766 | H20: =(E20-(J20*(U20/100))) -> 222.38181 | I20: =IF(ABS(G20-H20)<Z20+IF(Z20=0.6,0.69,IF(Z20=0.8,0.79,0.89)),H20-G20,(G20-H20)) -> 2.3841855 | J20: ='Dre-Dados'!E15 -> 73.61 | K20: ='Dre-Dados'!F15 -> 0.6962 | L20: ='Dre-Dados'!G15 -> 0.6 | M20: =IF($AH20=0,0,INDIRECT(REPLACE("M00",2,2,FIXED($AH20+10,0))))+IF($AI20=0,0,INDIRECT(REPLACE("M00",2,2,FIXED($AI20+10,0))))+IF($AJ20=0,0,INDIRECT(REPLACE("M00",2,2,FIXED($AJ20+10,0))))+K20 -> 10.2175 | N20: =IF(M20<1,1,M20^-0.178) -> 0.6612058 | O20: =MAXA(AN20,AO20,AP20) -> 17.727608 | P20: =+AB$3*AB$5^AB$4/(O20+AD$3)^AD$4 -> 133.12923 | Q20: =(((2.913+64.073*L20)/1000)*(O20*P20)^(1/3)) -> 0.55062354 | R20: =(2.778*K20*N20*P20*Q20) -> 93.741328 | S20: =IF($AH20=0,0,INDIRECT(REPLACE("S00",2,2,FIXED($AH20+10,0))))+IF($AI20=0,0,INDIRECT(REPLACE("S00",2,2,FIXED($AI20+10,0))))+IF($AJ20=0,0,INDIRECT(REPLACE("S00",2,2,FIXED($AJ20+10,0))))+R20 -> 1779.6039 | T20: =(C20-G20)/J20*100 -> 2.2714305 | U20: 2.25 | V20: =(((S20/Y20*X20)/33.53/Z20^(8/3))^2) -> 0.63381441 | W20: C | X20: 0.015 | Y20: 1 | Z20: 1 | AA20: =IF(0.85*Z20>AS20,IF(0.3*Z20>AR20,AQ20,AR20),AS20) -> 0.54143239 | AB20: =IF(0.3*Z20>AU20,AU20,IF(0.85*Z20>AV20,AV20,AW20)) -> 0.76928748 | AC20: =((S20/Y20)/(AT20*Z20^2)) -> 4.0996763 | AD20: =(J20/(AC20*60))+O20 -> 18.026859 | AF20: ='Dre-Dados'!B15 -> 10 | AG20: ='Dre-Dados'!H15 -> 11 | AH20: ='Dre-Dados'!I15 -> 9 | AI20: ='Dre-Dados'!J15 -> 5 | AJ20: ='Dre-Dados'!K15 -> 0 | AK20: =IF(AH20=0,10000,INDIRECT(REPLACE("H00",2,2,FIXED(AH20+10,0)))) -> 224.73047 | AL20: =IF(AI20=0,10000,INDIRECT(REPLACE("H00",2,2,FIXED(AI20+10,0)))) -> 224.03804 | AM20: =IF(AJ20=0,10000,INDIRECT(REPLACE("H00",2,2,FIXED(AJ20+10,0)))) -> 10000 | AN20: =IF(AH20=0,15,INDIRECT(REPLACE("AD00",3,2,FIXED(AH20+10,0)))) -> 17.027909 | AO20: =IF(AI20=0,15,INDIRECT(REPLACE("AD00",3,2,FIXED(AI20+10,0)))) -> 17.727608 | AP20: =IF(AJ20=0,15,INDIRECT(REPLACE("AD00",3,2,FIXED(AJ20+10,0)))) -> 15 | AQ20: =1.14*Z20^(-0.285)*(S20/1000/Y20*X20)^(0.482)*(U20/100)^(-0.241) -> 0.49609027 | AR20: =1.97107*(S20/1000/Y20)*X20*Z20^(-5/3)*(U20/100)^(-0.5)+0.19066*Z20 -> 0.54143239 | AS20: =15.428*(S20/1000/Y20*X20)^2.571*Z20^(-5.856)*(U20/100)^(-1.285) -> 0.18199818 | AT20: =250*((ACOS(1-(2*AA20/Z20))-(1-(2*AA20/Z20))*(SIN(ACOS(1-(2*AA20/Z20)))))) -> 434.084 | AU20: =0.016614*(S20/Y20)^(0.5107)*Z20^(-0.2768) -> 0.75930165 | AV20: =0.01619*(S20/Y20)^(0.5159)*Z20^(-0.2897) -> 0.76928748 | AW20: =0.07439*(S20/Y20)^(0.3117)*Z20^(-0.221) -> 0.76672628
B21: ='Dre-Dados'!B16 -> 11 | C21: ='Dre-Dados'!C16 -> 224.766 | E21: =IF(MINA(AK21,AL21,AM21)=10000,C21-Z21-IF(Z21=0.6,0.9,IF(Z21=0.8,0.8,IF(Z21=1,0.9,IF(Z21=1.2,1.1,1.15)))),MINA(AK21,AL21,AM21))-D21 -> 222.38181 | F21: =IF(ABS(C21-E21)<=Z21+IF(Z21=0.6,0.69,IF(Z21=0.8,0.79,0.89)),E21-C21,(C21-E21)) -> 2.3841855 | G21: ='Dre-Dados'!D16 -> 222.224 | H21: =(E21-(J21*(U21/100))) -> 221.2235 | I21: =IF(ABS(G21-H21)<Z21+IF(Z21=0.6,0.69,IF(Z21=0.8,0.79,0.89)),H21-G21,(G21-H21)) -> -1.0004975 | J21: ='Dre-Dados'!E16 -> 34.68 | K21: ='Dre-Dados'!F16 -> 1.1776 | L21: ='Dre-Dados'!G16 -> 0.6 | M21: =IF($AH21=0,0,INDIRECT(REPLACE("M00",2,2,FIXED($AH21+10,0))))+IF($AI21=0,0,INDIRECT(REPLACE("M00",2,2,FIXED($AI21+10,0))))+IF($AJ21=0,0,INDIRECT(REPLACE("M00",2,2,FIXED($AJ21+10,0))))+K21 -> 11.3951 | N21: =IF(M21<1,1,M21^-0.178) -> 0.64849133 | O21: =MAXA(AN21,AO21,AP21) -> 18.026859 | P21: =+AB$3*AB$5^AB$4/(O21+AD$3)^AD$4 -> 132.02599 | Q21: =(((2.913+64.073*L21)/1000)*(O21*P21)^(1/3)) -> 0.55217079 | R21: =(2.778*K21*N21*P21*Q21) -> 154.65611 | S21: =IF($AH21=0,0,INDIRECT(REPLACE("S00",2,2,FIXED($AH21+10,0))))+IF($AI21=0,0,INDIRECT(REPLACE("S00",2,2,FIXED($AI21+10,0))))+IF($AJ21=0,0,INDIRECT(REPLACE("S00",2,2,FIXED($AJ21+10,0))))+R21 -> 1934.26 | T21: =(C21-G21)/J21*100 -> 7.3298731 | U21: 3.34 | V21: =(((S21/Y21*X21)/33.53/Z21^(8/3))^2) -> 0.74876428 | W21: C | X21: 0.015 | Y21: 1 | Z21: 1 | AA21: =IF(0.85*Z21>AS21,IF(0.3*Z21>AR21,AQ21,AR21),AS21) -> 0.50358116 | AB21: =IF(0.3*Z21>AU21,AU21,IF(0.85*Z21>AV21,AV21,AW21)) -> 0.80308195 | AC21: =((S21/Y21)/(AT21*Z21^2)) -> 4.8810412 | AD21: =(J21/(AC21*60))+O21 -> 18.145276 | AF21: ='Dre-Dados'!B16 -> 11 | AG21: ='Dre-Dados'!H16 -> 0 | AH21: ='Dre-Dados'!I16 -> 10 | AI21: ='Dre-Dados'!J16 -> 0 | AJ21: ='Dre-Dados'!K16 -> 0 | AK21: =IF(AH21=0,10000,INDIRECT(REPLACE("H00",2,2,FIXED(AH21+10,0)))) -> 222.38181 | AL21: =IF(AI21=0,10000,INDIRECT(REPLACE("H00",2,2,FIXED(AI21+10,0)))) -> 10000 | AM21: =IF(AJ21=0,10000,INDIRECT(REPLACE("H00",2,2,FIXED(AJ21+10,0)))) -> 10000 | AN21: =IF(AH21=0,15,INDIRECT(REPLACE("AD00",3,2,FIXED(AH21+10,0)))) -> 18.026859 | AO21: =IF(AI21=0,15,INDIRECT(REPLACE("AD00",3,2,FIXED(AI21+10,0)))) -> 15 | AP21: =IF(AJ21=0,15,INDIRECT(REPLACE("AD00",3,2,FIXED(AJ21+10,0)))) -> 15 | AQ21: =1.14*Z21^(-0.285)*(S21/1000/Y21*X21)^(0.482)*(U21/100)^(-0.241) -> 0.46952433 | AR21: =1.97107*(S21/1000/Y21)*X21*Z21^(-5/3)*(U21/100)^(-0.5)+0.19066*Z21 -> 0.50358116 | AS21: =15.428*(S21/1000/Y21*X21)^2.571*Z21^(-5.856)*(U21/100)^(-1.285) -> 0.13572372 | AT21: =250*((ACOS(1-(2*AA21/Z21))-(1-(2*AA21/Z21))*(SIN(ACOS(1-(2*AA21/Z21)))))) -> 396.28021 | AU21: =0.016614*(S21/Y21)^(0.5107)*Z21^(-0.2768) -> 0.79231402 | AV21: =0.01619*(S21/Y21)^(0.5159)*Z21^(-0.2897) -> 0.80308195 | AW21: =0.07439*(S21/Y21)^(0.3117)*Z21^(-0.221) -> 0.78690307
B22: ='Dre-Dados'!B17 -> 12 | C22: ='Dre-Dados'!C17 -> 0 | E22: =IF(MINA(AK22,AL22,AM22)=10000,C22-Z22-IF(Z22=0.6,0.9,IF(Z22=0.8,0.8,IF(Z22=1,0.9,IF(Z22=1.2,1.1,1.15)))),MINA(AK22,AL22,AM22))-D22 -> -1.6 | F22: =IF(ABS(C22-E22)<=Z22+IF(Z22=0.6,0.69,IF(Z22=0.8,0.79,0.89)),E22-C22,(C22-E22)) -> 1.6 | G22: ='Dre-Dados'!D17 -> 0 | H22: =(E22-(J22*(U22/100))) -> -1.6 | I22: =IF(ABS(G22-H22)<Z22+IF(Z22=0.6,0.69,IF(Z22=0.8,0.79,0.89)),H22-G22,(G22-H22)) -> 1.6 | J22: ='Dre-Dados'!E17 -> 0 | K22: ='Dre-Dados'!F17 -> 0 | L22: ='Dre-Dados'!G17 -> 0 | M22: =IF($AH22=0,0,INDIRECT(REPLACE("M00",2,2,FIXED($AH22+10,0))))+IF($AI22=0,0,INDIRECT(REPLACE("M00",2,2,FIXED($AI22+10,0))))+IF($AJ22=0,0,INDIRECT(REPLACE("M00",2,2,FIXED($AJ22+10,0))))+K22 -> 0 | N22: =IF(M22<1,1,M22^-0.178) -> 1 | O22: =MAXA(AN22,AO22,AP22) -> 15 | P22: =+AB$3*AB$5^AB$4/(O22+AD$3)^AD$4 -> 144.23288 | Q22: =(((2.913+64.073*L22)/1000)*(O22*P22)^(1/3)) -> 0.037675498 | R22: =(2.778*K22*N22*P22*Q22) -> 0 | S22: =IF($AH22=0,0,INDIRECT(REPLACE("S00",2,2,FIXED($AH22+10,0))))+IF($AI22=0,0,INDIRECT(REPLACE("S00",2,2,FIXED($AI22+10,0))))+IF($AJ22=0,0,INDIRECT(REPLACE("S00",2,2,FIXED($AJ22+10,0))))+R22 -> 0 | T22: =(C22-G22)/J22*100 -> #DIV/0! | V22: =(((S22/Y22*X22)/33.53/Z22^(8/3))^2) -> 0 | W22: C | X22: 0.015 | Y22: 1 | Z22: 0.8 | AA22: =IF(0.85*Z22>AS22,IF(0.3*Z22>AR22,AQ22,AR22),AS22) -> #DIV/0! | AB22: =IF(0.3*Z22>AU22,AU22,IF(0.85*Z22>AV22,AV22,AW22)) -> 0 | AC22: =((S22/Y22)/(AT22*Z22^2)) -> #DIV/0! | AD22: =(J22/(AC22*60))+O22 -> #DIV/0! | AF22: ='Dre-Dados'!B17 -> 12 | AG22: ='Dre-Dados'!H17 -> 0 | AH22: ='Dre-Dados'!I17 -> 0 | AI22: ='Dre-Dados'!J17 -> 0 | AJ22: ='Dre-Dados'!K17 -> 0 | AK22: =IF(AH22=0,10000,INDIRECT(REPLACE("H00",2,2,FIXED(AH22+10,0)))) -> 10000 | AL22: =IF(AI22=0,10000,INDIRECT(REPLACE("H00",2,2,FIXED(AI22+10,0)))) -> 10000 | AM22: =IF(AJ22=0,10000,INDIRECT(REPLACE("H00",2,2,FIXED(AJ22+10,0)))) -> 10000 | AN22: =IF(AH22=0,15,INDIRECT(REPLACE("AD00",3,2,FIXED(AH22+10,0)))) -> 15 | AO22: =IF(AI22=0,15,INDIRECT(REPLACE("AD00",3,2,FIXED(AI22+10,0)))) -> 15 | AP22: =IF(AJ22=0,15,INDIRECT(REPLACE("AD00",3,2,FIXED(AJ22+10,0)))) -> 15 | AQ22: =1.14*Z22^(-0.285)*(S22/1000/Y22*X22)^(0.482)*(U22/100)^(-0.241) -> #DIV/0! | AR22: =1.97107*(S22/1000/Y22)*X22*Z22^(-5/3)*(U22/100)^(-0.5)+0.19066*Z22 -> #DIV/0! | AS22: =15.428*(S22/1000/Y22*X22)^2.571*Z22^(-5.856)*(U22/100)^(-1.285) -> #DIV/0! | AT22: =250*((ACOS(1-(2*AA22/Z22))-(1-(2*AA22/Z22))*(SIN(ACOS(1-(2*AA22/Z22)))))) -> #DIV/0! | AU22: =0.016614*(S22/Y22)^(0.5107)*Z22^(-0.2768) -> 0 | AV22: =0.01619*(S22/Y22)^(0.5159)*Z22^(-0.2897) -> 0 | AW22: =0.07439*(S22/Y22)^(0.3117)*Z22^(-0.221) -> 0
B23: ='Dre-Dados'!B18 -> 13 | C23: ='Dre-Dados'!C18 -> 0 | E23: =IF(MINA(AK23,AL23,AM23)=10000,C23-Z23-IF(Z23=0.6,0.9,IF(Z23=0.8,0.8,IF(Z23=1,0.9,IF(Z23=1.2,1.1,1.15)))),MINA(AK23,AL23,AM23))-D23 -> -1.6 | F23: =IF(ABS(C23-E23)<=Z23+IF(Z23=0.6,0.69,IF(Z23=0.8,0.79,0.89)),E23-C23,(C23-E23)) -> 1.6 | G23: =INDIRECT(REPLACE("C00",2,2,FIXED(AG23+10,0))) -> 0 | H23: =(E23-(J23*(U23/100))) -> -1.6 | I23: =IF(ABS(G23-H23)<Z23+IF(Z23=0.6,0.69,IF(Z23=0.8,0.79,0.89)),H23-G23,(G23-H23)) -> 1.6 | J23: ='Dre-Dados'!E18 -> 0 | K23: ='Dre-Dados'!F18 -> 0 | L23: ='Dre-Dados'!G18 -> 0 | M23: =IF($AH23=0,0,INDIRECT(REPLACE("M00",2,2,FIXED($AH23+10,0))))+IF($AI23=0,0,INDIRECT(REPLACE("M00",2,2,FIXED($AI23+10,0))))+IF($AJ23=0,0,INDIRECT(REPLACE("M00",2,2,FIXED($AJ23+10,0))))+K23 -> 0 | N23: =IF(M23<1,1,M23^-0.178) -> 1 | O23: =MAXA(AN23,AO23,AP23) -> 15 | P23: =+AB$3*AB$5^AB$4/(O23+AD$3)^AD$4 -> 144.23288 | Q23: =(((2.913+64.073*L23)/1000)*(O23*P23)^(1/3)) -> 0.037675498 | R23: =(2.778*K23*N23*P23*Q23) -> 0 | S23: =IF($AH23=0,0,INDIRECT(REPLACE("S00",2,2,FIXED($AH23+10,0))))+IF($AI23=0,0,INDIRECT(REPLACE("S00",2,2,FIXED($AI23+10,0))))+IF($AJ23=0,0,INDIRECT(REPLACE("S00",2,2,FIXED($AJ23+10,0))))+R23 -> 0 | T23: =(C23-G23)/J23*100 -> #DIV/0! | V23: =(((S23/Y23*X23)/33.53/Z23^(8/3))^2) -> 0 | W23: C | X23: 0.015 | Y23: 1 | Z23: 0.8 | AA23: =IF(0.85*Z23>AS23,IF(0.3*Z23>AR23,AQ23,AR23),AS23) -> #DIV/0! | AB23: =IF(0.3*Z23>AU23,AU23,IF(0.85*Z23>AV23,AV23,AW23)) -> 0 | AC23: =((S23/Y23)/(AT23*Z23^2)) -> #DIV/0! | AD23: =(J23/(AC23*60))+O23 -> #DIV/0! | AF23: ='Dre-Dados'!B18 -> 13 | AG23: ='Dre-Dados'!H18 -> 0 | AH23: ='Dre-Dados'!I18 -> 0 | AI23: ='Dre-Dados'!J18 -> 0 | AJ23: ='Dre-Dados'!K18 -> 0 | AK23: =IF(AH23=0,10000,INDIRECT(REPLACE("H00",2,2,FIXED(AH23+10,0)))) -> 10000 | AL23: =IF(AI23=0,10000,INDIRECT(REPLACE("H00",2,2,FIXED(AI23+10,0)))) -> 10000 | AM23: =IF(AJ23=0,10000,INDIRECT(REPLACE("H00",2,2,FIXED(AJ23+10,0)))) -> 10000 | AN23: =IF(AH23=0,15,INDIRECT(REPLACE("AD00",3,2,FIXED(AH23+10,0)))) -> 15 | AO23: =IF(AI23=0,15,INDIRECT(REPLACE("AD00",3,2,FIXED(AI23+10,0)))) -> 15 | AP23: =IF(AJ23=0,15,INDIRECT(REPLACE("AD00",3,2,FIXED(AJ23+10,0)))) -> 15 | AQ23: =1.14*Z23^(-0.285)*(S23/1000/Y23*X23)^(0.482)*(U23/100)^(-0.241) -> #DIV/0! | AR23: =1.97107*(S23/1000/Y23)*X23*Z23^(-5/3)*(U23/100)^(-0.5)+0.19066*Z23 -> #DIV/0! | AS23: =15.428*(S23/1000/Y23*X23)^2.571*Z23^(-5.856)*(U23/100)^(-1.285) -> #DIV/0! | AT23: =250*((ACOS(1-(2*AA23/Z23))-(1-(2*AA23/Z23))*(SIN(ACOS(1-(2*AA23/Z23)))))) -> #DIV/0! | AU23: =0.016614*(S23/Y23)^(0.5107)*Z23^(-0.2768) -> 0 | AV23: =0.01619*(S23/Y23)^(0.5159)*Z23^(-0.2897) -> 0 | AW23: =0.07439*(S23/Y23)^(0.3117)*Z23^(-0.221) -> 0
B24: ='Dre-Dados'!B19 -> 14 | C24: ='Dre-Dados'!C19 -> 0 | E24: =IF(MINA(AK24,AL24,AM24)=10000,C24-Z24-IF(Z24=0.6,0.9,IF(Z24=0.8,0.8,IF(Z24=1,0.9,IF(Z24=1.2,1.1,1.15)))),MINA(AK24,AL24,AM24))-D24 -> -1.6 | F24: =IF(ABS(C24-E24)<=Z24+IF(Z24=0.6,0.69,IF(Z24=0.8,0.79,0.89)),E24-C24,(C24-E24)) -> 1.6 | G24: =INDIRECT(REPLACE("C00",2,2,FIXED(AG24+10,0))) -> 0 | H24: =(E24-(J24*(U24/100))) -> -1.6 | I24: =IF(ABS(G24-H24)<Z24+IF(Z24=0.6,0.69,IF(Z24=0.8,0.79,0.89)),H24-G24,(G24-H24)) -> 1.6 | J24: ='Dre-Dados'!E19 -> 0 | K24: ='Dre-Dados'!F19 -> 0 | L24: ='Dre-Dados'!G19 -> 0 | M24: =IF($AH24=0,0,INDIRECT(REPLACE("M00",2,2,FIXED($AH24+10,0))))+IF($AI24=0,0,INDIRECT(REPLACE("M00",2,2,FIXED($AI24+10,0))))+IF($AJ24=0,0,INDIRECT(REPLACE("M00",2,2,FIXED($AJ24+10,0))))+K24 -> 0 | N24: =IF(M24<1,1,M24^-0.178) -> 1 | O24: =MAXA(AN24,AO24,AP24) -> 15 | P24: =+AB$3*AB$5^AB$4/(O24+AD$3)^AD$4 -> 144.23288 | Q24: =(((2.913+64.073*L24)/1000)*(O24*P24)^(1/3)) -> 0.037675498 | R24: =(2.778*K24*N24*P24*Q24) -> 0 | S24: =IF($AH24=0,0,INDIRECT(REPLACE("S00",2,2,FIXED($AH24+10,0))))+IF($AI24=0,0,INDIRECT(REPLACE("S00",2,2,FIXED($AI24+10,0))))+IF($AJ24=0,0,INDIRECT(REPLACE("S00",2,2,FIXED($AJ24+10,0))))+R24 -> 0 | T24: =(C24-G24)/J24*100 -> #DIV/0! | V24: =(((S24/Y24*X24)/33.53/Z24^(8/3))^2) -> 0 | W24: C | X24: 0.015 | Y24: 1 | Z24: 0.8 | AA24: =IF(0.85*Z24>AS24,IF(0.3*Z24>AR24,AQ24,AR24),AS24) -> #DIV/0! | AB24: =IF(0.3*Z24>AU24,AU24,IF(0.85*Z24>AV24,AV24,AW24)) -> 0 | AC24: =((S24/Y24)/(AT24*Z24^2)) -> #DIV/0! | AD24: =(J24/(AC24*60))+O24 -> #DIV/0! | AF24: ='Dre-Dados'!B19 -> 14 | AG24: ='Dre-Dados'!H19 -> 0 | AH24: ='Dre-Dados'!I19 -> 0 | AI24: ='Dre-Dados'!J19 -> 0 | AJ24: ='Dre-Dados'!K19 -> 0 | AK24: =IF(AH24=0,10000,INDIRECT(REPLACE("H00",2,2,FIXED(AH24+10,0)))) -> 10000 | AL24: =IF(AI24=0,10000,INDIRECT(REPLACE("H00",2,2,FIXED(AI24+10,0)))) -> 10000 | AM24: =IF(AJ24=0,10000,INDIRECT(REPLACE("H00",2,2,FIXED(AJ24+10,0)))) -> 10000 | AN24: =IF(AH24=0,15,INDIRECT(REPLACE("AD00",3,2,FIXED(AH24+10,0)))) -> 15 | AO24: =IF(AI24=0,15,INDIRECT(REPLACE("AD00",3,2,FIXED(AI24+10,0)))) -> 15 | AP24: =IF(AJ24=0,15,INDIRECT(REPLACE("AD00",3,2,FIXED(AJ24+10,0)))) -> 15 | AQ24: =1.14*Z24^(-0.285)*(S24/1000/Y24*X24)^(0.482)*(U24/100)^(-0.241) -> #DIV/0! | AR24: =1.97107*(S24/1000/Y24)*X24*Z24^(-5/3)*(U24/100)^(-0.5)+0.19066*Z24 -> #DIV/0! | AS24: =15.428*(S24/1000/Y24*X24)^2.571*Z24^(-5.856)*(U24/100)^(-1.285) -> #DIV/0! | AT24: =250*((ACOS(1-(2*AA24/Z24))-(1-(2*AA24/Z24))*(SIN(ACOS(1-(2*AA24/Z24)))))) -> #DIV/0! | AU24: =0.016614*(S24/Y24)^(0.5107)*Z24^(-0.2768) -> 0 | AV24: =0.01619*(S24/Y24)^(0.5159)*Z24^(-0.2897) -> 0 | AW24: =0.07439*(S24/Y24)^(0.3117)*Z24^(-0.221) -> 0
B25: ='Dre-Dados'!B20 -> 15 | C25: ='Dre-Dados'!C20 -> 0 | E25: =IF(MINA(AK25,AL25,AM25)=10000,C25-Z25-IF(Z25=0.6,0.9,IF(Z25=0.8,0.8,IF(Z25=1,0.9,IF(Z25=1.2,1.1,1.15)))),MINA(AK25,AL25,AM25))-D25 -> -1.6 | F25: =IF(ABS(C25-E25)<=Z25+IF(Z25=0.6,0.69,IF(Z25=0.8,0.79,0.89)),E25-C25,(C25-E25)) -> 1.6 | G25: =INDIRECT(REPLACE("C00",2,2,FIXED(AG25+10,0))) -> 0 | H25: =(E25-(J25*(U25/100))) -> -1.6 | I25: =IF(ABS(G25-H25)<Z25+IF(Z25=0.6,0.69,IF(Z25=0.8,0.79,0.89)),H25-G25,(G25-H25)) -> 1.6 | J25: ='Dre-Dados'!E20 -> 0 | K25: ='Dre-Dados'!F20 -> 0 | L25: ='Dre-Dados'!G20 -> 0 | M25: =IF($AH25=0,0,INDIRECT(REPLACE("M00",2,2,FIXED($AH25+10,0))))+IF($AI25=0,0,INDIRECT(REPLACE("M00",2,2,FIXED($AI25+10,0))))+IF($AJ25=0,0,INDIRECT(REPLACE("M00",2,2,FIXED($AJ25+10,0))))+K25 -> 0 | N25: =IF(M25<1,1,M25^-0.178) -> 1 | O25: =MAXA(AN25,AO25,AP25) -> 15 | P25: =+AB$3*AB$5^AB$4/(O25+AD$3)^AD$4 -> 144.23288 | Q25: =(((2.913+64.073*L25)/1000)*(O25*P25)^(1/3)) -> 0.037675498 | R25: =(2.778*K25*N25*P25*Q25) -> 0 | S25: =IF($AH25=0,0,INDIRECT(REPLACE("S00",2,2,FIXED($AH25+10,0))))+IF($AI25=0,0,INDIRECT(REPLACE("S00",2,2,FIXED($AI25+10,0))))+IF($AJ25=0,0,INDIRECT(REPLACE("S00",2,2,FIXED($AJ25+10,0))))+R25 -> 0 | T25: =(C25-G25)/J25*100 -> #DIV/0! | V25: =(((S25/Y25*X25)/33.53/Z25^(8/3))^2) -> 0 | W25: C | X25: 0.015 | Y25: 1 | Z25: 0.8 | AA25: =IF(0.85*Z25>AS25,IF(0.3*Z25>AR25,AQ25,AR25),AS25) -> #DIV/0! | AB25: =IF(0.3*Z25>AU25,AU25,IF(0.85*Z25>AV25,AV25,AW25)) -> 0 | AC25: =((S25/Y25)/(AT25*Z25^2)) -> #DIV/0! | AD25: =(J25/(AC25*60))+O25 -> #DIV/0! | AF25: ='Dre-Dados'!B20 -> 15 | AG25: ='Dre-Dados'!H20 -> 0 | AH25: ='Dre-Dados'!I20 -> 0 | AI25: ='Dre-Dados'!J20 -> 0 | AJ25: ='Dre-Dados'!K20 -> 0 | AK25: =IF(AH25=0,10000,INDIRECT(REPLACE("H00",2,2,FIXED(AH25+10,0)))) -> 10000 | AL25: =IF(AI25=0,10000,INDIRECT(REPLACE("H00",2,2,FIXED(AI25+10,0)))) -> 10000 | AM25: =IF(AJ25=0,10000,INDIRECT(REPLACE("H00",2,2,FIXED(AJ25+10,0)))) -> 10000 | AN25: =IF(AH25=0,15,INDIRECT(REPLACE("AD00",3,2,FIXED(AH25+10,0)))) -> 15 | AO25: =IF(AI25=0,15,INDIRECT(REPLACE("AD00",3,2,FIXED(AI25+10,0)))) -> 15 | AP25: =IF(AJ25=0,15,INDIRECT(REPLACE("AD00",3,2,FIXED(AJ25+10,0)))) -> 15 | AQ25: =1.14*Z25^(-0.285)*(S25/1000/Y25*X25)^(0.482)*(U25/100)^(-0.241) -> #DIV/0! | AR25: =1.97107*(S25/1000/Y25)*X25*Z25^(-5/3)*(U25/100)^(-0.5)+0.19066*Z25 -> #DIV/0! | AS25: =15.428*(S25/1000/Y25*X25)^2.571*Z25^(-5.856)*(U25/100)^(-1.285) -> #DIV/0! | AT25: =250*((ACOS(1-(2*AA25/Z25))-(1-(2*AA25/Z25))*(SIN(ACOS(1-(2*AA25/Z25)))))) -> #DIV/0! | AU25: =0.016614*(S25/Y25)^(0.5107)*Z25^(-0.2768) -> 0 | AV25: =0.01619*(S25/Y25)^(0.5159)*Z25^(-0.2897) -> 0 | AW25: =0.07439*(S25/Y25)^(0.3117)*Z25^(-0.221) -> 0
B26: ='Dre-Dados'!B21 -> 16 | C26: ='Dre-Dados'!C21 -> 0 | E26: =IF(MINA(AK26,AL26,AM26)=10000,C26-Z26-IF(Z26=0.6,0.9,IF(Z26=0.8,0.8,IF(Z26=1,0.9,IF(Z26=1.2,1.1,1.15)))),MINA(AK26,AL26,AM26))-D26 -> -1.6 | F26: =IF(ABS(C26-E26)<=Z26+IF(Z26=0.6,0.69,IF(Z26=0.8,0.79,0.89)),E26-C26,(C26-E26)) -> 1.6 | G26: =INDIRECT(REPLACE("C00",2,2,FIXED(AG26+10,0))) -> 0 | H26: =(E26-(J26*(U26/100))) -> -1.6 | I26: =IF(ABS(G26-H26)<Z26+IF(Z26=0.6,0.69,IF(Z26=0.8,0.79,0.89)),H26-G26,(G26-H26)) -> 1.6 | J26: ='Dre-Dados'!E21 -> 0 | K26: ='Dre-Dados'!F21 -> 0 | L26: ='Dre-Dados'!G21 -> 0 | M26: =IF($AH26=0,0,INDIRECT(REPLACE("M00",2,2,FIXED($AH26+10,0))))+IF($AI26=0,0,INDIRECT(REPLACE("M00",2,2,FIXED($AI26+10,0))))+IF($AJ26=0,0,INDIRECT(REPLACE("M00",2,2,FIXED($AJ26+10,0))))+K26 -> 0 | N26: =IF(M26<1,1,M26^-0.178) -> 1 | O26: =MAXA(AN26,AO26,AP26) -> 15 | P26: =+AB$3*AB$5^AB$4/(O26+AD$3)^AD$4 -> 144.23288 | Q26: =(((2.913+64.073*L26)/1000)*(O26*P26)^(1/3)) -> 0.037675498 | R26: =(2.778*K26*N26*P26*Q26) -> 0 | S26: =IF($AH26=0,0,INDIRECT(REPLACE("S00",2,2,FIXED($AH26+10,0))))+IF($AI26=0,0,INDIRECT(REPLACE("S00",2,2,FIXED($AI26+10,0))))+IF($AJ26=0,0,INDIRECT(REPLACE("S00",2,2,FIXED($AJ26+10,0))))+R26 -> 0 | T26: =(C26-G26)/J26*100 -> #DIV/0! | V26: =(((S26/Y26*X26)/33.53/Z26^(8/3))^2) -> 0 | W26: C | X26: 0.015 | Y26: 1 | Z26: 0.8 | AA26: =IF(0.85*Z26>AS26,IF(0.3*Z26>AR26,AQ26,AR26),AS26) -> #DIV/0! | AB26: =IF(0.3*Z26>AU26,AU26,IF(0.85*Z26>AV26,AV26,AW26)) -> 0 | AC26: =((S26/Y26)/(AT26*Z26^2)) -> #DIV/0! | AD26: =(J26/(AC26*60))+O26 -> #DIV/0! | AF26: ='Dre-Dados'!B21 -> 16 | AG26: ='Dre-Dados'!H21 -> 0 | AH26: ='Dre-Dados'!I21 -> 0 | AI26: ='Dre-Dados'!J21 -> 0 | AJ26: ='Dre-Dados'!K21 -> 0 | AK26: =IF(AH26=0,10000,INDIRECT(REPLACE("H00",2,2,FIXED(AH26+10,0)))) -> 10000 | AL26: =IF(AI26=0,10000,INDIRECT(REPLACE("H00",2,2,FIXED(AI26+10,0)))) -> 10000 | AM26: =IF(AJ26=0,10000,INDIRECT(REPLACE("H00",2,2,FIXED(AJ26+10,0)))) -> 10000 | AN26: =IF(AH26=0,15,INDIRECT(REPLACE("AD00",3,2,FIXED(AH26+10,0)))) -> 15 | AO26: =IF(AI26=0,15,INDIRECT(REPLACE("AD00",3,2,FIXED(AI26+10,0)))) -> 15 | AP26: =IF(AJ26=0,15,INDIRECT(REPLACE("AD00",3,2,FIXED(AJ26+10,0)))) -> 15 | AQ26: =1.14*Z26^(-0.285)*(S26/1000/Y26*X26)^(0.482)*(U26/100)^(-0.241) -> #DIV/0! | AR26: =1.97107*(S26/1000/Y26)*X26*Z26^(-5/3)*(U26/100)^(-0.5)+0.19066*Z26 -> #DIV/0! | AS26: =15.428*(S26/1000/Y26*X26)^2.571*Z26^(-5.856)*(U26/100)^(-1.285) -> #DIV/0! | AT26: =250*((ACOS(1-(2*AA26/Z26))-(1-(2*AA26/Z26))*(SIN(ACOS(1-(2*AA26/Z26)))))) -> #DIV/0! | AU26: =0.016614*(S26/Y26)^(0.5107)*Z26^(-0.2768) -> 0 | AV26: =0.01619*(S26/Y26)^(0.5159)*Z26^(-0.2897) -> 0 | AW26: =0.07439*(S26/Y26)^(0.3117)*Z26^(-0.221) -> 0
B27: ='Dre-Dados'!B22 -> 17 | C27: ='Dre-Dados'!C22 -> 0 | E27: =IF(MINA(AK27,AL27,AM27)=10000,C27-Z27-IF(Z27=0.6,0.9,IF(Z27=0.8,0.8,IF(Z27=1,0.9,IF(Z27=1.2,1.1,1.15)))),MINA(AK27,AL27,AM27))-D27 -> -1.6 | F27: =IF(ABS(C27-E27)<=Z27+IF(Z27=0.6,0.69,IF(Z27=0.8,0.79,0.89)),E27-C27,(C27-E27)) -> 1.6 | G27: =INDIRECT(REPLACE("C00",2,2,FIXED(AG27+10,0))) -> 0 | H27: =(E27-(J27*(U27/100))) -> -1.6 | I27: =IF(ABS(G27-H27)<Z27+IF(Z27=0.6,0.69,IF(Z27=0.8,0.79,0.89)),H27-G27,(G27-H27)) -> 1.6 | J27: ='Dre-Dados'!E22 -> 0 | K27: ='Dre-Dados'!F22 -> 0 | L27: ='Dre-Dados'!G22 -> 0 | M27: =IF($AH27=0,0,INDIRECT(REPLACE("M00",2,2,FIXED($AH27+10,0))))+IF($AI27=0,0,INDIRECT(REPLACE("M00",2,2,FIXED($AI27+10,0))))+IF($AJ27=0,0,INDIRECT(REPLACE("M00",2,2,FIXED($AJ27+10,0))))+K27 -> 0 | N27: =IF(M27<1,1,M27^-0.178) -> 1 | O27: =MAXA(AN27,AO27,AP27) -> 15 | P27: =+AB$3*AB$5^AB$4/(O27+AD$3)^AD$4 -> 144.23288 | Q27: =(((2.913+64.073*L27)/1000)*(O27*P27)^(1/3)) -> 0.037675498 | R27: =(2.778*K27*N27*P27*Q27) -> 0 | S27: =IF($AH27=0,0,INDIRECT(REPLACE("S00",2,2,FIXED($AH27+10,0))))+IF($AI27=0,0,INDIRECT(REPLACE("S00",2,2,FIXED($AI27+10,0))))+IF($AJ27=0,0,INDIRECT(REPLACE("S00",2,2,FIXED($AJ27+10,0))))+R27 -> 0 | T27: =(C27-G27)/J27*100 -> #DIV/0! | V27: =(((S27/Y27*X27)/33.53/Z27^(8/3))^2) -> 0 | W27: C | X27: 0.015 | Y27: 1 | Z27: 0.8 | AA27: =IF(0.85*Z27>AS27,IF(0.3*Z27>AR27,AQ27,AR27),AS27) -> #DIV/0! | AB27: =IF(0.3*Z27>AU27,AU27,IF(0.85*Z27>AV27,AV27,AW27)) -> 0 | AC27: =((S27/Y27)/(AT27*Z27^2)) -> #DIV/0! | AD27: =(J27/(AC27*60))+O27 -> #DIV/0! | AF27: ='Dre-Dados'!B22 -> 17 | AG27: ='Dre-Dados'!H22 -> 0 | AH27: ='Dre-Dados'!I22 -> 0 | AI27: ='Dre-Dados'!J22 -> 0 | AJ27: ='Dre-Dados'!K22 -> 0 | AK27: =IF(AH27=0,10000,INDIRECT(REPLACE("H00",2,2,FIXED(AH27+10,0)))) -> 10000 | AL27: =IF(AI27=0,10000,INDIRECT(REPLACE("H00",2,2,FIXED(AI27+10,0)))) -> 10000 | AM27: =IF(AJ27=0,10000,INDIRECT(REPLACE("H00",2,2,FIXED(AJ27+10,0)))) -> 10000 | AN27: =IF(AH27=0,15,INDIRECT(REPLACE("AD00",3,2,FIXED(AH27+10,0)))) -> 15 | AO27: =IF(AI27=0,15,INDIRECT(REPLACE("AD00",3,2,FIXED(AI27+10,0)))) -> 15 | AP27: =IF(AJ27=0,15,INDIRECT(REPLACE("AD00",3,2,FIXED(AJ27+10,0)))) -> 15 | AQ27: =1.14*Z27^(-0.285)*(S27/1000/Y27*X27)^(0.482)*(U27/100)^(-0.241) -> #DIV/0! | AR27: =1.97107*(S27/1000/Y27)*X27*Z27^(-5/3)*(U27/100)^(-0.5)+0.19066*Z27 -> #DIV/0! | AS27: =15.428*(S27/1000/Y27*X27)^2.571*Z27^(-5.856)*(U27/100)^(-1.285) -> #DIV/0! | AT27: =250*((ACOS(1-(2*AA27/Z27))-(1-(2*AA27/Z27))*(SIN(ACOS(1-(2*AA27/Z27)))))) -> #DIV/0! | AU27: =0.016614*(S27/Y27)^(0.5107)*Z27^(-0.2768) -> 0 | AV27: =0.01619*(S27/Y27)^(0.5159)*Z27^(-0.2897) -> 0 | AW27: =0.07439*(S27/Y27)^(0.3117)*Z27^(-0.221) -> 0
B28: ='Dre-Dados'!B23 -> 18 | C28: ='Dre-Dados'!C23 -> 0 | E28: =IF(MINA(AK28,AL28,AM28)=10000,C28-Z28-IF(Z28=0.6,0.9,IF(Z28=0.8,0.8,IF(Z28=1,0.9,IF(Z28=1.2,1.1,1.15)))),MINA(AK28,AL28,AM28))-D28 -> -1.6 | F28: =IF(ABS(C28-E28)<=Z28+IF(Z28=0.6,0.69,IF(Z28=0.8,0.79,0.89)),E28-C28,(C28-E28)) -> 1.6 | G28: =INDIRECT(REPLACE("C00",2,2,FIXED(AG28+10,0))) -> 0 | H28: =(E28-(J28*(U28/100))) -> -1.6 | I28: =IF(ABS(G28-H28)<Z28+IF(Z28=0.6,0.69,IF(Z28=0.8,0.79,0.89)),H28-G28,(G28-H28)) -> 1.6 | J28: ='Dre-Dados'!E23 -> 0 | K28: ='Dre-Dados'!F23 -> 0 | L28: ='Dre-Dados'!G23 -> 0 | M28: =IF($AH28=0,0,INDIRECT(REPLACE("M00",2,2,FIXED($AH28+10,0))))+IF($AI28=0,0,INDIRECT(REPLACE("M00",2,2,FIXED($AI28+10,0))))+IF($AJ28=0,0,INDIRECT(REPLACE("M00",2,2,FIXED($AJ28+10,0))))+K28 -> 0 | N28: =IF(M28<1,1,M28^-0.178) -> 1 | O28: =MAXA(AN28,AO28,AP28) -> 15 | P28: =+AB$3*AB$5^AB$4/(O28+AD$3)^AD$4 -> 144.23288 | Q28: =(((2.913+64.073*L28)/1000)*(O28*P28)^(1/3)) -> 0.037675498 | R28: =(2.778*K28*N28*P28*Q28) -> 0 | S28: =IF($AH28=0,0,INDIRECT(REPLACE("S00",2,2,FIXED($AH28+10,0))))+IF($AI28=0,0,INDIRECT(REPLACE("S00",2,2,FIXED($AI28+10,0))))+IF($AJ28=0,0,INDIRECT(REPLACE("S00",2,2,FIXED($AJ28+10,0))))+R28 -> 0 | T28: =(C28-G28)/J28*100 -> #DIV/0! | V28: =(((S28/Y28*X28)/33.53/Z28^(8/3))^2) -> 0 | W28: C | X28: 0.015 | Y28: 1 | Z28: 0.8 | AA28: =IF(0.85*Z28>AS28,IF(0.3*Z28>AR28,AQ28,AR28),AS28) -> #DIV/0! | AB28: =IF(0.3*Z28>AU28,AU28,IF(0.85*Z28>AV28,AV28,AW28)) -> 0 | AC28: =((S28/Y28)/(AT28*Z28^2)) -> #DIV/0! | AD28: =(J28/(AC28*60))+O28 -> #DIV/0! | AF28: ='Dre-Dados'!B23 -> 18 | AG28: ='Dre-Dados'!H23 -> 0 | AH28: ='Dre-Dados'!I23 -> 0 | AI28: ='Dre-Dados'!J23 -> 0 | AJ28: ='Dre-Dados'!K23 -> 0 | AK28: =IF(AH28=0,10000,INDIRECT(REPLACE("H00",2,2,FIXED(AH28+10,0)))) -> 10000 | AL28: =IF(AI28=0,10000,INDIRECT(REPLACE("H00",2,2,FIXED(AI28+10,0)))) -> 10000 | AM28: =IF(AJ28=0,10000,INDIRECT(REPLACE("H00",2,2,FIXED(AJ28+10,0)))) -> 10000 | AN28: =IF(AH28=0,15,INDIRECT(REPLACE("AD00",3,2,FIXED(AH28+10,0)))) -> 15 | AO28: =IF(AI28=0,15,INDIRECT(REPLACE("AD00",3,2,FIXED(AI28+10,0)))) -> 15 | AP28: =IF(AJ28=0,15,INDIRECT(REPLACE("AD00",3,2,FIXED(AJ28+10,0)))) -> 15 | AQ28: =1.14*Z28^(-0.285)*(S28/1000/Y28*X28)^(0.482)*(U28/100)^(-0.241) -> #DIV/0! | AR28: =1.97107*(S28/1000/Y28)*X28*Z28^(-5/3)*(U28/100)^(-0.5)+0.19066*Z28 -> #DIV/0! | AS28: =15.428*(S28/1000/Y28*X28)^2.571*Z28^(-5.856)*(U28/100)^(-1.285) -> #DIV/0! | AT28: =250*((ACOS(1-(2*AA28/Z28))-(1-(2*AA28/Z28))*(SIN(ACOS(1-(2*AA28/Z28)))))) -> #DIV/0! | AU28: =0.016614*(S28/Y28)^(0.5107)*Z28^(-0.2768) -> 0 | AV28: =0.01619*(S28/Y28)^(0.5159)*Z28^(-0.2897) -> 0 | AW28: =0.07439*(S28/Y28)^(0.3117)*Z28^(-0.221) -> 0
B29: ='Dre-Dados'!B24 -> 19 | C29: ='Dre-Dados'!C24 -> 0 | E29: =IF(MINA(AK29,AL29,AM29)=10000,C29-Z29-IF(Z29=0.6,0.9,IF(Z29=0.8,0.8,IF(Z29=1,0.9,IF(Z29=1.2,1.1,1.15)))),MINA(AK29,AL29,AM29))-D29 -> -1.6 | F29: =IF(ABS(C29-E29)<=Z29+IF(Z29=0.6,0.69,IF(Z29=0.8,0.79,0.89)),E29-C29,(C29-E29)) -> 1.6 | G29: =INDIRECT(REPLACE("C00",2,2,FIXED(AG29+10,0))) -> 0 | H29: =(E29-(J29*(U29/100))) -> -1.6 | I29: =IF(ABS(G29-H29)<Z29+IF(Z29=0.6,0.69,IF(Z29=0.8,0.79,0.89)),H29-G29,(G29-H29)) -> 1.6 | J29: ='Dre-Dados'!E24 -> 0 | K29: ='Dre-Dados'!F24 -> 0 | L29: ='Dre-Dados'!G24 -> 0 | M29: =IF($AH29=0,0,INDIRECT(REPLACE("M00",2,2,FIXED($AH29+10,0))))+IF($AI29=0,0,INDIRECT(REPLACE("M00",2,2,FIXED($AI29+10,0))))+IF($AJ29=0,0,INDIRECT(REPLACE("M00",2,2,FIXED($AJ29+10,0))))+K29 -> 0 | N29: =IF(M29<1,1,M29^-0.178) -> 1 | O29: =MAXA(AN29,AO29,AP29) -> 15 | P29: =+AB$3*AB$5^AB$4/(O29+AD$3)^AD$4 -> 144.23288 | Q29: =(((2.913+64.073*L29)/1000)*(O29*P29)^(1/3)) -> 0.037675498 | R29: =(2.778*K29*N29*P29*Q29) -> 0 | S29: =IF($AH29=0,0,INDIRECT(REPLACE("S00",2,2,FIXED($AH29+10,0))))+IF($AI29=0,0,INDIRECT(REPLACE("S00",2,2,FIXED($AI29+10,0))))+IF($AJ29=0,0,INDIRECT(REPLACE("S00",2,2,FIXED($AJ29+10,0))))+R29 -> 0 | T29: =(C29-G29)/J29*100 -> #DIV/0! | V29: =(((S29/Y29*X29)/33.53/Z29^(8/3))^2) -> 0 | W29: C | X29: 0.015 | Y29: 1 | Z29: 0.8 | AA29: =IF(0.85*Z29>AS29,IF(0.3*Z29>AR29,AQ29,AR29),AS29) -> #DIV/0! | AB29: =IF(0.3*Z29>AU29,AU29,IF(0.85*Z29>AV29,AV29,AW29)) -> 0 | AC29: =((S29/Y29)/(AT29*Z29^2)) -> #DIV/0! | AD29: =(J29/(AC29*60))+O29 -> #DIV/0! | AF29: ='Dre-Dados'!B24 -> 19 | AG29: ='Dre-Dados'!H24 -> 0 | AH29: ='Dre-Dados'!I24 -> 0 | AI29: ='Dre-Dados'!J24 -> 0 | AJ29: ='Dre-Dados'!K24 -> 0 | AK29: =IF(AH29=0,10000,INDIRECT(REPLACE("H00",2,2,FIXED(AH29+10,0)))) -> 10000 | AL29: =IF(AI29=0,10000,INDIRECT(REPLACE("H00",2,2,FIXED(AI29+10,0)))) -> 10000 | AM29: =IF(AJ29=0,10000,INDIRECT(REPLACE("H00",2,2,FIXED(AJ29+10,0)))) -> 10000 | AN29: =IF(AH29=0,15,INDIRECT(REPLACE("AD00",3,2,FIXED(AH29+10,0)))) -> 15 | AO29: =IF(AI29=0,15,INDIRECT(REPLACE("AD00",3,2,FIXED(AI29+10,0)))) -> 15 | AP29: =IF(AJ29=0,15,INDIRECT(REPLACE("AD00",3,2,FIXED(AJ29+10,0)))) -> 15 | AQ29: =1.14*Z29^(-0.285)*(S29/1000/Y29*X29)^(0.482)*(U29/100)^(-0.241) -> #DIV/0! | AR29: =1.97107*(S29/1000/Y29)*X29*Z29^(-5/3)*(U29/100)^(-0.5)+0.19066*Z29 -> #DIV/0! | AS29: =15.428*(S29/1000/Y29*X29)^2.571*Z29^(-5.856)*(U29/100)^(-1.285) -> #DIV/0! | AT29: =250*((ACOS(1-(2*AA29/Z29))-(1-(2*AA29/Z29))*(SIN(ACOS(1-(2*AA29/Z29)))))) -> #DIV/0! | AU29: =0.016614*(S29/Y29)^(0.5107)*Z29^(-0.2768) -> 0 | AV29: =0.01619*(S29/Y29)^(0.5159)*Z29^(-0.2897) -> 0 | AW29: =0.07439*(S29/Y29)^(0.3117)*Z29^(-0.221) -> 0
B30: ='Dre-Dados'!B25 -> 20 | C30: ='Dre-Dados'!C25 -> 226.13 | D30: 0.1 | E30: =IF(MINA(AK30,AL30,AM30)=10000,C30-Z30-IF(Z30=0.6,0.9,IF(Z30=0.8,0.8,IF(Z30=1,0.9,IF(Z30=1.2,1.1,1.15)))),MINA(AK30,AL30,AM30))-D30 -> 224.43 | F30: =IF(ABS(C30-E30)<=Z30+IF(Z30=0.6,0.69,IF(Z30=0.8,0.79,0.89)),E30-C30,(C30-E30)) -> 1.7 | G30: =INDIRECT(REPLACE("C00",2,2,FIXED(AG30+10,0))) -> 225.015 | H30: =(E30-(J30*(U30/100))) -> 223.27755 | I30: =IF(ABS(G30-H30)<Z30+IF(Z30=0.6,0.69,IF(Z30=0.8,0.79,0.89)),H30-G30,(G30-H30)) -> 1.73745 | J30: ='Dre-Dados'!E25 -> 88.65 | K30: ='Dre-Dados'!F25 -> 1.2166 | L30: ='Dre-Dados'!G25 -> 0.6 | M30: =IF($AH30=0,0,INDIRECT(REPLACE("M00",2,2,FIXED($AH30+10,0))))+IF($AI30=0,0,INDIRECT(REPLACE("M00",2,2,FIXED($AI30+10,0))))+IF($AJ30=0,0,INDIRECT(REPLACE("M00",2,2,FIXED($AJ30+10,0))))+K30 -> 1.2166 | N30: =IF(M30<1,1,M30^-0.178) -> 0.96570324 | O30: =MAXA(AN30,AO30,AP30) -> 15 | P30: =+AB$3*AB$5^AB$4/(O30+AD$3)^AD$4 -> 144.23288 | Q30: =(((2.913+64.073*L30)/1000)*(O30*P30)^(1/3)) -> 0.53489119 | R30: =(2.778*K30*N30*P30*Q30) -> 251.79869 | S30: =IF($AH30=0,0,INDIRECT(REPLACE("S00",2,2,FIXED($AH30+10,0))))+IF($AI30=0,0,INDIRECT(REPLACE("S00",2,2,FIXED($AI30+10,0))))+IF($AJ30=0,0,INDIRECT(REPLACE("S00",2,2,FIXED($AJ30+10,0))))+R30 -> 251.79869 | T30: =(C30-G30)/J30*100 -> 1.2577552 | U30: 1.3 | V30: =(((S30/Y30*X30)/33.53/Z30^(8/3))^2) -> 0.041713415 | W30: C | X30: 0.015 | Y30: 1 | Z30: 0.8 | AA30: =IF(0.85*Z30>AS30,IF(0.3*Z30>AR30,AQ30,AR30),AS30) -> 0.24723712 | AB30: =IF(0.3*Z30>AU30,AU30,IF(0.85*Z30>AV30,AV30,AW30)) -> 0.2992438 | AC30: =((S30/Y30)/(AT30*Z30^2)) -> 1.9053063 | AD30: =(J30/(AC30*60))+O30 -> 15.775466 | AF30: ='Dre-Dados'!B25 -> 20 | AG30: ='Dre-Dados'!H25 -> 21 | AH30: ='Dre-Dados'!I25 -> 0 | AI30: ='Dre-Dados'!J25 -> 0 | AJ30: ='Dre-Dados'!K25 -> 0 | AK30: =IF(AH30=0,10000,INDIRECT(REPLACE("H00",2,2,FIXED(AH30+10,0)))) -> 10000 | AL30: =IF(AI30=0,10000,INDIRECT(REPLACE("H00",2,2,FIXED(AI30+10,0)))) -> 10000 | AM30: =IF(AJ30=0,10000,INDIRECT(REPLACE("H00",2,2,FIXED(AJ30+10,0)))) -> 10000 | AN30: =IF(AH30=0,15,INDIRECT(REPLACE("AD00",3,2,FIXED(AH30+10,0)))) -> 15 | AO30: =IF(AI30=0,15,INDIRECT(REPLACE("AD00",3,2,FIXED(AI30+10,0)))) -> 15 | AP30: =IF(AJ30=0,15,INDIRECT(REPLACE("AD00",3,2,FIXED(AJ30+10,0)))) -> 15 | AQ30: =1.14*Z30^(-0.285)*(S30/1000/Y30*X30)^(0.482)*(U30/100)^(-0.241) -> 0.23509729 | AR30: =1.97107*(S30/1000/Y30)*X30*Z30^(-5/3)*(U30/100)^(-0.5)+0.19066*Z30 -> 0.24723712 | AS30: =15.428*(S30/1000/Y30*X30)^2.571*Z30^(-5.856)*(U30/100)^(-1.285) -> 0.008917365 | AT30: =250*((ACOS(1-(2*AA30/Z30))-(1-(2*AA30/Z30))*(SIN(ACOS(1-(2*AA30/Z30)))))) -> 206.49459 | AU30: =0.016614*(S30/Y30)^(0.5107)*Z30^(-0.2768) -> 0.2975205 | AV30: =0.01619*(S30/Y30)^(0.5159)*Z30^(-0.2897) -> 0.2992438 | AW30: =0.07439*(S30/Y30)^(0.3117)*Z30^(-0.221) -> 0.4378648
B31: ='Dre-Dados'!B26 -> 21 | C31: ='Dre-Dados'!C26 -> 225.015 | E31: =IF(MINA(AK31,AL31,AM31)=10000,C31-Z31-IF(Z31=0.6,0.9,IF(Z31=0.8,0.8,IF(Z31=1,0.9,IF(Z31=1.2,1.1,1.15)))),MINA(AK31,AL31,AM31))-D31 -> 223.27755 | F31: =IF(ABS(C31-E31)<=Z31+IF(Z31=0.6,0.69,IF(Z31=0.8,0.79,0.89)),E31-C31,(C31-E31)) -> 1.73745 | G31: =INDIRECT(REPLACE("C00",2,2,FIXED(AG31+10,0))) -> 224.535 | H31: =(E31-(J31*(U31/100))) -> 222.81236 | I31: =IF(ABS(G31-H31)<Z31+IF(Z31=0.6,0.69,IF(Z31=0.8,0.79,0.89)),H31-G31,(G31-H31)) -> 1.72264 | J31: ='Dre-Dados'!E26 -> 84.58 | K31: ='Dre-Dados'!F26 -> 0.4636 | L31: ='Dre-Dados'!G26 -> 0.6 | M31: =IF($AH31=0,0,INDIRECT(REPLACE("M00",2,2,FIXED($AH31+10,0))))+IF($AI31=0,0,INDIRECT(REPLACE("M00",2,2,FIXED($AI31+10,0))))+IF($AJ31=0,0,INDIRECT(REPLACE("M00",2,2,FIXED($AJ31+10,0))))+K31 -> 1.6802 | N31: =IF(M31<1,1,M31^-0.178) -> 0.91177094 | O31: =MAXA(AN31,AO31,AP31) -> 15.775466 | P31: =+AB$3*AB$5^AB$4/(O31+AD$3)^AD$4 -> 140.86887 | Q31: =(((2.913+64.073*L31)/1000)*(O31*P31)^(1/3)) -> 0.53969203 | R31: =(2.778*K31*N31*P31*Q31) -> 89.273479 | S31: =IF($AH31=0,0,INDIRECT(REPLACE("S00",2,2,FIXED($AH31+10,0))))+IF($AI31=0,0,INDIRECT(REPLACE("S00",2,2,FIXED($AI31+10,0))))+IF($AJ31=0,0,INDIRECT(REPLACE("S00",2,2,FIXED($AJ31+10,0))))+R31 -> 341.07217 | T31: =(C31-G31)/J31*100 -> 0.56751005 | U31: 0.55 | V31: =(((S31/Y31*X31)/33.53/Z31^(8/3))^2) -> 0.076535227 | W31: C | X31: 0.015 | Y31: 1 | Z31: 0.8 | AA31: =IF(0.85*Z31>AS31,IF(0.3*Z31>AR31,AQ31,AR31),AS31) -> 0.34975889 | AB31: =IF(0.3*Z31>AU31,AU31,IF(0.85*Z31>AV31,AV31,AW31)) -> 0.34995893 | AC31: =((S31/Y31)/(AT31*Z31^2)) -> 1.6146158 | AD31: =(J31/(AC31*60))+O31 -> 16.648532 | AF31: ='Dre-Dados'!B26 -> 21 | AG31: ='Dre-Dados'!H26 -> 22 | AH31: ='Dre-Dados'!I26 -> 20 | AI31: ='Dre-Dados'!J26 -> 0 | AJ31: ='Dre-Dados'!K26 -> 0 | AK31: =IF(AH31=0,10000,INDIRECT(REPLACE("H00",2,2,FIXED(AH31+10,0)))) -> 223.27755 | AL31: =IF(AI31=0,10000,INDIRECT(REPLACE("H00",2,2,FIXED(AI31+10,0)))) -> 10000 | AM31: =IF(AJ31=0,10000,INDIRECT(REPLACE("H00",2,2,FIXED(AJ31+10,0)))) -> 10000 | AN31: =IF(AH31=0,15,INDIRECT(REPLACE("AD00",3,2,FIXED(AH31+10,0)))) -> 15.775466 | AO31: =IF(AI31=0,15,INDIRECT(REPLACE("AD00",3,2,FIXED(AI31+10,0)))) -> 15 | AP31: =IF(AJ31=0,15,INDIRECT(REPLACE("AD00",3,2,FIXED(AJ31+10,0)))) -> 15 | AQ31: =1.14*Z31^(-0.285)*(S31/1000/Y31*X31)^(0.482)*(U31/100)^(-0.241) -> 0.33481483 | AR31: =1.97107*(S31/1000/Y31)*X31*Z31^(-5/3)*(U31/100)^(-0.5)+0.19066*Z31 -> 0.34975889 | AS31: =15.428*(S31/1000/Y31*X31)^2.571*Z31^(-5.856)*(U31/100)^(-1.285) -> 0.058766121 | AT31: =250*((ACOS(1-(2*AA31/Z31))-(1-(2*AA31/Z31))*(SIN(ACOS(1-(2*AA31/Z31)))))) -> 330.06321 | AU31: =0.016614*(S31/Y31)^(0.5107)*Z31^(-0.2768) -> 0.34739494 | AV31: =0.01619*(S31/Y31)^(0.5159)*Z31^(-0.2897) -> 0.34995893 | AW31: =0.07439*(S31/Y31)^(0.3117)*Z31^(-0.221) -> 0.48130443
B32: ='Dre-Dados'!B27 -> 22 | C32: ='Dre-Dados'!C27 -> 224.535 | E32: =IF(MINA(AK32,AL32,AM32)=10000,C32-Z32-IF(Z32=0.6,0.9,IF(Z32=0.8,0.8,IF(Z32=1,0.9,IF(Z32=1.2,1.1,1.15)))),MINA(AK32,AL32,AM32))-D32 -> 222.81236 | F32: =IF(ABS(C32-E32)<=Z32+IF(Z32=0.6,0.69,IF(Z32=0.8,0.79,0.89)),E32-C32,(C32-E32)) -> 1.72264 | G32: =INDIRECT(REPLACE("C00",2,2,FIXED(AG32+10,0))) -> 223.742 | H32: =(E32-(J32*(U32/100))) -> 222.00836 | I32: =IF(ABS(G32-H32)<Z32+IF(Z32=0.6,0.69,IF(Z32=0.8,0.79,0.89)),H32-G32,(G32-H32)) -> 1.73364 | J32: ='Dre-Dados'!E27 -> 80.4 | K32: ='Dre-Dados'!F27 -> 1.3931 | L32: ='Dre-Dados'!G27 -> 0.6 | M32: =IF($AH32=0,0,INDIRECT(REPLACE("M00",2,2,FIXED($AH32+10,0))))+IF($AI32=0,0,INDIRECT(REPLACE("M00",2,2,FIXED($AI32+10,0))))+IF($AJ32=0,0,INDIRECT(REPLACE("M00",2,2,FIXED($AJ32+10,0))))+K32 -> 3.0733 | N32: =IF(M32<1,1,M32^-0.178) -> 0.8188537 | O32: =MAXA(AN32,AO32,AP32) -> 16.648532 | P32: =+AB$3*AB$5^AB$4/(O32+AD$3)^AD$4 -> 137.28567 | Q32: =(((2.913+64.073*L32)/1000)*(O32*P32)^(1/3)) -> 0.544771 | R32: =(2.778*K32*N32*P32*Q32) -> 237.00637 | S32: =IF($AH32=0,0,INDIRECT(REPLACE("S00",2,2,FIXED($AH32+10,0))))+IF($AI32=0,0,INDIRECT(REPLACE("S00",2,2,FIXED($AI32+10,0))))+IF($AJ32=0,0,INDIRECT(REPLACE("S00",2,2,FIXED($AJ32+10,0))))+R32 -> 578.07854 | T32: =(C32-G32)/J32*100 -> 0.98631841 | U32: 1 | V32: =(((S32/Y32*X32)/33.53/Z32^(8/3))^2) -> 0.21985812 | W32: C | X32: 0.015 | Y32: 1 | Z32: 0.8 | AA32: =IF(0.85*Z32>AS32,IF(0.3*Z32>AR32,AQ32,AR32),AS32) -> 0.4004396 | AB32: =IF(0.3*Z32>AU32,AU32,IF(0.85*Z32>AV32,AV32,AW32)) -> 0.459442 | AC32: =((S32/Y32)/(AT32*Z32^2)) -> 2.2968874 | AD32: =(J32/(AC32*60))+O32 -> 17.23193 | AF32: ='Dre-Dados'!B27 -> 22 | AG32: ='Dre-Dados'!H27 -> 23 | AH32: ='Dre-Dados'!I27 -> 21 | AI32: ='Dre-Dados'!J27 -> 0 | AJ32: ='Dre-Dados'!K27 -> 0 | AK32: =IF(AH32=0,10000,INDIRECT(REPLACE("H00",2,2,FIXED(AH32+10,0)))) -> 222.81236 | AL32: =IF(AI32=0,10000,INDIRECT(REPLACE("H00",2,2,FIXED(AI32+10,0)))) -> 10000 | AM32: =IF(AJ32=0,10000,INDIRECT(REPLACE("H00",2,2,FIXED(AJ32+10,0)))) -> 10000 | AN32: =IF(AH32=0,15,INDIRECT(REPLACE("AD00",3,2,FIXED(AH32+10,0)))) -> 16.648532 | AO32: =IF(AI32=0,15,INDIRECT(REPLACE("AD00",3,2,FIXED(AI32+10,0)))) -> 15 | AP32: =IF(AJ32=0,15,INDIRECT(REPLACE("AD00",3,2,FIXED(AJ32+10,0)))) -> 15 | AQ32: =1.14*Z32^(-0.285)*(S32/1000/Y32*X32)^(0.482)*(U32/100)^(-0.241) -> 0.37383319 | AR32: =1.97107*(S32/1000/Y32)*X32*Z32^(-5/3)*(U32/100)^(-0.5)+0.19066*Z32 -> 0.4004396 | AS32: =15.428*(S32/1000/Y32*X32)^2.571*Z32^(-5.856)*(U32/100)^(-1.285) -> 0.10583114 | AT32: =250*((ACOS(1-(2*AA32/Z32))-(1-(2*AA32/Z32))*(SIN(ACOS(1-(2*AA32/Z32)))))) -> 393.24858 | AU32: =0.016614*(S32/Y32)^(0.5107)*Z32^(-0.2768) -> 0.45482631 | AV32: =0.01619*(S32/Y32)^(0.5159)*Z32^(-0.2897) -> 0.459442 | AW32: =0.07439*(S32/Y32)^(0.3117)*Z32^(-0.221) -> 0.56733944
B33: ='Dre-Dados'!B28 -> 23 | C33: ='Dre-Dados'!C28 -> 223.742 | E33: =IF(MINA(AK33,AL33,AM33)=10000,C33-Z33-IF(Z33=0.6,0.9,IF(Z33=0.8,0.8,IF(Z33=1,0.9,IF(Z33=1.2,1.1,1.15)))),MINA(AK33,AL33,AM33))-D33 -> 222.00836 | F33: =IF(ABS(C33-E33)<=Z33+IF(Z33=0.6,0.69,IF(Z33=0.8,0.79,0.89)),E33-C33,(C33-E33)) -> 1.73364 | G33: =INDIRECT(REPLACE("C00",2,2,FIXED(AG33+10,0))) -> 223.585 | H33: =(E33-(J33*(U33/100))) -> 221.8512 | I33: =IF(ABS(G33-H33)<Z33+IF(Z33=0.6,0.69,IF(Z33=0.8,0.79,0.89)),H33-G33,(G33-H33)) -> 1.7338 | J33: ='Dre-Dados'!E28 -> 39.29 | K33: ='Dre-Dados'!F28 -> 1.316 | L33: ='Dre-Dados'!G28 -> 0.6 | M33: =IF($AH33=0,0,INDIRECT(REPLACE("M00",2,2,FIXED($AH33+10,0))))+IF($AI33=0,0,INDIRECT(REPLACE("M00",2,2,FIXED($AI33+10,0))))+IF($AJ33=0,0,INDIRECT(REPLACE("M00",2,2,FIXED($AJ33+10,0))))+K33 -> 4.3893 | N33: =IF(M33<1,1,M33^-0.178) -> 0.76851729 | O33: =MAXA(AN33,AO33,AP33) -> 17.23193 | P33: =+AB$3*AB$5^AB$4/(O33+AD$3)^AD$4 -> 135.00293 | Q33: =(((2.913+64.073*L33)/1000)*(O33*P33)^(1/3)) -> 0.54799001 | R33: =(2.778*K33*N33*P33*Q33) -> 207.85363 | S33: =IF($AH33=0,0,INDIRECT(REPLACE("S00",2,2,FIXED($AH33+10,0))))+IF($AI33=0,0,INDIRECT(REPLACE("S00",2,2,FIXED($AI33+10,0))))+IF($AJ33=0,0,INDIRECT(REPLACE("S00",2,2,FIXED($AJ33+10,0))))+R33 -> 785.93217 | T33: =(C33-G33)/J33*100 -> 0.39959277 | U33: 0.4 | V33: =(((S33/Y33*X33)/33.53/Z33^(8/3))^2) -> 0.40638619 | W33: C | X33: 0.015 | Y33: 1 | Z33: 0.8 | AA33: =IF(0.85*Z33>AS33,IF(0.3*Z33>AR33,AQ33,AR33),AS33) -> 0.75671651 | AB33: =IF(0.3*Z33>AU33,AU33,IF(0.85*Z33>AV33,AV33,AW33)) -> 0.53833279 | AC33: =((S33/Y33)/(AT33*Z33^2)) -> 1.5971252 | AD33: =(J33/(AC33*60))+O33 -> 17.641938 | AF33: ='Dre-Dados'!B28 -> 23 | AG33: ='Dre-Dados'!H28 -> 24 | AH33: ='Dre-Dados'!I28 -> 22 | AI33: ='Dre-Dados'!J28 -> 0 | AJ33: ='Dre-Dados'!K28 -> 0 | AK33: =IF(AH33=0,10000,INDIRECT(REPLACE("H00",2,2,FIXED(AH33+10,0)))) -> 222.00836 | AL33: =IF(AI33=0,10000,INDIRECT(REPLACE("H00",2,2,FIXED(AI33+10,0)))) -> 10000 | AM33: =IF(AJ33=0,10000,INDIRECT(REPLACE("H00",2,2,FIXED(AJ33+10,0)))) -> 10000 | AN33: =IF(AH33=0,15,INDIRECT(REPLACE("AD00",3,2,FIXED(AH33+10,0)))) -> 17.23193 | AO33: =IF(AI33=0,15,INDIRECT(REPLACE("AD00",3,2,FIXED(AI33+10,0)))) -> 15 | AP33: =IF(AJ33=0,15,INDIRECT(REPLACE("AD00",3,2,FIXED(AJ33+10,0)))) -> 15 | AQ33: =1.14*Z33^(-0.285)*(S33/1000/Y33*X33)^(0.482)*(U33/100)^(-0.241) -> 0.5406041 | AR33: =1.97107*(S33/1000/Y33)*X33*Z33^(-5/3)*(U33/100)^(-0.5)+0.19066*Z33 -> 0.68545174 | AS33: =15.428*(S33/1000/Y33*X33)^2.571*Z33^(-5.856)*(U33/100)^(-1.285) -> 0.75671651 | AT33: =250*((ACOS(1-(2*AA33/Z33))-(1-(2*AA33/Z33))*(SIN(ACOS(1-(2*AA33/Z33)))))) -> 768.89339 | AU33: =0.016614*(S33/Y33)^(0.5107)*Z33^(-0.2768) -> 0.53207402 | AV33: =0.01619*(S33/Y33)^(0.5159)*Z33^(-0.2897) -> 0.53833279 | AW33: =0.07439*(S33/Y33)^(0.3117)*Z33^(-0.221) -> 0.62434293
B34: ='Dre-Dados'!B29 -> 24 | C34: ='Dre-Dados'!C29 -> 223.585 | E34: =IF(MINA(AK34,AL34,AM34)=10000,C34-Z34-IF(Z34=0.6,0.9,IF(Z34=0.8,0.8,IF(Z34=1,0.9,IF(Z34=1.2,1.1,1.15)))),MINA(AK34,AL34,AM34))-D34 -> 221.8512 | F34: =IF(ABS(C34-E34)<=Z34+IF(Z34=0.6,0.69,IF(Z34=0.8,0.79,0.89)),E34-C34,(C34-E34)) -> 1.7338 | G34: ='Dre-Dados'!D29 -> 220.764 | H34: =(E34-(J34*(U34/100))) -> 219.96506 | I34: =IF(ABS(G34-H34)<Z34+IF(Z34=0.6,0.69,IF(Z34=0.8,0.79,0.89)),H34-G34,(G34-H34)) -> -0.798935 | J34: ='Dre-Dados'!E29 -> 16.19 | K34: ='Dre-Dados'!F29 -> 0.4167 | L34: ='Dre-Dados'!G29 -> 0.6 | M34: =IF($AH34=0,0,INDIRECT(REPLACE("M00",2,2,FIXED($AH34+10,0))))+IF($AI34=0,0,INDIRECT(REPLACE("M00",2,2,FIXED($AI34+10,0))))+IF($AJ34=0,0,INDIRECT(REPLACE("M00",2,2,FIXED($AJ34+10,0))))+K34 -> 4.806 | N34: =IF(M34<1,1,M34^-0.178) -> 0.75621013 | O34: =MAXA(AN34,AO34,AP34) -> 17.641938 | P34: =+AB$3*AB$5^AB$4/(O34+AD$3)^AD$4 -> 133.44889 | Q34: =(((2.913+64.073*L34)/1000)*(O34*P34)^(1/3)) -> 0.55017478 | R34: =(2.778*K34*N34*P34*Q34) -> 64.270823 | S34: =IF($AH34=0,0,INDIRECT(REPLACE("S00",2,2,FIXED($AH34+10,0))))+IF($AI34=0,0,INDIRECT(REPLACE("S00",2,2,FIXED($AI34+10,0))))+IF($AJ34=0,0,INDIRECT(REPLACE("S00",2,2,FIXED($AJ34+10,0))))+R34 -> 850.20299 | T34: =(C34-G34)/J34*100 -> 17.424336 | U34: 11.65 | V34: =(((S34/Y34*X34)/33.53/Z34^(8/3))^2) -> 0.47556959 | W34: C | X34: 0.015 | Y34: 1 | Z34: 0.8 | AA34: =IF(0.85*Z34>AS34,IF(0.3*Z34>AR34,AQ34,AR34),AS34) -> 0.2593522 | AB34: =IF(0.3*Z34>AU34,AU34,IF(0.85*Z34>AV34,AV34,AW34)) -> 0.56061202 | AC34: =((S34/Y34)/(AT34*Z34^2)) -> 6.0224299 | AD34: =(J34/(AC34*60))+O34 -> 17.686743 | AF34: ='Dre-Dados'!B29 -> 24 | AG34: ='Dre-Dados'!H29 -> 0 | AH34: ='Dre-Dados'!I29 -> 23 | AI34: ='Dre-Dados'!J29 -> 0 | AJ34: ='Dre-Dados'!K29 -> 0 | AK34: =IF(AH34=0,10000,INDIRECT(REPLACE("H00",2,2,FIXED(AH34+10,0)))) -> 221.8512 | AL34: =IF(AI34=0,10000,INDIRECT(REPLACE("H00",2,2,FIXED(AI34+10,0)))) -> 10000 | AM34: =IF(AJ34=0,10000,INDIRECT(REPLACE("H00",2,2,FIXED(AJ34+10,0)))) -> 10000 | AN34: =IF(AH34=0,15,INDIRECT(REPLACE("AD00",3,2,FIXED(AH34+10,0)))) -> 17.641938 | AO34: =IF(AI34=0,15,INDIRECT(REPLACE("AD00",3,2,FIXED(AI34+10,0)))) -> 15 | AP34: =IF(AJ34=0,15,INDIRECT(REPLACE("AD00",3,2,FIXED(AJ34+10,0)))) -> 15 | AQ34: =1.14*Z34^(-0.285)*(S34/1000/Y34*X34)^(0.482)*(U34/100)^(-0.241) -> 0.2491412 | AR34: =1.97107*(S34/1000/Y34)*X34*Z34^(-5/3)*(U34/100)^(-0.5)+0.19066*Z34 -> 0.2593522 | AS34: =15.428*(S34/1000/Y34*X34)^2.571*Z34^(-5.856)*(U34/100)^(-1.285) -> 0.012165197 | AT34: =250*((ACOS(1-(2*AA34/Z34))-(1-(2*AA34/Z34))*(SIN(ACOS(1-(2*AA34/Z34)))))) -> 220.58242 | AU34: =0.016614*(S34/Y34)^(0.5107)*Z34^(-0.2768) -> 0.55386778 | AV34: =0.01619*(S34/Y34)^(0.5159)*Z34^(-0.2897) -> 0.56061202 | AW34: =0.07439*(S34/Y34)^(0.3117)*Z34^(-0.221) -> 0.63982893
B35: ='Dre-Dados'!B30 -> 25 | C35: ='Dre-Dados'!C30 -> 0 | E35: =IF(MINA(AK35,AL35,AM35)=10000,C35-Z35-IF(Z35=0.6,0.9,IF(Z35=0.8,0.8,IF(Z35=1,0.9,IF(Z35=1.2,1.1,1.15)))),MINA(AK35,AL35,AM35))-D35 -> -1.6 | F35: =IF(ABS(C35-E35)<=Z35+IF(Z35=0.6,0.69,IF(Z35=0.8,0.79,0.89)),E35-C35,(C35-E35)) -> 1.6 | G35: =INDIRECT(REPLACE("C00",2,2,FIXED(AG35+10,0))) -> 0 | H35: =(E35-(J35*(U35/100))) -> -1.6 | I35: =IF(ABS(G35-H35)<Z35+IF(Z35=0.6,0.69,IF(Z35=0.8,0.79,0.89)),H35-G35,(G35-H35)) -> 1.6 | J35: ='Dre-Dados'!E30 -> 0 | K35: ='Dre-Dados'!F30 -> 0 | L35: ='Dre-Dados'!G30 -> 0 | M35: =IF($AH35=0,0,INDIRECT(REPLACE("M00",2,2,FIXED($AH35+10,0))))+IF($AI35=0,0,INDIRECT(REPLACE("M00",2,2,FIXED($AI35+10,0))))+IF($AJ35=0,0,INDIRECT(REPLACE("M00",2,2,FIXED($AJ35+10,0))))+K35 -> 0 | N35: =IF(M35<1,1,M35^-0.178) -> 1 | O35: =MAXA(AN35,AO35,AP35) -> 15 | P35: =+AB$3*AB$5^AB$4/(O35+AD$3)^AD$4 -> 144.23288 | Q35: =(((2.913+64.073*L35)/1000)*(O35*P35)^(1/3)) -> 0.037675498 | R35: =(2.778*K35*N35*P35*Q35) -> 0 | S35: =IF($AH35=0,0,INDIRECT(REPLACE("S00",2,2,FIXED($AH35+10,0))))+IF($AI35=0,0,INDIRECT(REPLACE("S00",2,2,FIXED($AI35+10,0))))+IF($AJ35=0,0,INDIRECT(REPLACE("S00",2,2,FIXED($AJ35+10,0))))+R35 -> 0 | T35: =(C35-G35)/J35*100 -> #DIV/0! | V35: =(((S35/Y35*X35)/33.53/Z35^(8/3))^2) -> 0 | W35: C | X35: 0.015 | Y35: 1 | Z35: 0.8 | AA35: =IF(0.85*Z35>AS35,IF(0.3*Z35>AR35,AQ35,AR35),AS35) -> #DIV/0! | AB35: =IF(0.3*Z35>AU35,AU35,IF(0.85*Z35>AV35,AV35,AW35)) -> 0 | AC35: =((S35/Y35)/(AT35*Z35^2)) -> #DIV/0! | AD35: =(J35/(AC35*60))+O35 -> #DIV/0! | AF35: ='Dre-Dados'!B30 -> 25 | AG35: ='Dre-Dados'!H30 -> 0 | AH35: ='Dre-Dados'!I30 -> 0 | AI35: ='Dre-Dados'!J30 -> 0 | AJ35: ='Dre-Dados'!K30 -> 0 | AK35: =IF(AH35=0,10000,INDIRECT(REPLACE("H00",2,2,FIXED(AH35+10,0)))) -> 10000 | AL35: =IF(AI35=0,10000,INDIRECT(REPLACE("H00",2,2,FIXED(AI35+10,0)))) -> 10000 | AM35: =IF(AJ35=0,10000,INDIRECT(REPLACE("H00",2,2,FIXED(AJ35+10,0)))) -> 10000 | AN35: =IF(AH35=0,15,INDIRECT(REPLACE("AD00",3,2,FIXED(AH35+10,0)))) -> 15 | AO35: =IF(AI35=0,15,INDIRECT(REPLACE("AD00",3,2,FIXED(AI35+10,0)))) -> 15 | AP35: =IF(AJ35=0,15,INDIRECT(REPLACE("AD00",3,2,FIXED(AJ35+10,0)))) -> 15 | AQ35: =1.14*Z35^(-0.285)*(S35/1000/Y35*X35)^(0.482)*(U35/100)^(-0.241) -> #DIV/0! | AR35: =1.97107*(S35/1000/Y35)*X35*Z35^(-5/3)*(U35/100)^(-0.5)+0.19066*Z35 -> #DIV/0! | AS35: =15.428*(S35/1000/Y35*X35)^2.571*Z35^(-5.856)*(U35/100)^(-1.285) -> #DIV/0! | AT35: =250*((ACOS(1-(2*AA35/Z35))-(1-(2*AA35/Z35))*(SIN(ACOS(1-(2*AA35/Z35)))))) -> #DIV/0! | AU35: =0.016614*(S35/Y35)^(0.5107)*Z35^(-0.2768) -> 0 | AV35: =0.01619*(S35/Y35)^(0.5159)*Z35^(-0.2897) -> 0 | AW35: =0.07439*(S35/Y35)^(0.3117)*Z35^(-0.221) -> 0
B36: ='Dre-Dados'!B31 -> 26 | C36: ='Dre-Dados'!C31 -> 0 | E36: =IF(MINA(AK36,AL36,AM36)=10000,C36-Z36-IF(Z36=0.6,0.9,IF(Z36=0.8,0.8,IF(Z36=1,0.9,IF(Z36=1.2,1.1,1.15)))),MINA(AK36,AL36,AM36))-D36 -> -1.6 | F36: =IF(ABS(C36-E36)<=Z36+IF(Z36=0.6,0.69,IF(Z36=0.8,0.79,0.89)),E36-C36,(C36-E36)) -> 1.6 | G36: =INDIRECT(REPLACE("C00",2,2,FIXED(AG36+10,0))) -> 0 | H36: =(E36-(J36*(U36/100))) -> -1.6 | I36: =IF(ABS(G36-H36)<Z36+IF(Z36=0.6,0.69,IF(Z36=0.8,0.79,0.89)),H36-G36,(G36-H36)) -> 1.6 | J36: ='Dre-Dados'!E31 -> 0 | K36: ='Dre-Dados'!F31 -> 0 | L36: ='Dre-Dados'!G31 -> 0 | M36: =IF($AH36=0,0,INDIRECT(REPLACE("M00",2,2,FIXED($AH36+10,0))))+IF($AI36=0,0,INDIRECT(REPLACE("M00",2,2,FIXED($AI36+10,0))))+IF($AJ36=0,0,INDIRECT(REPLACE("M00",2,2,FIXED($AJ36+10,0))))+K36 -> 0 | N36: =IF(M36<1,1,M36^-0.178) -> 1 | O36: =MAXA(AN36,AO36,AP36) -> 15 | P36: =+AB$3*AB$5^AB$4/(O36+AD$3)^AD$4 -> 144.23288 | Q36: =(((2.913+64.073*L36)/1000)*(O36*P36)^(1/3)) -> 0.037675498 | R36: =(2.778*K36*N36*P36*Q36) -> 0 | S36: =IF($AH36=0,0,INDIRECT(REPLACE("S00",2,2,FIXED($AH36+10,0))))+IF($AI36=0,0,INDIRECT(REPLACE("S00",2,2,FIXED($AI36+10,0))))+IF($AJ36=0,0,INDIRECT(REPLACE("S00",2,2,FIXED($AJ36+10,0))))+R36 -> 0 | T36: =(C36-G36)/J36*100 -> #DIV/0! | V36: =(((S36/Y36*X36)/33.53/Z36^(8/3))^2) -> 0 | W36: C | X36: 0.015 | Y36: 1 | Z36: 0.8 | AA36: =IF(0.85*Z36>AS36,IF(0.3*Z36>AR36,AQ36,AR36),AS36) -> #DIV/0! | AB36: =IF(0.3*Z36>AU36,AU36,IF(0.85*Z36>AV36,AV36,AW36)) -> 0 | AC36: =((S36/Y36)/(AT36*Z36^2)) -> #DIV/0! | AD36: =(J36/(AC36*60))+O36 -> #DIV/0! | AF36: ='Dre-Dados'!B31 -> 26 | AG36: ='Dre-Dados'!H31 -> 0 | AH36: ='Dre-Dados'!I31 -> 0 | AI36: ='Dre-Dados'!J31 -> 0 | AJ36: ='Dre-Dados'!K31 -> 0 | AK36: =IF(AH36=0,10000,INDIRECT(REPLACE("H00",2,2,FIXED(AH36+10,0)))) -> 10000 | AL36: =IF(AI36=0,10000,INDIRECT(REPLACE("H00",2,2,FIXED(AI36+10,0)))) -> 10000 | AM36: =IF(AJ36=0,10000,INDIRECT(REPLACE("H00",2,2,FIXED(AJ36+10,0)))) -> 10000 | AN36: =IF(AH36=0,15,INDIRECT(REPLACE("AD00",3,2,FIXED(AH36+10,0)))) -> 15 | AO36: =IF(AI36=0,15,INDIRECT(REPLACE("AD00",3,2,FIXED(AI36+10,0)))) -> 15 | AP36: =IF(AJ36=0,15,INDIRECT(REPLACE("AD00",3,2,FIXED(AJ36+10,0)))) -> 15 | AQ36: =1.14*Z36^(-0.285)*(S36/1000/Y36*X36)^(0.482)*(U36/100)^(-0.241) -> #DIV/0! | AR36: =1.97107*(S36/1000/Y36)*X36*Z36^(-5/3)*(U36/100)^(-0.5)+0.19066*Z36 -> #DIV/0! | AS36: =15.428*(S36/1000/Y36*X36)^2.571*Z36^(-5.856)*(U36/100)^(-1.285) -> #DIV/0! | AT36: =250*((ACOS(1-(2*AA36/Z36))-(1-(2*AA36/Z36))*(SIN(ACOS(1-(2*AA36/Z36)))))) -> #DIV/0! | AU36: =0.016614*(S36/Y36)^(0.5107)*Z36^(-0.2768) -> 0 | AV36: =0.01619*(S36/Y36)^(0.5159)*Z36^(-0.2897) -> 0 | AW36: =0.07439*(S36/Y36)^(0.3117)*Z36^(-0.221) -> 0
B37: ='Dre-Dados'!B32 -> 27 | C37: ='Dre-Dados'!C32 -> 0 | E37: =IF(MINA(AK37,AL37,AM37)=10000,C37-Z37-IF(Z37=0.6,0.9,IF(Z37=0.8,0.8,IF(Z37=1,0.9,IF(Z37=1.2,1.1,1.15)))),MINA(AK37,AL37,AM37))-D37 -> -1.6 | F37: =IF(ABS(C37-E37)<=Z37+IF(Z37=0.6,0.69,IF(Z37=0.8,0.79,0.89)),E37-C37,(C37-E37)) -> 1.6 | G37: =INDIRECT(REPLACE("C00",2,2,FIXED(AG37+10,0))) -> 0 | H37: =(E37-(J37*(U37/100))) -> -1.6 | I37: =IF(ABS(G37-H37)<Z37+IF(Z37=0.6,0.69,IF(Z37=0.8,0.79,0.89)),H37-G37,(G37-H37)) -> 1.6 | J37: ='Dre-Dados'!E32 -> 0 | K37: ='Dre-Dados'!F32 -> 0 | L37: ='Dre-Dados'!G32 -> 0 | M37: =IF($AH37=0,0,INDIRECT(REPLACE("M00",2,2,FIXED($AH37+10,0))))+IF($AI37=0,0,INDIRECT(REPLACE("M00",2,2,FIXED($AI37+10,0))))+IF($AJ37=0,0,INDIRECT(REPLACE("M00",2,2,FIXED($AJ37+10,0))))+K37 -> 0 | N37: =IF(M37<1,1,M37^-0.178) -> 1 | O37: =MAXA(AN37,AO37,AP37) -> 15 | P37: =+AB$3*AB$5^AB$4/(O37+AD$3)^AD$4 -> 144.23288 | Q37: =(((2.913+64.073*L37)/1000)*(O37*P37)^(1/3)) -> 0.037675498 | R37: =(2.778*K37*N37*P37*Q37) -> 0 | S37: =IF($AH37=0,0,INDIRECT(REPLACE("S00",2,2,FIXED($AH37+10,0))))+IF($AI37=0,0,INDIRECT(REPLACE("S00",2,2,FIXED($AI37+10,0))))+IF($AJ37=0,0,INDIRECT(REPLACE("S00",2,2,FIXED($AJ37+10,0))))+R37 -> 0 | T37: =(C37-G37)/J37*100 -> #DIV/0! | V37: =(((S37/Y37*X37)/33.53/Z37^(8/3))^2) -> 0 | W37: C | X37: 0.015 | Y37: 1 | Z37: 0.8 | AA37: =IF(0.85*Z37>AS37,IF(0.3*Z37>AR37,AQ37,AR37),AS37) -> #DIV/0! | AB37: =IF(0.3*Z37>AU37,AU37,IF(0.85*Z37>AV37,AV37,AW37)) -> 0 | AC37: =((S37/Y37)/(AT37*Z37^2)) -> #DIV/0! | AD37: =(J37/(AC37*60))+O37 -> #DIV/0! | AF37: ='Dre-Dados'!B32 -> 27 | AG37: ='Dre-Dados'!H32 -> 0 | AH37: ='Dre-Dados'!I32 -> 0 | AI37: ='Dre-Dados'!J32 -> 0 | AJ37: ='Dre-Dados'!K32 -> 0 | AK37: =IF(AH37=0,10000,INDIRECT(REPLACE("H00",2,2,FIXED(AH37+10,0)))) -> 10000 | AL37: =IF(AI37=0,10000,INDIRECT(REPLACE("H00",2,2,FIXED(AI37+10,0)))) -> 10000 | AM37: =IF(AJ37=0,10000,INDIRECT(REPLACE("H00",2,2,FIXED(AJ37+10,0)))) -> 10000 | AN37: =IF(AH37=0,15,INDIRECT(REPLACE("AD00",3,2,FIXED(AH37+10,0)))) -> 15 | AO37: =IF(AI37=0,15,INDIRECT(REPLACE("AD00",3,2,FIXED(AI37+10,0)))) -> 15 | AP37: =IF(AJ37=0,15,INDIRECT(REPLACE("AD00",3,2,FIXED(AJ37+10,0)))) -> 15 | AQ37: =1.14*Z37^(-0.285)*(S37/1000/Y37*X37)^(0.482)*(U37/100)^(-0.241) -> #DIV/0! | AR37: =1.97107*(S37/1000/Y37)*X37*Z37^(-5/3)*(U37/100)^(-0.5)+0.19066*Z37 -> #DIV/0! | AS37: =15.428*(S37/1000/Y37*X37)^2.571*Z37^(-5.856)*(U37/100)^(-1.285) -> #DIV/0! | AT37: =250*((ACOS(1-(2*AA37/Z37))-(1-(2*AA37/Z37))*(SIN(ACOS(1-(2*AA37/Z37)))))) -> #DIV/0! | AU37: =0.016614*(S37/Y37)^(0.5107)*Z37^(-0.2768) -> 0 | AV37: =0.01619*(S37/Y37)^(0.5159)*Z37^(-0.2897) -> 0 | AW37: =0.07439*(S37/Y37)^(0.3117)*Z37^(-0.221) -> 0
B38: ='Dre-Dados'!B33 -> 28 | C38: ='Dre-Dados'!C33 -> 0 | E38: =IF(MINA(AK38,AL38,AM38)=10000,C38-Z38-IF(Z38=0.6,0.9,IF(Z38=0.8,0.8,IF(Z38=1,0.9,IF(Z38=1.2,1.1,1.15)))),MINA(AK38,AL38,AM38))-D38 -> -1.6 | F38: =IF(ABS(C38-E38)<=Z38+IF(Z38=0.6,0.69,IF(Z38=0.8,0.79,0.89)),E38-C38,(C38-E38)) -> 1.6 | G38: =INDIRECT(REPLACE("C00",2,2,FIXED(AG38+10,0))) -> 0 | H38: =(E38-(J38*(U38/100))) -> -1.6 | I38: =IF(ABS(G38-H38)<Z38+IF(Z38=0.6,0.69,IF(Z38=0.8,0.79,0.89)),H38-G38,(G38-H38)) -> 1.6 | J38: ='Dre-Dados'!E33 -> 0 | K38: ='Dre-Dados'!F33 -> 0 | L38: ='Dre-Dados'!G33 -> 0 | M38: =IF($AH38=0,0,INDIRECT(REPLACE("M00",2,2,FIXED($AH38+10,0))))+IF($AI38=0,0,INDIRECT(REPLACE("M00",2,2,FIXED($AI38+10,0))))+IF($AJ38=0,0,INDIRECT(REPLACE("M00",2,2,FIXED($AJ38+10,0))))+K38 -> 0 | N38: =IF(M38<1,1,M38^-0.178) -> 1 | O38: =MAXA(AN38,AO38,AP38) -> 15 | P38: =+AB$3*AB$5^AB$4/(O38+AD$3)^AD$4 -> 144.23288 | Q38: =(((2.913+64.073*L38)/1000)*(O38*P38)^(1/3)) -> 0.037675498 | R38: =(2.778*K38*N38*P38*Q38) -> 0 | S38: =IF($AH38=0,0,INDIRECT(REPLACE("S00",2,2,FIXED($AH38+10,0))))+IF($AI38=0,0,INDIRECT(REPLACE("S00",2,2,FIXED($AI38+10,0))))+IF($AJ38=0,0,INDIRECT(REPLACE("S00",2,2,FIXED($AJ38+10,0))))+R38 -> 0 | T38: =(C38-G38)/J38*100 -> #DIV/0! | V38: =(((S38/Y38*X38)/33.53/Z38^(8/3))^2) -> 0 | W38: C | X38: 0.015 | Y38: 1 | Z38: 0.8 | AA38: =IF(0.85*Z38>AS38,IF(0.3*Z38>AR38,AQ38,AR38),AS38) -> #DIV/0! | AB38: =IF(0.3*Z38>AU38,AU38,IF(0.85*Z38>AV38,AV38,AW38)) -> 0 | AC38: =((S38/Y38)/(AT38*Z38^2)) -> #DIV/0! | AD38: =(J38/(AC38*60))+O38 -> #DIV/0! | AF38: ='Dre-Dados'!B33 -> 28 | AG38: ='Dre-Dados'!H33 -> 0 | AH38: ='Dre-Dados'!I33 -> 0 | AI38: ='Dre-Dados'!J33 -> 0 | AJ38: ='Dre-Dados'!K33 -> 0 | AK38: =IF(AH38=0,10000,INDIRECT(REPLACE("H00",2,2,FIXED(AH38+10,0)))) -> 10000 | AL38: =IF(AI38=0,10000,INDIRECT(REPLACE("H00",2,2,FIXED(AI38+10,0)))) -> 10000 | AM38: =IF(AJ38=0,10000,INDIRECT(REPLACE("H00",2,2,FIXED(AJ38+10,0)))) -> 10000 | AN38: =IF(AH38=0,15,INDIRECT(REPLACE("AD00",3,2,FIXED(AH38+10,0)))) -> 15 | AO38: =IF(AI38=0,15,INDIRECT(REPLACE("AD00",3,2,FIXED(AI38+10,0)))) -> 15 | AP38: =IF(AJ38=0,15,INDIRECT(REPLACE("AD00",3,2,FIXED(AJ38+10,0)))) -> 15 | AQ38: =1.14*Z38^(-0.285)*(S38/1000/Y38*X38)^(0.482)*(U38/100)^(-0.241) -> #DIV/0! | AR38: =1.97107*(S38/1000/Y38)*X38*Z38^(-5/3)*(U38/100)^(-0.5)+0.19066*Z38 -> #DIV/0! | AS38: =15.428*(S38/1000/Y38*X38)^2.571*Z38^(-5.856)*(U38/100)^(-1.285) -> #DIV/0! | AT38: =250*((ACOS(1-(2*AA38/Z38))-(1-(2*AA38/Z38))*(SIN(ACOS(1-(2*AA38/Z38)))))) -> #DIV/0! | AU38: =0.016614*(S38/Y38)^(0.5107)*Z38^(-0.2768) -> 0 | AV38: =0.01619*(S38/Y38)^(0.5159)*Z38^(-0.2897) -> 0 | AW38: =0.07439*(S38/Y38)^(0.3117)*Z38^(-0.221) -> 0
B39: ='Dre-Dados'!B34 -> 29 | C39: ='Dre-Dados'!C34 -> 0 | E39: =IF(MINA(AK39,AL39,AM39)=10000,C39-Z39-IF(Z39=0.6,0.9,IF(Z39=0.8,0.8,IF(Z39=1,0.9,IF(Z39=1.2,1.1,1.15)))),MINA(AK39,AL39,AM39))-D39 -> -1.6 | F39: =IF(ABS(C39-E39)<=Z39+IF(Z39=0.6,0.69,IF(Z39=0.8,0.79,0.89)),E39-C39,(C39-E39)) -> 1.6 | G39: =INDIRECT(REPLACE("C00",2,2,FIXED(AG39+10,0))) -> 0 | H39: =(E39-(J39*(U39/100))) -> -1.6 | I39: =IF(ABS(G39-H39)<Z39+IF(Z39=0.6,0.69,IF(Z39=0.8,0.79,0.89)),H39-G39,(G39-H39)) -> 1.6 | J39: ='Dre-Dados'!E34 -> 0 | K39: ='Dre-Dados'!F34 -> 0 | L39: ='Dre-Dados'!G34 -> 0 | M39: =IF($AH39=0,0,INDIRECT(REPLACE("M00",2,2,FIXED($AH39+10,0))))+IF($AI39=0,0,INDIRECT(REPLACE("M00",2,2,FIXED($AI39+10,0))))+IF($AJ39=0,0,INDIRECT(REPLACE("M00",2,2,FIXED($AJ39+10,0))))+K39 -> 0 | N39: =IF(M39<1,1,M39^-0.178) -> 1 | O39: =MAXA(AN39,AO39,AP39) -> 15 | P39: =+AB$3*AB$5^AB$4/(O39+AD$3)^AD$4 -> 144.23288 | Q39: =(((2.913+64.073*L39)/1000)*(O39*P39)^(1/3)) -> 0.037675498 | R39: =(2.778*K39*N39*P39*Q39) -> 0 | S39: =IF($AH39=0,0,INDIRECT(REPLACE("S00",2,2,FIXED($AH39+10,0))))+IF($AI39=0,0,INDIRECT(REPLACE("S00",2,2,FIXED($AI39+10,0))))+IF($AJ39=0,0,INDIRECT(REPLACE("S00",2,2,FIXED($AJ39+10,0))))+R39 -> 0 | T39: =(C39-G39)/J39*100 -> #DIV/0! | V39: =(((S39/Y39*X39)/33.53/Z39^(8/3))^2) -> 0 | W39: C | X39: 0.015 | Y39: 1 | Z39: 0.8 | AA39: =IF(0.85*Z39>AS39,IF(0.3*Z39>AR39,AQ39,AR39),AS39) -> #DIV/0! | AB39: =IF(0.3*Z39>AU39,AU39,IF(0.85*Z39>AV39,AV39,AW39)) -> 0 | AC39: =((S39/Y39)/(AT39*Z39^2)) -> #DIV/0! | AD39: =(J39/(AC39*60))+O39 -> #DIV/0! | AF39: ='Dre-Dados'!B34 -> 29 | AG39: ='Dre-Dados'!H34 -> 0 | AH39: ='Dre-Dados'!I34 -> 0 | AI39: ='Dre-Dados'!J34 -> 0 | AJ39: ='Dre-Dados'!K34 -> 0 | AK39: =IF(AH39=0,10000,INDIRECT(REPLACE("H00",2,2,FIXED(AH39+10,0)))) -> 10000 | AL39: =IF(AI39=0,10000,INDIRECT(REPLACE("H00",2,2,FIXED(AI39+10,0)))) -> 10000 | AM39: =IF(AJ39=0,10000,INDIRECT(REPLACE("H00",2,2,FIXED(AJ39+10,0)))) -> 10000 | AN39: =IF(AH39=0,15,INDIRECT(REPLACE("AD00",3,2,FIXED(AH39+10,0)))) -> 15 | AO39: =IF(AI39=0,15,INDIRECT(REPLACE("AD00",3,2,FIXED(AI39+10,0)))) -> 15 | AP39: =IF(AJ39=0,15,INDIRECT(REPLACE("AD00",3,2,FIXED(AJ39+10,0)))) -> 15 | AQ39: =1.14*Z39^(-0.285)*(S39/1000/Y39*X39)^(0.482)*(U39/100)^(-0.241) -> #DIV/0! | AR39: =1.97107*(S39/1000/Y39)*X39*Z39^(-5/3)*(U39/100)^(-0.5)+0.19066*Z39 -> #DIV/0! | AS39: =15.428*(S39/1000/Y39*X39)^2.571*Z39^(-5.856)*(U39/100)^(-1.285) -> #DIV/0! | AT39: =250*((ACOS(1-(2*AA39/Z39))-(1-(2*AA39/Z39))*(SIN(ACOS(1-(2*AA39/Z39)))))) -> #DIV/0! | AU39: =0.016614*(S39/Y39)^(0.5107)*Z39^(-0.2768) -> 0 | AV39: =0.01619*(S39/Y39)^(0.5159)*Z39^(-0.2897) -> 0 | AW39: =0.07439*(S39/Y39)^(0.3117)*Z39^(-0.221) -> 0
B40: ='Dre-Dados'!B35 -> 30 | C40: ='Dre-Dados'!C35 -> 227.331 | D40: 0.1 | E40: =IF(MINA(AK40,AL40,AM40)=10000,C40-Z40-IF(Z40=0.6,0.9,IF(Z40=0.8,0.8,IF(Z40=1,0.9,IF(Z40=1.2,1.1,1.15)))),MINA(AK40,AL40,AM40))-D40 -> 225.631 | F40: =IF(ABS(C40-E40)<=Z40+IF(Z40=0.6,0.69,IF(Z40=0.8,0.79,0.89)),E40-C40,(C40-E40)) -> 1.7 | G40: =INDIRECT(REPLACE("C00",2,2,FIXED(AG40+10,0))) -> 225.44 | H40: =(E40-(J40*(U40/100))) -> 223.711 | I40: =IF(ABS(G40-H40)<Z40+IF(Z40=0.6,0.69,IF(Z40=0.8,0.79,0.89)),H40-G40,(G40-H40)) -> 1.729 | J40: ='Dre-Dados'!E35 -> 120 | K40: ='Dre-Dados'!F35 -> 1.2432 | L40: ='Dre-Dados'!G35 -> 0.6 | M40: =IF($AH40=0,0,INDIRECT(REPLACE("M00",2,2,FIXED($AH40+10,0))))+IF($AI40=0,0,INDIRECT(REPLACE("M00",2,2,FIXED($AI40+10,0))))+IF($AJ40=0,0,INDIRECT(REPLACE("M00",2,2,FIXED($AJ40+10,0))))+K40 -> 1.2432 | N40: =IF(M40<1,1,M40^-0.178) -> 0.96199253 | O40: =MAXA(AN40,AO40,AP40) -> 15 | P40: =+AB$3*AB$5^AB$4/(O40+AD$3)^AD$4 -> 144.23288 | Q40: =(((2.913+64.073*L40)/1000)*(O40*P40)^(1/3)) -> 0.53489119 | R40: =(2.778*K40*N40*P40*Q40) -> 256.31538 | S40: =IF($AH40=0,0,INDIRECT(REPLACE("S00",2,2,FIXED($AH40+10,0))))+IF($AI40=0,0,INDIRECT(REPLACE("S00",2,2,FIXED($AI40+10,0))))+IF($AJ40=0,0,INDIRECT(REPLACE("S00",2,2,FIXED($AJ40+10,0))))+R40 -> 256.31538 | T40: =(C40-G40)/J40*100 -> 1.5758333 | U40: 1.6 | V40: =(((S40/Y40*X40)/33.53/Z40^(8/3))^2) -> 0.043223322 | W40: C | X40: 0.015 | Y40: 1 | Z40: 0.8 | AA40: =IF(0.85*Z40>AS40,IF(0.3*Z40>AR40,AQ40,AR40),AS40) -> 0.2255468 | AB40: =IF(0.3*Z40>AU40,AU40,IF(0.85*Z40>AV40,AV40,AW40)) -> 0.3020011 | AC40: =((S40/Y40)/(AT40*Z40^2)) -> 2.2034426 | AD40: =(J40/(AC40*60))+O40 -> 15.907671 | AF40: ='Dre-Dados'!B35 -> 30 | AG40: ='Dre-Dados'!H35 -> 31 | AH40: ='Dre-Dados'!I35 -> 0 | AI40: ='Dre-Dados'!J35 -> 0 | AJ40: ='Dre-Dados'!K35 -> 0 | AK40: =IF(AH40=0,10000,INDIRECT(REPLACE("H00",2,2,FIXED(AH40+10,0)))) -> 10000 | AL40: =IF(AI40=0,10000,INDIRECT(REPLACE("H00",2,2,FIXED(AI40+10,0)))) -> 10000 | AM40: =IF(AJ40=0,10000,INDIRECT(REPLACE("H00",2,2,FIXED(AJ40+10,0)))) -> 10000 | AN40: =IF(AH40=0,15,INDIRECT(REPLACE("AD00",3,2,FIXED(AH40+10,0)))) -> 15 | AO40: =IF(AI40=0,15,INDIRECT(REPLACE("AD00",3,2,FIXED(AI40+10,0)))) -> 15 | AP40: =IF(AJ40=0,15,INDIRECT(REPLACE("AD00",3,2,FIXED(AJ40+10,0)))) -> 15 | AQ40: =1.14*Z40^(-0.285)*(S40/1000/Y40*X40)^(0.482)*(U40/100)^(-0.241) -> 0.2255468 | AR40: =1.97107*(S40/1000/Y40)*X40*Z40^(-5/3)*(U40/100)^(-0.5)+0.19066*Z40 -> 0.23942898 | AS40: =15.428*(S40/1000/Y40*X40)^2.571*Z40^(-5.856)*(U40/100)^(-1.285) -> 0.0071484319 | AT40: =250*((ACOS(1-(2*AA40/Z40))-(1-(2*AA40/Z40))*(SIN(ACOS(1-(2*AA40/Z40)))))) -> 181.75776 | AU40: =0.016614*(S40/Y40)^(0.5107)*Z40^(-0.2768) -> 0.30023417 | AV40: =0.01619*(S40/Y40)^(0.5159)*Z40^(-0.2897) -> 0.3020011 | AW40: =0.07439*(S40/Y40)^(0.3117)*Z40^(-0.221) -> 0.44029802
B41: ='Dre-Dados'!B36 -> 31 | C41: ='Dre-Dados'!C36 -> 225.44 | E41: =IF(MINA(AK41,AL41,AM41)=10000,C41-Z41-IF(Z41=0.6,0.9,IF(Z41=0.8,0.8,IF(Z41=1,0.9,IF(Z41=1.2,1.1,1.15)))),MINA(AK41,AL41,AM41))-D41 -> 223.711 | F41: =IF(ABS(C41-E41)<=Z41+IF(Z41=0.6,0.69,IF(Z41=0.8,0.79,0.89)),E41-C41,(C41-E41)) -> 1.729 | G41: =INDIRECT(REPLACE("C00",2,2,FIXED(AG41+10,0))) -> 223.603 | H41: =(E41-(J41*(U41/100))) -> 221.851 | I41: =IF(ABS(G41-H41)<Z41+IF(Z41=0.6,0.69,IF(Z41=0.8,0.79,0.89)),H41-G41,(G41-H41)) -> 1.752 | J41: ='Dre-Dados'!E36 -> 120 | K41: ='Dre-Dados'!F36 -> 0.9461 | L41: ='Dre-Dados'!G36 -> 0.6 | M41: =IF($AH41=0,0,INDIRECT(REPLACE("M00",2,2,FIXED($AH41+10,0))))+IF($AI41=0,0,INDIRECT(REPLACE("M00",2,2,FIXED($AI41+10,0))))+IF($AJ41=0,0,INDIRECT(REPLACE("M00",2,2,FIXED($AJ41+10,0))))+K41 -> 2.1893 | N41: =IF(M41<1,1,M41^-0.178) -> 0.86981253 | O41: =MAXA(AN41,AO41,AP41) -> 15.907671 | P41: =+AB$3*AB$5^AB$4/(O41+AD$3)^AD$4 -> 140.31283 | Q41: =(((2.913+64.073*L41)/1000)*(O41*P41)^(1/3)) -> 0.54048243 | R41: =(2.778*K41*N41*P41*Q41) -> 173.36998 | S41: =IF($AH41=0,0,INDIRECT(REPLACE("S00",2,2,FIXED($AH41+10,0))))+IF($AI41=0,0,INDIRECT(REPLACE("S00",2,2,FIXED($AI41+10,0))))+IF($AJ41=0,0,INDIRECT(REPLACE("S00",2,2,FIXED($AJ41+10,0))))+R41 -> 429.68536 | T41: =(C41-G41)/J41*100 -> 1.5308333 | U41: 1.55 | V41: =(((S41/Y41*X41)/33.53/Z41^(8/3))^2) -> 0.12147025 | W41: C | X41: 0.015 | Y41: 1 | Z41: 0.8 | AA41: =IF(0.85*Z41>AS41,IF(0.3*Z41>AR41,AQ41,AR41),AS41) -> 0.30053924 | AB41: =IF(0.3*Z41>AU41,AU41,IF(0.85*Z41>AV41,AV41,AW41)) -> 0.39424305 | AC41: =((S41/Y41)/(AT41*Z41^2)) -> 2.4896811 | AD41: =(J41/(AC41*60))+O41 -> 16.710986 | AF41: ='Dre-Dados'!B36 -> 31 | AG41: ='Dre-Dados'!H36 -> 32 | AH41: ='Dre-Dados'!I36 -> 30 | AI41: ='Dre-Dados'!J36 -> 0 | AJ41: ='Dre-Dados'!K36 -> 0 | AK41: =IF(AH41=0,10000,INDIRECT(REPLACE("H00",2,2,FIXED(AH41+10,0)))) -> 223.711 | AL41: =IF(AI41=0,10000,INDIRECT(REPLACE("H00",2,2,FIXED(AI41+10,0)))) -> 10000 | AM41: =IF(AJ41=0,10000,INDIRECT(REPLACE("H00",2,2,FIXED(AJ41+10,0)))) -> 10000 | AN41: =IF(AH41=0,15,INDIRECT(REPLACE("AD00",3,2,FIXED(AH41+10,0)))) -> 15.907671 | AO41: =IF(AI41=0,15,INDIRECT(REPLACE("AD00",3,2,FIXED(AI41+10,0)))) -> 15 | AP41: =IF(AJ41=0,15,INDIRECT(REPLACE("AD00",3,2,FIXED(AJ41+10,0)))) -> 15 | AQ41: =1.14*Z41^(-0.285)*(S41/1000/Y41*X41)^(0.482)*(U41/100)^(-0.241) -> 0.29154716 | AR41: =1.97107*(S41/1000/Y41)*X41*Z41^(-5/3)*(U41/100)^(-0.5)+0.19066*Z41 -> 0.30053924 | AS41: =15.428*(S41/1000/Y41*X41)^2.571*Z41^(-5.856)*(U41/100)^(-1.285) -> 0.028106006 | AT41: =250*((ACOS(1-(2*AA41/Z41))-(1-(2*AA41/Z41))*(SIN(ACOS(1-(2*AA41/Z41)))))) -> 269.66642 | AU41: =0.016614*(S41/Y41)^(0.5107)*Z41^(-0.2768) -> 0.39088489 | AV41: =0.01619*(S41/Y41)^(0.5159)*Z41^(-0.2897) -> 0.39424305 | AW41: =0.07439*(S41/Y41)^(0.3117)*Z41^(-0.221) -> 0.51723118
B42: ='Dre-Dados'!B37 -> 32 | C42: ='Dre-Dados'!C37 -> 223.603 | E42: =IF(MINA(AK42,AL42,AM42)=10000,C42-Z42-IF(Z42=0.6,0.9,IF(Z42=0.8,0.8,IF(Z42=1,0.9,IF(Z42=1.2,1.1,1.15)))),MINA(AK42,AL42,AM42))-D42 -> 221.851 | F42: =IF(ABS(C42-E42)<=Z42+IF(Z42=0.6,0.69,IF(Z42=0.8,0.79,0.89)),E42-C42,(C42-E42)) -> 1.752 | G42: ='Dre-Dados'!D37 -> 221.35 | H42: =(E42-(J42*(U42/100))) -> 220.54799 | I42: =IF(ABS(G42-H42)<Z42+IF(Z42=0.6,0.69,IF(Z42=0.8,0.79,0.89)),H42-G42,(G42-H42)) -> -0.802005 | J42: ='Dre-Dados'!E37 -> 16.39 | K42: ='Dre-Dados'!F37 -> 1.0807 | L42: ='Dre-Dados'!G37 -> 0.6 | M42: =IF($AH42=0,0,INDIRECT(REPLACE("M00",2,2,FIXED($AH42+10,0))))+IF($AI42=0,0,INDIRECT(REPLACE("M00",2,2,FIXED($AI42+10,0))))+IF($AJ42=0,0,INDIRECT(REPLACE("M00",2,2,FIXED($AJ42+10,0))))+K42 -> 3.27 | N42: =IF(M42<1,1,M42^-0.178) -> 0.80986103 | O42: =MAXA(AN42,AO42,AP42) -> 16.710986 | P42: =+AB$3*AB$5^AB$4/(O42+AD$3)^AD$4 -> 137.03716 | Q42: =(((2.913+64.073*L42)/1000)*(O42*P42)^(1/3)) -> 0.54512203 | R42: =(2.778*K42*N42*P42*Q42) -> 181.62681 | S42: =IF($AH42=0,0,INDIRECT(REPLACE("S00",2,2,FIXED($AH42+10,0))))+IF($AI42=0,0,INDIRECT(REPLACE("S00",2,2,FIXED($AI42+10,0))))+IF($AJ42=0,0,INDIRECT(REPLACE("S00",2,2,FIXED($AJ42+10,0))))+R42 -> 611.31217 | T42: =(C42-G42)/J42*100 -> 13.746187 | U42: 7.95 | V42: =(((S42/Y42*X42)/33.53/Z42^(8/3))^2) -> 0.24586397 | W42: C | X42: 0.015 | Y42: 1 | Z42: 0.8 | AA42: =IF(0.85*Z42>AS42,IF(0.3*Z42>AR42,AQ42,AR42),AS42) -> 0.24550799 | AB42: =IF(0.3*Z42>AU42,AU42,IF(0.85*Z42>AV42,AV42,AW42)) -> 0.47288418 | AC42: =((S42/Y42)/(AT42*Z42^2)) -> 4.6708076 | AD42: =(J42/(AC42*60))+O42 -> 16.76947 | AF42: ='Dre-Dados'!B37 -> 32 | AG42: ='Dre-Dados'!H37 -> 0 | AH42: ='Dre-Dados'!I37 -> 31 | AI42: ='Dre-Dados'!J37 -> 0 | AJ42: ='Dre-Dados'!K37 -> 0 | AK42: =IF(AH42=0,10000,INDIRECT(REPLACE("H00",2,2,FIXED(AH42+10,0)))) -> 221.851 | AL42: =IF(AI42=0,10000,INDIRECT(REPLACE("H00",2,2,FIXED(AI42+10,0)))) -> 10000 | AM42: =IF(AJ42=0,10000,INDIRECT(REPLACE("H00",2,2,FIXED(AJ42+10,0)))) -> 10000 | AN42: =IF(AH42=0,15,INDIRECT(REPLACE("AD00",3,2,FIXED(AH42+10,0)))) -> 16.710986 | AO42: =IF(AI42=0,15,INDIRECT(REPLACE("AD00",3,2,FIXED(AI42+10,0)))) -> 15 | AP42: =IF(AJ42=0,15,INDIRECT(REPLACE("AD00",3,2,FIXED(AJ42+10,0)))) -> 15 | AQ42: =1.14*Z42^(-0.285)*(S42/1000/Y42*X42)^(0.482)*(U42/100)^(-0.241) -> 0.23301855 | AR42: =1.97107*(S42/1000/Y42)*X42*Z42^(-5/3)*(U42/100)^(-0.5)+0.19066*Z42 -> 0.24550799 | AS42: =15.428*(S42/1000/Y42*X42)^2.571*Z42^(-5.856)*(U42/100)^(-1.285) -> 0.0085124743 | AT42: =250*((ACOS(1-(2*AA42/Z42))-(1-(2*AA42/Z42))*(SIN(ACOS(1-(2*AA42/Z42)))))) -> 204.49895 | AU42: =0.016614*(S42/Y42)^(0.5107)*Z42^(-0.2768) -> 0.46799739 | AV42: =0.01619*(S42/Y42)^(0.5159)*Z42^(-0.2897) -> 0.47288418 | AW42: =0.07439*(S42/Y42)^(0.3117)*Z42^(-0.221) -> 0.57731104

Sheet Dre-Terraplenagem
B2: =DADOS!$B$3 -> CLIENTE: | C2: =DADOS!$C$3 -> PREFEITURA MUNICIPAL DE JARDIM / MS
B3: =DADOS!$B$4 -> ENDEREÇO: | C3: =DADOS!$C$4 -> RUA CEL. JUVÊNCIO, Nº 547 - CENTRO
B5: =DADOS!$B$7 -> OBRA: | C5: =DADOS!$C$7 -> PAVIMENTAÇÃO ASFÁLTICA E DRENAGEM DE ÁGUAS PLUVIAIS
B6: =DADOS!$B$8 -> LOCAL: | C6: =DADOS!$C$8 -> JARDIM PREVISUL, JARDIM / MS
B8: TRECHO Nº | G8: ='Dre-Dim'!B16 -> 6 | H8: ='Dre-Dim'!B17 -> 7 | I8: ='Dre-Dim'!B18 -> 8 | J8: ='Dre-Dim'!B19 -> 9 | K8: ='Dre-Dim'!B30 -> 20 | L8: ='Dre-Dim'!B31 -> 21 | M8: ='Dre-Dim'!B32 -> 22 | N8: ='Dre-Dim'!B33 -> 23 | O8: ='Dre-Dim'!B34 -> 24 | P8: ='Dre-Dim'!B40 -> 30 | Q8: ='Dre-Dim'!B41 -> 31 | R8: ='Dre-Dim'!B42 -> 32 | T8: BIGODE - Ø0,40m | V8: TOTAL
B10: MEMÓRIA DE CÁLCULO DE DRENAGEM DE ÁGUAS PLUVIAIS - TERRAPLENAGEM | C10: EXTENSÃO (m) | G10: ='Dre-Dim'!J16 -> 68.51 | H10: ='Dre-Dim'!J17 -> 68.51 | I10: ='Dre-Dim'!J18 -> 69.29 | J10: ='Dre-Dim'!J19 -> 69.29 | K10: ='Dre-Dim'!J30 -> 88.65 | L10: ='Dre-Dim'!J31 -> 84.58 | M10: ='Dre-Dim'!J32 -> 80.4 | N10: ='Dre-Dim'!J33 -> 39.29 | O10: ='Dre-Dim'!J34 -> 16.19 | P10: ='Dre-Dim'!J40 -> 120 | Q10: ='Dre-Dim'!J41 -> 120 | R10: ='Dre-Dim'!J42 -> 16.39 | T10: ='Dre-Disp. Estruturais'!$X$23 -> 544 | V10: =SUM(F10:U10) -> 1385.1
C11: DIÂMETRO (m) | G11: ='Dre-Dim'!Z16 -> 0.8 | H11: ='Dre-Dim'!Z17 -> 0.8 | I11: ='Dre-Dim'!Z18 -> 0.8 | J11: ='Dre-Dim'!Z19 -> 0.8 | K11: ='Dre-Dim'!Z30 -> 0.8 | L11: ='Dre-Dim'!Z31 -> 0.8 | M11: ='Dre-Dim'!Z32 -> 0.8 | N11: ='Dre-Dim'!Z33 -> 0.8 | O11: ='Dre-Dim'!Z34 -> 0.8 | P11: ='Dre-Dim'!Z40 -> 0.8 | Q11: ='Dre-Dim'!Z41 -> 0.8 | R11: ='Dre-Dim'!Z42 -> 0.8 | T11: 0.4
C12: N° DE LINHAS (un) | G12: ='Dre-Dim'!Y16 -> 1 | H12: ='Dre-Dim'!Y17 -> 1 | I12: ='Dre-Dim'!Y18 -> 1 | J12: ='Dre-Dim'!Y19 -> 1 | K12: ='Dre-Dim'!Y30 -> 1 | L12: ='Dre-Dim'!Y31 -> 1 | M12: ='Dre-Dim'!Y32 -> 1 | N12: ='Dre-Dim'!Y33 -> 1 | O12: ='Dre-Dim'!Y34 -> 1 | P12: ='Dre-Dim'!Y40 -> 1 | Q12: ='Dre-Dim'!Y41 -> 1 | R12: ='Dre-Dim'!Y42 -> 1 | T12: 1
C13: MATERIAL (P=PEAD C=CONCRETO MET=METÁLICO) | G13: ='Dre-Dim'!W16 -> C | H13: ='Dre-Dim'!W17 -> C | I13: ='Dre-Dim'!W18 -> C | J13: ='Dre-Dim'!W19 -> C | K13: ='Dre-Dim'!W30 -> C | L13: ='Dre-Dim'!W31 -> C | M13: ='Dre-Dim'!W32 -> C | N13: ='Dre-Dim'!W33 -> C | O13: ='Dre-Dim'!W34 -> C | P13: ='Dre-Dim'!W40 -> C | Q13: ='Dre-Dim'!W41 -> C | R13: ='Dre-Dim'!W42 -> C | T13: C
C14: PS-1 / PS-2 / PVC | G14: =IF(G11>0.7,"PA-1","PS-1") -> PA-1 | H14: =IF(H11>0.7,"PA-1","PS-1") -> PA-1 | I14: =IF(I11>0.7,"PA-1","PS-1") -> PA-1 | J14: =IF(J11>0.7,"PA-1","PS-1") -> PA-1 | K14: =IF(K11>0.7,"PA-1","PS-1") -> PA-1 | L14: =IF(L11>0.7,"PA-1","PS-1") -> PA-1 | M14: =IF(M11>0.7,"PA-1","PS-1") -> PA-1 | N14: =IF(N11>0.7,"PA-1","PS-1") -> PA-1 | ... R14: =IF(R11>0.7,"PA-1","PS-1") -> PA-1 | T14: =IF(T11>0.7,"PA-1","PS-1") -> PS-1
C15: PROFUNDIDADE | D15: MONTANTE (PV) | G15: =ABS('Dre-Dim'!F16) -> 1.7 | H15: =ABS('Dre-Dim'!F17) -> 1.730965 | I15: =ABS('Dre-Dim'!F18) -> 1.72334 | J15: =ABS('Dre-Dim'!F19) -> 1.70053 | K15: =ABS('Dre-Dim'!F30) -> 1.7 | L15: =ABS('Dre-Dim'!F31) -> 1.73745 | M15: =ABS('Dre-Dim'!F32) -> 1.72264 | N15: =ABS('Dre-Dim'!F33) -> 1.73364 | O15: =ABS('Dre-Dim'!F34) -> 1.7338 | P15: =ABS('Dre-Dim'!F40) -> 1.7 | Q15: =ABS('Dre-Dim'!F41) -> 1.729 | R15: =ABS('Dre-Dim'!F42) -> 1.752 | T15: 1.5
D16: JUSANTE (PV) | G16: =ABS('Dre-Dim'!I16) -> 1.730965 | H16: =ABS('Dre-Dim'!I17) -> 1.72334 | I16: =ABS('Dre-Dim'!I18) -> 1.70053 | J16: =ABS('Dre-Dim'!I19) -> 1.707525 | K16: =ABS('Dre-Dim'!I30) -> 1.73745 | L16: =ABS('Dre-Dim'!I31) -> 1.72264 | M16: =ABS('Dre-Dim'!I32) -> 1.73364 | N16: =ABS('Dre-Dim'!I33) -> 1.7338 | O16: =ABS('Dre-Dim'!I34) -> 0.798935 | P16: =ABS('Dre-Dim'!I40) -> 1.729 | Q16: =ABS('Dre-Dim'!I41) -> 1.752 | R16: =ABS('Dre-Dim'!I42) -> 0.802005 | T16: 1.5
D17: MÉDIA | G17: =ROUND(((G15+G16)/2),2) -> 1.72 | H17: =ROUND(((H15+H16)/2),2) -> 1.73 | I17: =ROUND(((I15+I16)/2),2) -> 1.71 | J17: =ROUND(((J15+J16)/2),2) -> 1.7 | K17: =ROUND(((K15+K16)/2),2) -> 1.72 | L17: =ROUND(((L15+L16)/2),2) -> 1.73 | M17: =ROUND(((M15+M16)/2),2) -> 1.73 | N17: =ROUND(((N15+N16)/2),2) -> 1.73 | ... R17: =ROUND(((R15+R16)/2),2) -> 1.28 | T17: =ROUND(((T15+T16)/2),2) -> 1.5
D18: BOLSA + ESPESSURA | G18: =IF(G11=0,0,IF(G14="PVC",0,G11*0.21)) -> 0.168 | H18: =IF(H11=0,0,IF(H14="PVC",0,H11*0.21)) -> 0.168 | I18: =IF(I11=0,0,IF(I14="PVC",0,I11*0.21)) -> 0.168 | J18: =IF(J11=0,0,IF(J14="PVC",0,J11*0.21)) -> 0.168 | K18: =IF(K11=0,0,IF(K14="PVC",0,K11*0.21)) -> 0.168 | L18: =IF(L11=0,0,IF(L14="PVC",0,L11*0.21)) -> 0.168 | M18: =IF(M11=0,0,IF(M14="PVC",0,M11*0.21)) -> 0.168 | N18: =IF(N11=0,0,IF(N14="PVC",0,N11*0.21)) -> 0.168 | ... R18: =IF(R11=0,0,IF(R14="PVC",0,R11*0.21)) -> 0.168 | T18: =IF(T11=0,0,IF(T14="PVC",0,T11*0.21)) -> 0.084
D19: LASTRO | G19: =G52+G54 -> 0 | H19: =H52+H54 -> 0 | I19: =I52+I54 -> 0 | J19: =J52+J54 -> 0 | K19: =K52+K54 -> 0 | L19: =L52+L54 -> 0 | M19: =M52+M54 -> 0 | N19: =N52+N54 -> 0 | ... R19: =R52+R54 -> 0.6 | T19: =T52+T54 -> 0
D20: MÉDIA + BOLSA (H) | G20: =G17+G18+G19 -> 1.888 | H20: =H17+H18+H19 -> 1.898 | I20: =I17+I18+I19 -> 1.878 | J20: =J17+J18+J19 -> 1.868 | K20: =K17+K18+K19 -> 1.888 | L20: =L17+L18+L19 -> 1.898 | M20: =M17+M18+M19 -> 1.898 | N20: =N17+N18+N19 -> 1.898 | ... R20: =R17+R18+R19 -> 2.048 | T20: =T17+T18 -> 1.584
C21: TALUDE (1:V) | G21: 3 | H21: 3 | I21: 3 | J21: 3 | K21: 3 | L21: 3 | M21: 3 | N21: 3 | O21: 3 | P21: 3 | Q21: 3 | R21: 3 | T21: 3
C23: BASE (m) | D23: INFERIOR H < 4,50m (L = 2Ø) | G23: =IF(G16<=4.5,IF(G14="PVC",0.4*2+G11*IF(G12=1,1,IF(G12=2,3,5)),G11*IF(G12=1,2,IF(G12=2,3.5,5))),0) -> 1.6 | H23: =IF(H16<=4.5,IF(H14="PVC",0.4*2+H11*IF(H12=1,1,IF(H12=2,3,5)),H11*IF(H12=1,2,IF(H12=2,3.5,5))),0) -> 1.6 | I23: =IF(I16<=4.5,IF(I14="PVC",0.4*2+I11*IF(I12=1,1,IF(I12=2,3,5)),I11*IF(I12=1,2,IF(I12=2,3.5,5))),0) -> 1.6 | J23: =IF(J16<=4.5,IF(J14="PVC",0.4*2+J11*IF(J12=1,1,IF(J12=2,3,5)),J11*IF(J12=1,2,IF(J12=2,3.5,5))),0) -> 1.6 | K23: =IF(K16<=4.5,IF(K14="PVC",0.4*2+K11*IF(K12=1,1,IF(K12=2,3,5)),K11*IF(K12=1,2,IF(K12=2,3.5,5))),0) -> 1.6 | L23: =IF(L16<=4.5,IF(L14="PVC",0.4*2+L11*IF(L12=1,1,IF(L12=2,3,5)),L11*IF(L12=1,2,IF(L12=2,3.5,5))),0) -> 1.6 | M23: =IF(M16<=4.5,IF(M14="PVC",0.4*2+M11*IF(M12=1,1,IF(M12=2,3,5)),M11*IF(M12=1,2,IF(M12=2,3.5,5))),0) -> 1.6 | N23: =IF(N16<=4.5,IF(N14="PVC",0.4*2+N11*IF(N12=1,1,IF(N12=2,3,5)),N11*IF(N12=1,2,IF(N12=2,3.5,5))),0) -> 1.6 | ... R23: =IF(R16<=4.5,IF(R14="PVC",0.4*2+R11*IF(R12=1,1,IF(R12=2,3,5)),R11*IF(R12=1,2,IF(R12=2,3.5,5))),0) -> 1.6 | T23: =IF(T16<=4.5,IF(T14="PVC",0.4*2+T11*IF(T12=1,1,IF(T12=2,3,5)),T11*IF(T12=1,2,IF(T12=2,3.5,5))),0) -> 0.8
D24: INFERIOR H > 4,50m (L = 3Ø) | G24: =IF(G23=0,IF(G14="PVC",0.8*2+G11*IF(G12=1,1,IF(G12=2,3,5)),G11*IF(G12=1,3,IF(G12=2,4.5,6))),0) -> 0 | H24: =IF(H23=0,IF(H14="PVC",0.8*2+H11*IF(H12=1,1,IF(H12=2,3,5)),H11*IF(H12=1,3,IF(H12=2,4.5,6))),0) -> 0 | I24: =IF(I23=0,IF(I14="PVC",0.8*2+I11*IF(I12=1,1,IF(I12=2,3,5)),I11*IF(I12=1,3,IF(I12=2,4.5,6))),0) -> 0 | J24: =IF(J23=0,IF(J14="PVC",0.8*2+J11*IF(J12=1,1,IF(J12=2,3,5)),J11*IF(J12=1,3,IF(J12=2,4.5,6))),0) -> 0 | K24: =IF(K23=0,IF(K14="PVC",0.8*2+K11*IF(K12=1,1,IF(K12=2,3,5)),K11*IF(K12=1,3,IF(K12=2,4.5,6))),0) -> 0 | L24: =IF(L23=0,IF(L14="PVC",0.8*2+L11*IF(L12=1,1,IF(L12=2,3,5)),L11*IF(L12=1,3,IF(L12=2,4.5,6))),0) -> 0 | M24: =IF(M23=0,IF(M14="PVC",0.8*2+M11*IF(M12=1,1,IF(M12=2,3,5)),M11*IF(M12=1,3,IF(M12=2,4.5,6))),0) -> 0 | N24: =IF(N23=0,IF(N14="PVC",0.8*2+N11*IF(N12=1,1,IF(N12=2,3,5)),N11*IF(N12=1,3,IF(N12=2,4.5,6))),0) -> 0 | ... R24: =IF(R23=0,IF(R14="PVC",0.8*2+R11*IF(R12=1,1,IF(R12=2,3,5)),R11*IF(R12=1,3,IF(R12=2,4.5,6))),0) -> 0 | T24: =IF(T23=0,IF(T14="PVC",0.8*2+T11*IF(T12=1,1,IF(T12=2,3,5)),T11*IF(T12=1,3,IF(T12=2,4.5,6))),0) -> 0
D25: REATERRO MECÂNICO | G25: =IF(G21="V",G23+G24,G23+G24+G29/G21*2) -> 2.8586667 | H25: =IF(H21="V",H23+H24,H23+H24+H29/H21*2) -> 2.8653333 | I25: =IF(I21="V",I23+I24,I23+I24+I29/I21*2) -> 2.852 | J25: =IF(J21="V",J23+J24,J23+J24+J29/J21*2) -> 2.8453333 | K25: =IF(K21="V",K23+K24,K23+K24+K29/K21*2) -> 2.8586667 | L25: =IF(L21="V",L23+L24,L23+L24+L29/L21*2) -> 2.8653333 | M25: =IF(M21="V",M23+M24,M23+M24+M29/M21*2) -> 2.8653333 | N25: =IF(N21="V",N23+N24,N23+N24+N29/N21*2) -> 2.8653333 | ... R25: =IF(R21="V",R23+R24,R23+R24+R29/R21*2) -> 2.9653333 | T25: =IF(T21="V",T23+T24,T23+T24+T29/T21*2) -> 1.856
D26: TOPO (BOCA DA VALA) | G26: =IF(G21="V",G23+G24,G20/G21*2+G23+G24) -> 2.8586667 | H26: =IF(H21="V",H23+H24,H20/H21*2+H23+H24) -> 2.8653333 | I26: =IF(I21="V",I23+I24,I20/I21*2+I23+I24) -> 2.852 | J26: =IF(J21="V",J23+J24,J20/J21*2+J23+J24) -> 2.8453333 | K26: =IF(K21="V",K23+K24,K20/K21*2+K23+K24) -> 2.8586667 | L26: =IF(L21="V",L23+L24,L20/L21*2+L23+L24) -> 2.8653333 | M26: =IF(M21="V",M23+M24,M20/M21*2+M23+M24) -> 2.8653333 | N26: =IF(N21="V",N23+N24,N20/N21*2+N23+N24) -> 2.8653333 | ... R26: =IF(R21="V",R23+R24,R20/R21*2+R23+R24) -> 2.9653333 | T26: =IF(T21="V",T23+T24,T20/T21*2+T23+T24) -> 1.856
C27: ÁREA DO TUBO (m²) | G27: =ROUND(((PI()*(G11*1.2)^2/4)*G12),2) -> 0.72 | H27: =ROUND(((PI()*(H11*1.2)^2/4)*H12),2) -> 0.72 | I27: =ROUND(((PI()*(I11*1.2)^2/4)*I12),2) -> 0.72 | J27: =ROUND(((PI()*(J11*1.2)^2/4)*J12),2) -> 0.72 | K27: =ROUND(((PI()*(K11*1.2)^2/4)*K12),2) -> 0.72 | L27: =ROUND(((PI()*(L11*1.2)^2/4)*L12),2) -> 0.72 | M27: =ROUND(((PI()*(M11*1.2)^2/4)*M12),2) -> 0.72 | N27: =ROUND(((PI()*(N11*1.2)^2/4)*N12),2) -> 0.72 | ... R27: =ROUND(((PI()*(R11*1.2)^2/4)*R12),2) -> 0.72 | T27: =ROUND(((PI()*(T11*1.2)^2/4)*T12),2) -> 0.18
C29: ALTURA (m) | D29: REATERRO MECÂNICO | G29: =G20 -> 1.888 | H29: =H20 -> 1.898 | I29: =I20 -> 1.878 | J29: =J20 -> 1.868 | K29: =K20 -> 1.888 | L29: =L20 -> 1.898 | M29: =M20 -> 1.898 | N29: =N20 -> 1.898 | ... R29: =R20 -> 2.048 | T29: =T20 -> 1.584
C30: ESCAVAÇÃO | D30: H1 < 1,50m | G30: =IF(G33+G32+G31>0,0,IF(G20>0,G20,0)) -> 0 | H30: =IF(H33+H32+H31>0,0,IF(H20>0,H20,0)) -> 0 | I30: =IF(I33+I32+I31>0,0,IF(I20>0,I20,0)) -> 0 | J30: =IF(J33+J32+J31>0,0,IF(J20>0,J20,0)) -> 0 | K30: =IF(K33+K32+K31>0,0,IF(K20>0,K20,0)) -> 0 | L30: =IF(L33+L32+L31>0,0,IF(L20>0,L20,0)) -> 0 | M30: =IF(M33+M32+M31>0,0,IF(M20>0,M20,0)) -> 0 | N30: =IF(N33+N32+N31>0,0,IF(N20>0,N20,0)) -> 0 | ... R30: =IF(R33+R32+R31>0,0,IF(R20>0,R20,0)) -> 0 | T30: =IF(T33+T32+T31>0,0,IF(T20>0,T20,0)) -> 0
D31: 1,51m < H2 < 3,00m | G31: =IF(G33+G32>0,0,IF(G20>1.5,G20,0)) -> 1.888 | H31: =IF(H33+H32>0,0,IF(H20>1.5,H20,0)) -> 1.898 | I31: =IF(I33+I32>0,0,IF(I20>1.5,I20,0)) -> 1.878 | J31: =IF(J33+J32>0,0,IF(J20>1.5,J20,0)) -> 1.868 | K31: =IF(K33+K32>0,0,IF(K20>1.5,K20,0)) -> 1.888 | L31: =IF(L33+L32>0,0,IF(L20>1.5,L20,0)) -> 1.898 | M31: =IF(M33+M32>0,0,IF(M20>1.5,M20,0)) -> 1.898 | N31: =IF(N33+N32>0,0,IF(N20>1.5,N20,0)) -> 1.898 | ... R31: =IF(R33+R32>0,0,IF(R20>1.5,R20,0)) -> 2.048 | T31: =IF(T33+T32>0,0,IF(T20>1.5,T20,0)) -> 1.584
D32: 3,01m < H3 < 4,50m | G32: =IF(G33>0,0,IF(G20>3,G20,0)) -> 0 | H32: =IF(H33>0,0,IF(H20>3,H20,0)) -> 0 | I32: =IF(I33>0,0,IF(I20>3,I20,0)) -> 0 | J32: =IF(J33>0,0,IF(J20>3,J20,0)) -> 0 | K32: =IF(K33>0,0,IF(K20>3,K20,0)) -> 0 | L32: =IF(L33>0,0,IF(L20>3,L20,0)) -> 0 | M32: =IF(M33>0,0,IF(M20>3,M20,0)) -> 0 | N32: =IF(N33>0,0,IF(N20>3,N20,0)) -> 0 | ... R32: =IF(R33>0,0,IF(R20>3,R20,0)) -> 0 | T32: =IF(T33>0,0,IF(T20>3,T20,0)) -> 0
D33: H4 > 4,51m | G33: =IF(G20>4.5,G20,0) -> 0 | H33: =IF(H20>4.5,H20,0) -> 0 | I33: =IF(I20>4.5,I20,0) -> 0 | J33: =IF(J20>4.5,J20,0) -> 0 | K33: =IF(K20>4.5,K20,0) -> 0 | L33: =IF(L20>4.5,L20,0) -> 0 | M33: =IF(M20>4.5,M20,0) -> 0 | N33: =IF(N20>4.5,N20,0) -> 0 | ... R33: =IF(R20>4.5,R20,0) -> 0 | T33: =IF(T20>4.5,T20,0) -> 0
C34: CÁLCULO DA ESCAVAÇÃO | D34: H4 > 4,51m | G34: =IF(G33=0,0,TRUNC(((G23+G24+G26)/2*G20*G10),2)) -> 0 | H34: =IF(H33=0,0,TRUNC(((H23+H24+H26)/2*H20*H10),2)) -> 0 | I34: =IF(I33=0,0,TRUNC(((I23+I24+I26)/2*I20*I10),2)) -> 0 | J34: =IF(J33=0,0,TRUNC(((J23+J24+J26)/2*J20*J10),2)) -> 0 | K34: =IF(K33=0,0,TRUNC(((K23+K24+K26)/2*K20*K10),2)) -> 0 | L34: =IF(L33=0,0,TRUNC(((L23+L24+L26)/2*L20*L10),2)) -> 0 | M34: =IF(M33=0,0,TRUNC(((M23+M24+M26)/2*M20*M10),2)) -> 0 | N34: =IF(N33=0,0,TRUNC(((N23+N24+N26)/2*N20*N10),2)) -> 0 | ... R34: =IF(R33=0,0,TRUNC(((R23+R24+R26)/2*R20*R10),2)) -> 0 | T34: =IF(T33=0,0,TRUNC(((T23+T24+T26)/2*T20*T10),2)) -> 0
D35: 3,01m < H3 < 4,50m | G35: =IF(G32=0,0,TRUNC(((G23+G24+G26)/2*G20*G10),2)) -> 0 | H35: =IF(H32=0,0,TRUNC(((H23+H24+H26)/2*H20*H10),2)) -> 0 | I35: =IF(I32=0,0,TRUNC(((I23+I24+I26)/2*I20*I10),2)) -> 0 | J35: =IF(J32=0,0,TRUNC(((J23+J24+J26)/2*J20*J10),2)) -> 0 | K35: =IF(K32=0,0,TRUNC(((K23+K24+K26)/2*K20*K10),2)) -> 0 | L35: =IF(L32=0,0,TRUNC(((L23+L24+L26)/2*L20*L10),2)) -> 0 | M35: =IF(M32=0,0,TRUNC(((M23+M24+M26)/2*M20*M10),2)) -> 0 | N35: =IF(N32=0,0,TRUNC(((N23+N24+N26)/2*N20*N10),2)) -> 0 | ... R35: =IF(R32=0,0,TRUNC(((R23+R24+R26)/2*R20*R10),2)) -> 0 | T35: =IF(T32=0,0,TRUNC(((T23+T24+T26)/2*T20*T10),2)) -> 0
D36: 1,51m < H2 < 3,00m | G36: =IF(G31=0,0,TRUNC(((G23+G24+G26)/2*G20*G10),2)) -> 288.35 | H36: =IF(H31=0,0,TRUNC(((H23+H24+H26)/2*H20*H10),2)) -> 290.31 | I36: =IF(I31=0,0,TRUNC(((I23+I24+I26)/2*I20*I10),2)) -> 289.66 | J36: =IF(J31=0,0,TRUNC(((J23+J24+J26)/2*J20*J10),2)) -> 287.68 | K36: =IF(K31=0,0,TRUNC(((K23+K24+K26)/2*K20*K10),2)) -> 373.12 | L36: =IF(L31=0,0,TRUNC(((L23+L24+L26)/2*L20*L10),2)) -> 358.41 | M36: =IF(M31=0,0,TRUNC(((M23+M24+M26)/2*M20*M10),2)) -> 340.7 | N36: =IF(N31=0,0,TRUNC(((N23+N24+N26)/2*N20*N10),2)) -> 166.49 | ... R36: =IF(R31=0,0,TRUNC(((R23+R24+R26)/2*R20*R10),2)) -> 76.62 | T36: =IF(T31=0,0,TRUNC(((T23+T24+T26)/2*T20*T10),2)) -> 1144.33
D37: H1 < 1,50m | G37: =IF(G30=0,0,TRUNC(((G23+G24+G26)/2*G20*G10),2)) -> 0 | H37: =IF(H30=0,0,TRUNC(((H23+H24+H26)/2*H20*H10),2)) -> 0 | I37: =IF(I30=0,0,TRUNC(((I23+I24+I26)/2*I20*I10),2)) -> 0 | J37: =IF(J30=0,0,TRUNC(((J23+J24+J26)/2*J20*J10),2)) -> 0 | K37: =IF(K30=0,0,TRUNC(((K23+K24+K26)/2*K20*K10),2)) -> 0 | L37: =IF(L30=0,0,TRUNC(((L23+L24+L26)/2*L20*L10),2)) -> 0 | M37: =IF(M30=0,0,TRUNC(((M23+M24+M26)/2*M20*M10),2)) -> 0 | N37: =IF(N30=0,0,TRUNC(((N23+N24+N26)/2*N20*N10),2)) -> 0 | ... R37: =IF(R30=0,0,TRUNC(((R23+R24+R26)/2*R20*R10),2)) -> 0 | T37: =IF(T30=0,0,TRUNC(((T23+T24+T26)/2*T20*T10),2)) -> 0
C39: VOLUME TOTAL DA ESCAVAÇÃO (m³) | G39: =SUM(G40:G50) -> 288.34 | H39: =SUM(H40:H50) -> 290.3 | I39: =SUM(I40:I50) -> 289.65 | J39: =SUM(J40:J50) -> 287.67 | K39: =SUM(K40:K50) -> 373.11 | L39: =SUM(L40:L50) -> 358.4 | M39: =SUM(M40:M50) -> 340.69 | N39: =SUM(N40:N50) -> 166.48 | ... R39: =SUM(R40:R50) -> 76.61 | T39: =SUM(T40:T50) -> 1144.32 | V39: =SUM(F39:U39) -> 4704.35
C40: ESCAVAÇÃO MECÂNICA (m³) | D40: (H ≤ 1,50m) (L ≤ 0,80m) | G40: =IF(G30=0,0,IF(G26<=0.8,TRUNC((G37*95%),2),0)) -> 0 | H40: =IF(H30=0,0,IF(H26<=0.8,TRUNC((H37*95%),2),0)) -> 0 | I40: =IF(I30=0,0,IF(I26<=0.8,TRUNC((I37*95%),2),0)) -> 0 | J40: =IF(J30=0,0,IF(J26<=0.8,TRUNC((J37*95%),2),0)) -> 0 | K40: =IF(K30=0,0,IF(K26<=0.8,TRUNC((K37*95%),2),0)) -> 0 | L40: =IF(L30=0,0,IF(L26<=0.8,TRUNC((L37*95%),2),0)) -> 0 | M40: =IF(M30=0,0,IF(M26<=0.8,TRUNC((M37*95%),2),0)) -> 0 | N40: =IF(N30=0,0,IF(N26<=0.8,TRUNC((N37*95%),2),0)) -> 0 | ... R40: =IF(R30=0,0,IF(R26<=0.8,TRUNC((R37*95%),2),0)) -> 0 | T40: =IF(T30=0,0,IF(T26<=0.8,TRUNC((T37*95%),2),0)) -> 0 | V40: =SUM(F40:U40) -> 0
D41: (H ≤ 1,50m) (0,80m < L ≤ 1,50m) | G41: =IF(G30=0,0,IF(G40+G42=0,TRUNC((G37*95%),2),0)) -> 0 | H41: =IF(H30=0,0,IF(H40+H42=0,TRUNC((H37*95%),2),0)) -> 0 | I41: =IF(I30=0,0,IF(I40+I42=0,TRUNC((I37*95%),2),0)) -> 0 | J41: =IF(J30=0,0,IF(J40+J42=0,TRUNC((J37*95%),2),0)) -> 0 | K41: =IF(K30=0,0,IF(K40+K42=0,TRUNC((K37*95%),2),0)) -> 0 | L41: =IF(L30=0,0,IF(L40+L42=0,TRUNC((L37*95%),2),0)) -> 0 | M41: =IF(M30=0,0,IF(M40+M42=0,TRUNC((M37*95%),2),0)) -> 0 | N41: =IF(N30=0,0,IF(N40+N42=0,TRUNC((N37*95%),2),0)) -> 0 | ... R41: =IF(R30=0,0,IF(R40+R42=0,TRUNC((R37*95%),2),0)) -> 0 | T41: =IF(T30=0,0,IF(T40+T42=0,TRUNC((T37*95%),2),0)) -> 0 | V41: =SUM(F41:U41) -> 0
D42: (H ≤ 1,50m) (L > 1,50m) | G42: =IF(G30=0,0,IF(G26>1.5,TRUNC((G37*95%),2),0)) -> 0 | H42: =IF(H30=0,0,IF(H26>1.5,TRUNC((H37*95%),2),0)) -> 0 | I42: =IF(I30=0,0,IF(I26>1.5,TRUNC((I37*95%),2),0)) -> 0 | J42: =IF(J30=0,0,IF(J26>1.5,TRUNC((J37*95%),2),0)) -> 0 | K42: =IF(K30=0,0,IF(K26>1.5,TRUNC((K37*95%),2),0)) -> 0 | L42: =IF(L30=0,0,IF(L26>1.5,TRUNC((L37*95%),2),0)) -> 0 | M42: =IF(M30=0,0,IF(M26>1.5,TRUNC((M37*95%),2),0)) -> 0 | N42: =IF(N30=0,0,IF(N26>1.5,TRUNC((N37*95%),2),0)) -> 0 | ... R42: =IF(R30=0,0,IF(R26>1.5,TRUNC((R37*95%),2),0)) -> 0 | T42: =IF(T30=0,0,IF(T26>1.5,TRUNC((T37*95%),2),0)) -> 0 | V42: =SUM(F42:U42) -> 0
D43: (1,50m < H ≤ 3,00m) (L ≤ 0,80m) | G43: =IF(G31=0,0,IF(G26<=0.8,TRUNC((G37*95%),2),0)) -> 0 | H43: =IF(H31=0,0,IF(H26<=0.8,TRUNC((H37*95%),2),0)) -> 0 | I43: =IF(I31=0,0,IF(I26<=0.8,TRUNC((I37*95%),2),0)) -> 0 | J43: =IF(J31=0,0,IF(J26<=0.8,TRUNC((J37*95%),2),0)) -> 0 | K43: =IF(K31=0,0,IF(K26<=0.8,TRUNC((K37*95%),2),0)) -> 0 | L43: =IF(L31=0,0,IF(L26<=0.8,TRUNC((L37*95%),2),0)) -> 0 | M43: =IF(M31=0,0,IF(M26<=0.8,TRUNC((M37*95%),2),0)) -> 0 | N43: =IF(N31=0,0,IF(N26<=0.8,TRUNC((N37*95%),2),0)) -> 0 | ... R43: =IF(R31=0,0,IF(R26<=0.8,TRUNC((R37*95%),2),0)) -> 0 | T43: =IF(T31=0,0,IF(T26<=0.8,TRUNC((T37*95%),2),0)) -> 0 | V43: =SUM(F43:U43) -> 0
D44: (1,50m < H ≤ 3,00m) (0,80m < L ≤ 1,50m) | G44: =IF(G31=0,0,IF(G43+G45=0,TRUNC((G36*95%),2),0)) -> 0 | H44: =IF(H31=0,0,IF(H43+H45=0,TRUNC((H36*95%),2),0)) -> 0 | I44: =IF(I31=0,0,IF(I43+I45=0,TRUNC((I36*95%),2),0)) -> 0 | J44: =IF(J31=0,0,IF(J43+J45=0,TRUNC((J36*95%),2),0)) -> 0 | K44: =IF(K31=0,0,IF(K43+K45=0,TRUNC((K36*95%),2),0)) -> 0 | L44: =IF(L31=0,0,IF(L43+L45=0,TRUNC((L36*95%),2),0)) -> 0 | M44: =IF(M31=0,0,IF(M43+M45=0,TRUNC((M36*95%),2),0)) -> 0 | N44: =IF(N31=0,0,IF(N43+N45=0,TRUNC((N36*95%),2),0)) -> 0 | ... R44: =IF(R31=0,0,IF(R43+R45=0,TRUNC((R36*95%),2),0)) -> 0 | T44: =IF(T31=0,0,IF(T43+T45=0,TRUNC((T36*95%),2),0)) -> 0 | V44: =SUM(F44:U44) -> 0
D45: (1,50m < H ≤ 3,00m) (L > 1,50m) | G45: =IF(G31=0,0,IF(G26>1.5,TRUNC((G36*95%),2),0)) -> 273.93 | H45: =IF(H31=0,0,IF(H26>1.5,TRUNC((H36*95%),2),0)) -> 275.79 | I45: =IF(I31=0,0,IF(I26>1.5,TRUNC((I36*95%),2),0)) -> 275.17 | J45: =IF(J31=0,0,IF(J26>1.5,TRUNC((J36*95%),2),0)) -> 273.29 | K45: =IF(K31=0,0,IF(K26>1.5,TRUNC((K36*95%),2),0)) -> 354.46 | L45: =IF(L31=0,0,IF(L26>1.5,TRUNC((L36*95%),2),0)) -> 340.48 | M45: =IF(M31=0,0,IF(M26>1.5,TRUNC((M36*95%),2),0)) -> 323.66 | N45: =IF(N31=0,0,IF(N26>1.5,TRUNC((N36*95%),2),0)) -> 158.16 | ... R45: =IF(R31=0,0,IF(R26>1.5,TRUNC((R36*95%),2),0)) -> 72.78 | T45: =IF(T31=0,0,IF(T26>1.5,TRUNC((T36*95%),2),0)) -> 1087.11 | V45: =SUM(F45:U45) -> 4469.18
D46: (3,00m < H ≤ 4,50m) (L ≤ 1,50m) | G46: =IF(G32=0,0,IF(G47=0,TRUNC((G35*95%),2),0)) -> 0 | H46: =IF(H32=0,0,IF(H47=0,TRUNC((H35*95%),2),0)) -> 0 | I46: =IF(I32=0,0,IF(I47=0,TRUNC((I35*95%),2),0)) -> 0 | J46: =IF(J32=0,0,IF(J47=0,TRUNC((J35*95%),2),0)) -> 0 | K46: =IF(K32=0,0,IF(K47=0,TRUNC((K35*95%),2),0)) -> 0 | L46: =IF(L32=0,0,IF(L47=0,TRUNC((L35*95%),2),0)) -> 0 | M46: =IF(M32=0,0,IF(M47=0,TRUNC((M35*95%),2),0)) -> 0 | N46: =IF(N32=0,0,IF(N47=0,TRUNC((N35*95%),2),0)) -> 0 | ... R46: =IF(R32=0,0,IF(R47=0,TRUNC((R35*95%),2),0)) -> 0 | T46: =IF(T32=0,0,IF(T47=0,TRUNC((T35*95%),2),0)) -> 0 | V46: =SUM(F46:U46) -> 0
D47: (3,00m < H ≤ 4,50m) (L > 1,50m) | G47: =IF(G32=0,0,IF(G26>1.5,TRUNC((G35*95%),2),0)) -> 0 | H47: =IF(H32=0,0,IF(H26>1.5,TRUNC((H35*95%),2),0)) -> 0 | I47: =IF(I32=0,0,IF(I26>1.5,TRUNC((I35*95%),2),0)) -> 0 | J47: =IF(J32=0,0,IF(J26>1.5,TRUNC((J35*95%),2),0)) -> 0 | K47: =IF(K32=0,0,IF(K26>1.5,TRUNC((K35*95%),2),0)) -> 0 | L47: =IF(L32=0,0,IF(L26>1.5,TRUNC((L35*95%),2),0)) -> 0 | M47: =IF(M32=0,0,IF(M26>1.5,TRUNC((M35*95%),2),0)) -> 0 | N47: =IF(N32=0,0,IF(N26>1.5,TRUNC((N35*95%),2),0)) -> 0 | ... R47: =IF(R32=0,0,IF(R26>1.5,TRUNC((R35*95%),2),0)) -> 0 | T47: =IF(T32=0,0,IF(T26>1.5,TRUNC((T35*95%),2),0)) -> 0 | V47: =SUM(F47:U47) -> 0
D48: (4,50m < H ≤ 6,00m) (L ≤ 1,50m) | G48: =IF(G33=0,0,IF(G49=0,TRUNC((G34*95%),2),0)) -> 0 | H48: =IF(H33=0,0,IF(H49=0,TRUNC((H34*95%),2),0)) -> 0 | I48: =IF(I33=0,0,IF(I49=0,TRUNC((I34*95%),2),0)) -> 0 | J48: =IF(J33=0,0,IF(J49=0,TRUNC((J34*95%),2),0)) -> 0 | K48: =IF(K33=0,0,IF(K49=0,TRUNC((K34*95%),2),0)) -> 0 | L48: =IF(L33=0,0,IF(L49=0,TRUNC((L34*95%),2),0)) -> 0 | M48: =IF(M33=0,0,IF(M49=0,TRUNC((M34*95%),2),0)) -> 0 | N48: =IF(N33=0,0,IF(N49=0,TRUNC((N34*95%),2),0)) -> 0 | ... R48: =IF(R33=0,0,IF(R49=0,TRUNC((R34*95%),2),0)) -> 0 | T48: =IF(T33=0,0,IF(T49=0,TRUNC((T34*95%),2),0)) -> 0 | V48: =SUM(F48:U48) -> 0
D49: (4,50m < H ≤ 6,00m) (L > 1,50m) | G49: =IF(G33=0,0,IF(G26>1.5,TRUNC((G34*95%),2),0)) -> 0 | H49: =IF(H33=0,0,IF(H26>1.5,TRUNC((H34*95%),2),0)) -> 0 | I49: =IF(I33=0,0,IF(I26>1.5,TRUNC((I34*95%),2),0)) -> 0 | J49: =IF(J33=0,0,IF(J26>1.5,TRUNC((J34*95%),2),0)) -> 0 | K49: =IF(K33=0,0,IF(K26>1.5,TRUNC((K34*95%),2),0)) -> 0 | L49: =IF(L33=0,0,IF(L26>1.5,TRUNC((L34*95%),2),0)) -> 0 | M49: =IF(M33=0,0,IF(M26>1.5,TRUNC((M34*95%),2),0)) -> 0 | N49: =IF(N33=0,0,IF(N26>1.5,TRUNC((N34*95%),2),0)) -> 0 | ... R49: =IF(R33=0,0,IF(R26>1.5,TRUNC((R34*95%),2),0)) -> 0 | T49: =IF(T33=0,0,IF(T26>1.5,TRUNC((T34*95%),2),0)) -> 0 | V49: =SUM(F49:U49) -> 0
C50: ESCAVAÇÃO MANUAL (m³) | G50: =TRUNC((SUM(G34:G37)*5%),2) -> 14.41 | H50: =TRUNC((SUM(H34:H37)*5%),2) -> 14.51 | I50: =TRUNC((SUM(I34:I37)*5%),2) -> 14.48 | J50: =TRUNC((SUM(J34:J37)*5%),2) -> 14.38 | K50: =TRUNC((SUM(K34:K37)*5%),2) -> 18.65 | L50: =TRUNC((SUM(L34:L37)*5%),2) -> 17.92 | M50: =TRUNC((SUM(M34:M37)*5%),2) -> 17.03 | N50: =TRUNC((SUM(N34:N37)*5%),2) -> 8.32 | ... R50: =TRUNC((SUM(R34:R37)*5%),2) -> 3.83 | T50: =TRUNC((SUM(T34:T37)*5%),2) -> 57.21 | V50: =SUM(F50:U50) -> 235.17
C52: LASTRO DE BRITA (m³) | D52: ESPESSURA | G52: 0 | H52: 0 | I52: 0 | J52: 0 | K52: 0 | L52: 0 | M52: 0 | N52: 0 | O52: 0.1 | P52: 0 | Q52: 0 | R52: 0.1 | T52: 0
D53: VOLUME | G53: =TRUNC(((G52*G10*G23)*1.1),2) -> 0 | H53: =TRUNC(((H52*H10*H23)*1.1),2) -> 0 | I53: =TRUNC(((I52*I10*I23)*1.1),2) -> 0 | J53: =TRUNC(((J52*J10*J23)*1.1),2) -> 0 | K53: =TRUNC(((K52*K10*K23)*1.1),2) -> 0 | L53: =TRUNC(((L52*L10*L23)*1.1),2) -> 0 | M53: =TRUNC(((M52*M10*M23)*1.1),2) -> 0 | N53: =TRUNC(((N52*N10*N23)*1.1),2) -> 0 | ... R53: =TRUNC(((R52*R10*R23)*1.1),2) -> 2.88 | T53: =TRUNC(((T52*T10*T23)*1.1),2) -> 0 | V53: =SUM(F53:U53) -> 5.72
C54: LASTRO DE PEDRA DE MÃO (m³) | D54: ESPESSURA | G54: 0 | H54: 0 | I54: 0 | J54: 0 | K54: 0 | L54: 0 | M54: 0 | N54: 0 | O54: 0.5 | P54: 0 | Q54: 0 | R54: 0.5 | T54: 0
D55: VOLUME | G55: =TRUNC(((G54*G10*G23)*1.1),2) -> 0 | H55: =TRUNC(((H54*H10*H23)*1.1),2) -> 0 | I55: =TRUNC(((I54*I10*I23)*1.1),2) -> 0 | J55: =TRUNC(((J54*J10*J23)*1.1),2) -> 0 | K55: =TRUNC(((K54*K10*K23)*1.1),2) -> 0 | L55: =TRUNC(((L54*L10*L23)*1.1),2) -> 0 | M55: =TRUNC(((M54*M10*M23)*1.1),2) -> 0 | N55: =TRUNC(((N54*N10*N23)*1.1),2) -> 0 | ... R55: =TRUNC(((R54*R10*R23)*1.1),2) -> 14.42 | T55: =TRUNC(((T54*T10*T23)*1.1),2) -> 0 | V55: =SUM(F55:U55) -> 28.66
C56: TRANSPORTE DE PEDRA DE MÃO E BRITA (m³.km) | E56: =IF('Resumo DMT''s'!$E$15>30,30,'Resumo DMT''s'!$E$15) -> 30 | G56: =TRUNC(((G53+G55)*$E$56),2) -> 0 | H56: =TRUNC(((H53+H55)*$E$56),2) -> 0 | I56: =TRUNC(((I53+I55)*$E$56),2) -> 0 | J56: =TRUNC(((J53+J55)*$E$56),2) -> 0 | K56: =TRUNC(((K53+K55)*$E$56),2) -> 0 | L56: =TRUNC(((L53+L55)*$E$56),2) -> 0 | M56: =TRUNC(((M53+M55)*$E$56),2) -> 0 | N56: =TRUNC(((N53+N55)*$E$56),2) -> 0 | ... R56: =TRUNC(((R53+R55)*$E$56),2) -> 519 | T56: =TRUNC(((T53+T55)*$E$56),2) -> 0 | V56: =SUM(F56:U56) -> 1031.4
C57: TRANSPORTE DE PEDRA DE MÃO E BRITA (m³.km) | E57: =IF('Resumo DMT''s'!$E$15>30,'Resumo DMT''s'!$E$15-30,0) -> 25 | G57: =TRUNC(((G53+G55)*$E$57),2) -> 0 | H57: =TRUNC(((H53+H55)*$E$57),2) -> 0 | I57: =TRUNC(((I53+I55)*$E$57),2) -> 0 | J57: =TRUNC(((J53+J55)*$E$57),2) -> 0 | K57: =TRUNC(((K53+K55)*$E$57),2) -> 0 | L57: =TRUNC(((L53+L55)*$E$57),2) -> 0 | M57: =TRUNC(((M53+M55)*$E$57),2) -> 0 | N57: =TRUNC(((N53+N55)*$E$57),2) -> 0 | ... R57: =TRUNC(((R53+R55)*$E$57),2) -> 432.5 | T57: =TRUNC(((T53+T55)*$E$57),2) -> 0 | V57: =SUM(F57:U57) -> 859.5
C58: ESGOTAMENTO COM MOTO BOMBA (H) | G58: =TRUNC((IF(G53+G55>0,G67/14,0)),2) -> 0 | H58: =TRUNC((IF(H53+H55>0,H67/14,0)),2) -> 0 | I58: =TRUNC((IF(I53+I55>0,I67/14,0)),2) -> 0 | J58: =TRUNC((IF(J53+J55>0,J67/14,0)),2) -> 0 | K58: =TRUNC((IF(K53+K55>0,K67/14,0)),2) -> 0 | L58: =TRUNC((IF(L53+L55>0,L67/14,0)),2) -> 0 | M58: =TRUNC((IF(M53+M55>0,M67/14,0)),2) -> 0 | N58: =TRUNC((IF(N53+N55>0,N67/14,0)),2) -> 0 | ... R58: =TRUNC((IF(R53+R55>0,R67/14,0)),2) -> 3.39 | T58: =TRUNC((IF(T53+T55>0,T67/14,0)),2) -> 0 | V58: =SUM(F58:U58) -> 6.7
C60: REGULARIZAÇÃO (m²) | D60: BASE ≤ 1,50m | G60: =IF(G52+G54>0,0,IF((G23+G24)<=1.5,TRUNC((G10*(G23+G24)),2),0)) -> 0 | H60: =IF(H52+H54>0,0,IF((H23+H24)<=1.5,TRUNC((H10*(H23+H24)),2),0)) -> 0 | I60: =IF(I52+I54>0,0,IF((I23+I24)<=1.5,TRUNC((I10*(I23+I24)),2),0)) -> 0 | J60: =IF(J52+J54>0,0,IF((J23+J24)<=1.5,TRUNC((J10*(J23+J24)),2),0)) -> 0 | K60: =IF(K52+K54>0,0,IF((K23+K24)<=1.5,TRUNC((K10*(K23+K24)),2),0)) -> 0 | L60: =IF(L52+L54>0,0,IF((L23+L24)<=1.5,TRUNC((L10*(L23+L24)),2),0)) -> 0 | M60: =IF(M52+M54>0,0,IF((M23+M24)<=1.5,TRUNC((M10*(M23+M24)),2),0)) -> 0 | N60: =IF(N52+N54>0,0,IF((N23+N24)<=1.5,TRUNC((N10*(N23+N24)),2),0)) -> 0 | ... R60: =IF(R52+R54>0,0,IF((R23+R24)<=1.5,TRUNC((R10*(R23+R24)),2),0)) -> 0 | T60: =IF(T52+T54>0,0,IF((T23+T24)<=1.5,TRUNC((T10*(T23+T24)),2),0)) -> 435.2 | V60: =SUM(F60:U60) -> 435.2
D61: BASE > 1,50m | G61: =IF(G52+G54>0,0,IF((G23+G24)>1.5,TRUNC((G10*(G23+G24)),2),0)) -> 109.61 | H61: =IF(H52+H54>0,0,IF((H23+H24)>1.5,TRUNC((H10*(H23+H24)),2),0)) -> 109.61 | I61: =IF(I52+I54>0,0,IF((I23+I24)>1.5,TRUNC((I10*(I23+I24)),2),0)) -> 110.86 | J61: =IF(J52+J54>0,0,IF((J23+J24)>1.5,TRUNC((J10*(J23+J24)),2),0)) -> 110.86 | K61: =IF(K52+K54>0,0,IF((K23+K24)>1.5,TRUNC((K10*(K23+K24)),2),0)) -> 141.84 | L61: =IF(L52+L54>0,0,IF((L23+L24)>1.5,TRUNC((L10*(L23+L24)),2),0)) -> 135.32 | M61: =IF(M52+M54>0,0,IF((M23+M24)>1.5,TRUNC((M10*(M23+M24)),2),0)) -> 128.64 | N61: =IF(N52+N54>0,0,IF((N23+N24)>1.5,TRUNC((N10*(N23+N24)),2),0)) -> 62.86 | ... R61: =IF(R52+R54>0,0,IF((R23+R24)>1.5,TRUNC((R10*(R23+R24)),2),0)) -> 0 | T61: =IF(T52+T54>0,0,IF((T23+T24)>1.5,TRUNC((T10*(T23+T24)),2),0)) -> 0 | V61: =SUM(F61:U61) -> 1293.6
C63: ESCORAMENTO PONTALETE (m²) | D63: (1,50m < H ≤ 3,00m) (L ≤ 1,50m) | G63: =IF(AND(G20>1.5,G20<=3,G26<=1.5),TRUNC((G20*2*G10),2),0) -> 0 | H63: =IF(AND(H20>1.5,H20<=3,H26<=1.5),TRUNC((H20*2*H10),2),0) -> 0 | I63: =IF(AND(I20>1.5,I20<=3,I26<=1.5),TRUNC((I20*2*I10),2),0) -> 0 | J63: =IF(AND(J20>1.5,J20<=3,J26<=1.5),TRUNC((J20*2*J10),2),0) -> 0 | K63: =IF(AND(K20>1.5,K20<=3,K26<=1.5),TRUNC((K20*2*K10),2),0) -> 0 | L63: =IF(AND(L20>1.5,L20<=3,L26<=1.5),TRUNC((L20*2*L10),2),0) -> 0 | M63: =IF(AND(M20>1.5,M20<=3,M26<=1.5),TRUNC((M20*2*M10),2),0) -> 0 | N63: =IF(AND(N20>1.5,N20<=3,N26<=1.5),TRUNC((N20*2*N10),2),0) -> 0 | ... R63: =IF(AND(R20>1.5,R20<=3,R26<=1.5),TRUNC((R20*2*R10),2),0) -> 0 | T63: 0 | V63: =SUM(F63:U63) -> 0
D64: (1,50m < H ≤ 3,00m) (L > 1,50m) | G64: =IF(AND(G20>1.5,G20<=3,G26>1.5),TRUNC((G20*2*G10),2),0) -> 258.69 | H64: =IF(AND(H20>1.5,H20<=3,H26>1.5),TRUNC((H20*2*H10),2),0) -> 260.06 | I64: =IF(AND(I20>1.5,I20<=3,I26>1.5),TRUNC((I20*2*I10),2),0) -> 260.25 | J64: =IF(AND(J20>1.5,J20<=3,J26>1.5),TRUNC((J20*2*J10),2),0) -> 258.86 | K64: =IF(AND(K20>1.5,K20<=3,K26>1.5),TRUNC((K20*2*K10),2),0) -> 334.74 | L64: =IF(AND(L20>1.5,L20<=3,L26>1.5),TRUNC((L20*2*L10),2),0) -> 321.06 | M64: =IF(AND(M20>1.5,M20<=3,M26>1.5),TRUNC((M20*2*M10),2),0) -> 305.19 | N64: =IF(AND(N20>1.5,N20<=3,N26>1.5),TRUNC((N20*2*N10),2),0) -> 149.14 | ... R64: =IF(AND(R20>1.5,R20<=3,R26>1.5),TRUNC((R20*2*R10),2),0) -> 67.13 | T64: 0 | V64: =SUM(F64:U64) -> 3189.75
C65: ESCORAMENTO METÁLICO (m²) | D65: (H > 3,00m) | G65: =IF(G20>3,TRUNC((G20*2*G10),2),0) -> 0 | H65: =IF(H20>3,TRUNC((H20*2*H10),2),0) -> 0 | I65: =IF(I20>3,TRUNC((I20*2*I10),2),0) -> 0 | J65: =IF(J20>3,TRUNC((J20*2*J10),2),0) -> 0 | K65: =IF(K20>3,TRUNC((K20*2*K10),2),0) -> 0 | L65: =IF(L20>3,TRUNC((L20*2*L10),2),0) -> 0 | M65: =IF(M20>3,TRUNC((M20*2*M10),2),0) -> 0 | N65: =IF(N20>3,TRUNC((N20*2*N10),2),0) -> 0 | ... R65: =IF(R20>3,TRUNC((R20*2*R10),2),0) -> 0 | T65: 0 | V65: =SUM(F65:U65) -> 0
C67: VOLUME TOTAL DO REATERRO (m³) | G67: =TRUNC((G39-G53-G55-(G27*G10)),2) -> 239.01 | H67: =TRUNC((H39-H53-H55-(H27*H10)),2) -> 240.97 | I67: =TRUNC((I39-I53-I55-(I27*I10)),2) -> 239.76 | J67: =TRUNC((J39-J53-J55-(J27*J10)),2) -> 237.78 | K67: =TRUNC((K39-K53-K55-(K27*K10)),2) -> 309.28 | L67: =TRUNC((L39-L53-L55-(L27*L10)),2) -> 297.5 | M67: =TRUNC((M39-M53-M55-(M27*M10)),2) -> 282.8 | N67: =TRUNC((N39-N53-N55-(N27*N10)),2) -> 138.19 | ... R67: =TRUNC((R39-R53-R55-(R27*R10)),2) -> 47.5 | T67: =TRUNC((T39-T53-T55-(T27*T10)),2) -> 1046.4 | V67: =SUM(F67:U67) -> 3966.43
C68: REATERRO MECÂNICO (m³) | D68: (H ≤ 1,50m) (L ≤ 0,80m) | G68: =IF(G20<=1.5,IF(G26<=0.8,G67,0),0) -> 0 | H68: =IF(H20<=1.5,IF(H26<=0.8,H67,0),0) -> 0 | I68: =IF(I20<=1.5,IF(I26<=0.8,I67,0),0) -> 0 | J68: =IF(J20<=1.5,IF(J26<=0.8,J67,0),0) -> 0 | K68: =IF(K20<=1.5,IF(K26<=0.8,K67,0),0) -> 0 | L68: =IF(L20<=1.5,IF(L26<=0.8,L67,0),0) -> 0 | M68: =IF(M20<=1.5,IF(M26<=0.8,M67,0),0) -> 0 | N68: =IF(N20<=1.5,IF(N26<=0.8,N67,0),0) -> 0 | ... R68: =IF(R20<=1.5,IF(R26<=0.8,R67,0),0) -> 0 | T68: =IF(T20<=1.5,IF(T26<=0.8,T67,0),0) -> 0 | V68: =SUM(F68:U68) -> 0
D69: (H ≤ 1,50m) (0,80m < L ≤ 1,50m) | G69: =IF(G20<=1.5,IF(AND(G26>0.8,G26<=1.5),IF(G26>0.8,G67,0),0),0) -> 0 | H69: =IF(H20<=1.5,IF(AND(H26>0.8,H26<=1.5),IF(H26>0.8,H67,0),0),0) -> 0 | I69: =IF(I20<=1.5,IF(AND(I26>0.8,I26<=1.5),IF(I26>0.8,I67,0),0),0) -> 0 | J69: =IF(J20<=1.5,IF(AND(J26>0.8,J26<=1.5),IF(J26>0.8,J67,0),0),0) -> 0 | K69: =IF(K20<=1.5,IF(AND(K26>0.8,K26<=1.5),IF(K26>0.8,K67,0),0),0) -> 0 | L69: =IF(L20<=1.5,IF(AND(L26>0.8,L26<=1.5),IF(L26>0.8,L67,0),0),0) -> 0 | M69: =IF(M20<=1.5,IF(AND(M26>0.8,M26<=1.5),IF(M26>0.8,M67,0),0),0) -> 0 | N69: =IF(N20<=1.5,IF(AND(N26>0.8,N26<=1.5),IF(N26>0.8,N67,0),0),0) -> 0 | ... R69: =IF(R20<=1.5,IF(AND(R26>0.8,R26<=1.5),IF(R26>0.8,R67,0),0),0) -> 0 | T69: =IF(T20<=1.5,IF(AND(T26>0.8,T26<=1.5),IF(T26>0.8,T67,0),0),0) -> 0 | V69: =SUM(F69:U69) -> 0
D70: (H ≤ 1,50m) (L > 1,50m) | G70: =IF(G20<=1.5,IF(G26>1.5,G67,0),0) -> 0 | H70: =IF(H20<=1.5,IF(H26>1.5,H67,0),0) -> 0 | I70: =IF(I20<=1.5,IF(I26>1.5,I67,0),0) -> 0 | J70: =IF(J20<=1.5,IF(J26>1.5,J67,0),0) -> 0 | K70: =IF(K20<=1.5,IF(K26>1.5,K67,0),0) -> 0 | L70: =IF(L20<=1.5,IF(L26>1.5,L67,0),0) -> 0 | M70: =IF(M20<=1.5,IF(M26>1.5,M67,0),0) -> 0 | N70: =IF(N20<=1.5,IF(N26>1.5,N67,0),0) -> 0 | ... R70: =IF(R20<=1.5,IF(R26>1.5,R67,0),0) -> 0 | T70: =IF(T20<=1.5,IF(T26>1.5,T67,0),0) -> 0 | V70: =SUM(F70:U70) -> 0
D71: (1,50m < H ≤ 3,00m) (L ≤ 0,80m) | G71: =IF(SUM(G68:G70)>0,0,IF(G20<3,IF(G26<=0.8,G67,0),0)) -> 0 | H71: =IF(SUM(H68:H70)>0,0,IF(H20<3,IF(H26<=0.8,H67,0),0)) -> 0 | I71: =IF(SUM(I68:I70)>0,0,IF(I20<3,IF(I26<=0.8,I67,0),0)) -> 0 | J71: =IF(SUM(J68:J70)>0,0,IF(J20<3,IF(J26<=0.8,J67,0),0)) -> 0 | K71: =IF(SUM(K68:K70)>0,0,IF(K20<3,IF(K26<=0.8,K67,0),0)) -> 0 | L71: =IF(SUM(L68:L70)>0,0,IF(L20<3,IF(L26<=0.8,L67,0),0)) -> 0 | M71: =IF(SUM(M68:M70)>0,0,IF(M20<3,IF(M26<=0.8,M67,0),0)) -> 0 | N71: =IF(SUM(N68:N70)>0,0,IF(N20<3,IF(N26<=0.8,N67,0),0)) -> 0 | ... R71: =IF(SUM(R68:R70)>0,0,IF(R20<3,IF(R26<=0.8,R67,0),0)) -> 0 | T71: =IF(SUM(T68:T70)>0,0,IF(T20<3,IF(T26<=0.8,T67,0),0)) -> 0 | V71: =SUM(F71:U71) -> 0
D72: (1,50m < H ≤ 3,00m) (0,80m < L ≤ 1,50m) | G72: =IF(SUM(G68:G71)>0,0,IF(G20<3,IF(AND(G26>0.8,G26<=1.5),G67,0),0)) -> 0 | H72: =IF(SUM(H68:H71)>0,0,IF(H20<3,IF(AND(H26>0.8,H26<=1.5),H67,0),0)) -> 0 | I72: =IF(SUM(I68:I71)>0,0,IF(I20<3,IF(AND(I26>0.8,I26<=1.5),I67,0),0)) -> 0 | J72: =IF(SUM(J68:J71)>0,0,IF(J20<3,IF(AND(J26>0.8,J26<=1.5),J67,0),0)) -> 0 | K72: =IF(SUM(K68:K71)>0,0,IF(K20<3,IF(AND(K26>0.8,K26<=1.5),K67,0),0)) -> 0 | L72: =IF(SUM(L68:L71)>0,0,IF(L20<3,IF(AND(L26>0.8,L26<=1.5),L67,0),0)) -> 0 | M72: =IF(SUM(M68:M71)>0,0,IF(M20<3,IF(AND(M26>0.8,M26<=1.5),M67,0),0)) -> 0 | N72: =IF(SUM(N68:N71)>0,0,IF(N20<3,IF(AND(N26>0.8,N26<=1.5),N67,0),0)) -> 0 | ... R72: =IF(SUM(R68:R71)>0,0,IF(R20<3,IF(AND(R26>0.8,R26<=1.5),R67,0),0)) -> 0 | T72: =IF(SUM(T68:T71)>0,0,IF(T20<3,IF(AND(T26>0.8,T26<=1.5),T67,0),0)) -> 0 | V72: =SUM(F72:U72) -> 0
D73: (1,50m < H ≤ 3,00m) (L > 1,50m) | G73: =IF(SUM(G68:G72)>0,0,IF(G20<=3,IF(G26>1.5,G67,0),0)) -> 239.01 | H73: =IF(SUM(H68:H72)>0,0,IF(H20<=3,IF(H26>1.5,H67,0),0)) -> 240.97 | I73: =IF(SUM(I68:I72)>0,0,IF(I20<=3,IF(I26>1.5,I67,0),0)) -> 239.76 | J73: =IF(SUM(J68:J72)>0,0,IF(J20<=3,IF(J26>1.5,J67,0),0)) -> 237.78 | K73: =IF(SUM(K68:K72)>0,0,IF(K20<=3,IF(K26>1.5,K67,0),0)) -> 309.28 | L73: =IF(SUM(L68:L72)>0,0,IF(L20<=3,IF(L26>1.5,L67,0),0)) -> 297.5 | M73: =IF(SUM(M68:M72)>0,0,IF(M20<=3,IF(M26>1.5,M67,0),0)) -> 282.8 | N73: =IF(SUM(N68:N72)>0,0,IF(N20<=3,IF(N26>1.5,N67,0),0)) -> 138.19 | ... R73: =IF(SUM(R68:R72)>0,0,IF(R20<=3,IF(R26>1.5,R67,0),0)) -> 47.5 | T73: =IF(SUM(T68:T72)>0,0,IF(T20<=3,IF(T26>1.5,T67,0),0)) -> 1046.4 | V73: =SUM(F73:U73) -> 3966.43
D74: (3,00m < H ≤ 6,00m) (L ≤ 1,50m) | G74: =IF(SUM(G68:G73)>0,0,IF(AND(G20>3,G20<=6),IF(G26<=1.5,G67,0),0)) -> 0 | H74: =IF(SUM(H68:H73)>0,0,IF(AND(H20>3,H20<=6),IF(H26<=1.5,H67,0),0)) -> 0 | I74: =IF(SUM(I68:I73)>0,0,IF(AND(I20>3,I20<=6),IF(I26<=1.5,I67,0),0)) -> 0 | J74: =IF(SUM(J68:J73)>0,0,IF(AND(J20>3,J20<=6),IF(J26<=1.5,J67,0),0)) -> 0 | K74: =IF(SUM(K68:K73)>0,0,IF(AND(K20>3,K20<=6),IF(K26<=1.5,K67,0),0)) -> 0 | L74: =IF(SUM(L68:L73)>0,0,IF(AND(L20>3,L20<=6),IF(L26<=1.5,L67,0),0)) -> 0 | M74: =IF(SUM(M68:M73)>0,0,IF(AND(M20>3,M20<=6),IF(M26<=1.5,M67,0),0)) -> 0 | N74: =IF(SUM(N68:N73)>0,0,IF(AND(N20>3,N20<=6),IF(N26<=1.5,N67,0),0)) -> 0 | ... R74: =IF(SUM(R68:R73)>0,0,IF(AND(R20>3,R20<=6),IF(R26<=1.5,R67,0),0)) -> 0 | T74: =IF(SUM(T68:T73)>0,0,IF(AND(T20>3,T20<=6),IF(T26<=1.5,T67,0),0)) -> 0 | V74: =SUM(F74:U74) -> 0
D75: (3,00m < H ≤ 6,00m) (L > 1,50m) | G75: =IF(SUM(G68:G74)>0,0,IF(AND(G20>3,G20<=6),IF(G26>1.5,G67,0),0)) -> 0 | H75: =IF(SUM(H68:H74)>0,0,IF(AND(H20>3,H20<=6),IF(H26>1.5,H67,0),0)) -> 0 | I75: =IF(SUM(I68:I74)>0,0,IF(AND(I20>3,I20<=6),IF(I26>1.5,I67,0),0)) -> 0 | J75: =IF(SUM(J68:J74)>0,0,IF(AND(J20>3,J20<=6),IF(J26>1.5,J67,0),0)) -> 0 | K75: =IF(SUM(K68:K74)>0,0,IF(AND(K20>3,K20<=6),IF(K26>1.5,K67,0),0)) -> 0 | L75: =IF(SUM(L68:L74)>0,0,IF(AND(L20>3,L20<=6),IF(L26>1.5,L67,0),0)) -> 0 | M75: =IF(SUM(M68:M74)>0,0,IF(AND(M20>3,M20<=6),IF(M26>1.5,M67,0),0)) -> 0 | N75: =IF(SUM(N68:N74)>0,0,IF(AND(N20>3,N20<=6),IF(N26>1.5,N67,0),0)) -> 0 | ... R75: =IF(SUM(R68:R74)>0,0,IF(AND(R20>3,R20<=6),IF(R26>1.5,R67,0),0)) -> 0 | T75: =IF(SUM(T68:T74)>0,0,IF(AND(T20>3,T20<=6),IF(T26>1.5,T67,0),0)) -> 0 | V75: =SUM(F75:U75) -> 0
C77: CARGA E DESCARGA (BOTA FORA) (m³) | G77: =TRUNC((((G27*G10)+(G53+G55))*1.3),2) -> 64.12 | H77: =TRUNC((((H27*H10)+(H53+H55))*1.3),2) -> 64.12 | I77: =TRUNC((((I27*I10)+(I53+I55))*1.3),2) -> 64.85 | J77: =TRUNC((((J27*J10)+(J53+J55))*1.3),2) -> 64.85 | K77: =TRUNC((((K27*K10)+(K53+K55))*1.3),2) -> 82.97 | L77: =TRUNC((((L27*L10)+(L53+L55))*1.3),2) -> 79.16 | M77: =TRUNC((((M27*M10)+(M53+M55))*1.3),2) -> 75.25 | N77: =TRUNC((((N27*N10)+(N53+N55))*1.3),2) -> 36.77 | ... R77: =TRUNC((((R27*R10)+(R53+R55))*1.3),2) -> 37.83 | T77: =TRUNC((((T27*T10)+(T53+T55))*1.3),2) -> 127.29 | V77: =SUM(F77:U77) -> 959.2
C78: TRANSPORTE DO BOTA FORA (m³.km) | E78: ='Resumo DMT''s'!$E$13 -> 4.3 | G78: =TRUNC((G77*$E$78),2) -> 275.71 | H78: =TRUNC((H77*$E$78),2) -> 275.71 | I78: =TRUNC((I77*$E$78),2) -> 278.85 | J78: =TRUNC((J77*$E$78),2) -> 278.85 | K78: =TRUNC((K77*$E$78),2) -> 356.77 | L78: =TRUNC((L77*$E$78),2) -> 340.38 | M78: =TRUNC((M77*$E$78),2) -> 323.57 | N78: =TRUNC((N77*$E$78),2) -> 158.11 | ... R78: =TRUNC((R77*$E$78),2) -> 162.66 | T78: =TRUNC((T77*$E$78),2) -> 547.34 | V78: =SUM(F78:U78) -> 4124.49
C79: ESPALHAMENTO (BOTA FORA) (m³) | G79: =G77 -> 64.12 | H79: =H77 -> 64.12 | I79: =I77 -> 64.85 | J79: =J77 -> 64.85 | K79: =K77 -> 82.97 | L79: =L77 -> 79.16 | M79: =M77 -> 75.25 | N79: =N77 -> 36.77 | ... R79: =R77 -> 37.83 | T79: =T77 -> 127.29 | V79: =SUM(F79:U79) -> 959.2

Sheet Dre-Disp. Estruturais
B2: =DADOS!$B$3 -> CLIENTE: | C2: =DADOS!$C$3 -> PREFEITURA MUNICIPAL DE JARDIM / MS
B3: =DADOS!$B$4 -> ENDEREÇO: | C3: =DADOS!$C$4 -> RUA CEL. JUVÊNCIO, Nº 547 - CENTRO
B5: =DADOS!$B$7 -> OBRA: | C5: =DADOS!$C$7 -> PAVIMENTAÇÃO ASFÁLTICA E DRENAGEM DE ÁGUAS PLUVIAIS
B6: =DADOS!$B$8 -> LOCAL: | C6: =DADOS!$C$8 -> JARDIM PREVISUL, JARDIM / MS
B8: TRECHO Nº | G8: 4 | H8: 5 | I8: ='Dre-Terraplenagem'!G8 -> 6 | J8: ='Dre-Terraplenagem'!H8 -> 7 | K8: ='Dre-Terraplenagem'!I8 -> 8 | L8: ='Dre-Terraplenagem'!J8 -> 9 | M8: 10 | N8: 11 | O8: ='Dre-Terraplenagem'!K8 -> 20 | P8: ='Dre-Terraplenagem'!L8 -> 21 | Q8: ='Dre-Terraplenagem'!M8 -> 22 | R8: ='Dre-Terraplenagem'!N8 -> 23 | S8: ='Dre-Terraplenagem'!O8 -> 24 | T8: ='Dre-Terraplenagem'!P8 -> 30 | U8: ='Dre-Terraplenagem'!Q8 -> 31 | V8: ='Dre-Terraplenagem'!R8 -> 32 | X8: TOTAL
B10: MEMÓRIA DE CÁLCULO DE DRENAGEM DE ÁGUAS PLUVIAIS - DISPOSITIVOS ESTRUTURAIS | C10: EXTENSÃO (m) | I10: ='Dre-Terraplenagem'!G10 -> 68.51 | J10: ='Dre-Terraplenagem'!H10 -> 68.51 | K10: ='Dre-Terraplenagem'!I10 -> 69.29 | L10: ='Dre-Terraplenagem'!J10 -> 69.29 | O10: ='Dre-Terraplenagem'!K10 -> 88.65 | P10: ='Dre-Terraplenagem'!L10 -> 84.58 | Q10: ='Dre-Terraplenagem'!M10 -> 80.4 | R10: ='Dre-Terraplenagem'!N10 -> 39.29 | S10: ='Dre-Terraplenagem'!O10 -> 16.19 | T10: ='Dre-Terraplenagem'!P10 -> 120 | U10: ='Dre-Terraplenagem'!Q10 -> 120 | V10: ='Dre-Terraplenagem'!R10 -> 16.39 | X10: =SUM(F10:W10) -> 841.1
C11: DIÂMETRO (m) | I11: ='Dre-Terraplenagem'!G11 -> 0.8 | J11: ='Dre-Terraplenagem'!H11 -> 0.8 | K11: ='Dre-Terraplenagem'!I11 -> 0.8 | L11: ='Dre-Terraplenagem'!J11 -> 0.8 | O11: ='Dre-Terraplenagem'!K11 -> 0.8 | P11: ='Dre-Terraplenagem'!L11 -> 0.8 | Q11: ='Dre-Terraplenagem'!M11 -> 0.8 | R11: ='Dre-Terraplenagem'!N11 -> 0.8 | S11: ='Dre-Terraplenagem'!O11 -> 0.8 | T11: ='Dre-Terraplenagem'!P11 -> 0.8 | U11: ='Dre-Terraplenagem'!Q11 -> 0.8 | V11: ='Dre-Terraplenagem'!R11 -> 0.8
C12: N° DE LINHAS (un) | I12: ='Dre-Terraplenagem'!G12 -> 1 | J12: ='Dre-Terraplenagem'!H12 -> 1 | K12: ='Dre-Terraplenagem'!I12 -> 1 | L12: ='Dre-Terraplenagem'!J12 -> 1 | O12: ='Dre-Terraplenagem'!K12 -> 1 | P12: ='Dre-Terraplenagem'!L12 -> 1 | Q12: ='Dre-Terraplenagem'!M12 -> 1 | R12: ='Dre-Terraplenagem'!N12 -> 1 | S12: ='Dre-Terraplenagem'!O12 -> 1 | T12: ='Dre-Terraplenagem'!P12 -> 1 | U12: ='Dre-Terraplenagem'!Q12 -> 1 | V12: ='Dre-Terraplenagem'!R12 -> 1
C13: MATERIAL (P=PEAD C=CONCRETO MET=METÁLICO) | I13: ='Dre-Terraplenagem'!G13 -> C | J13: ='Dre-Terraplenagem'!H13 -> C | K13: ='Dre-Terraplenagem'!I13 -> C | L13: ='Dre-Terraplenagem'!J13 -> C | O13: ='Dre-Terraplenagem'!K13 -> C | P13: ='Dre-Terraplenagem'!L13 -> C | Q13: ='Dre-Terraplenagem'!M13 -> C | R13: ='Dre-Terraplenagem'!N13 -> C | S13: ='Dre-Terraplenagem'!O13 -> C | T13: ='Dre-Terraplenagem'!P13 -> C | U13: ='Dre-Terraplenagem'!Q13 -> C | V13: ='Dre-Terraplenagem'!R13 -> C
C14: PS-1 / PS-2 / PVC | I14: ='Dre-Terraplenagem'!G14 -> PA-1 | J14: ='Dre-Terraplenagem'!H14 -> PA-1 | K14: ='Dre-Terraplenagem'!I14 -> PA-1 | L14: ='Dre-Terraplenagem'!J14 -> PA-1 | O14: ='Dre-Terraplenagem'!K14 -> PA-1 | P14: ='Dre-Terraplenagem'!L14 -> PA-1 | Q14: ='Dre-Terraplenagem'!M14 -> PA-1 | R14: ='Dre-Terraplenagem'!N14 -> PA-1 | S14: ='Dre-Terraplenagem'!O14 -> PA-1 | T14: ='Dre-Terraplenagem'!P14 -> PA-1 | U14: ='Dre-Terraplenagem'!Q14 -> PA-1 | V14: ='Dre-Terraplenagem'!R14 -> PA-1
C15: PROFUNDIDADE | D15: MONTANTE (PV) | I15: ='Dre-Terraplenagem'!G15 -> 1.7 | J15: ='Dre-Terraplenagem'!H15 -> 1.730965 | K15: ='Dre-Terraplenagem'!I15 -> 1.72334 | L15: ='Dre-Terraplenagem'!J15 -> 1.70053 | O15: ='Dre-Terraplenagem'!K15 -> 1.7 | P15: ='Dre-Terraplenagem'!L15 -> 1.73745 | Q15: ='Dre-Terraplenagem'!M15 -> 1.72264 | R15: ='Dre-Terraplenagem'!N15 -> 1.73364 | S15: ='Dre-Terraplenagem'!O15 -> 1.7338 | T15: ='Dre-Terraplenagem'!P15 -> 1.7 | U15: ='Dre-Terraplenagem'!Q15 -> 1.729 | V15: ='Dre-Terraplenagem'!R15 -> 1.752
D16: JUSANTE (PV) | I16: ='Dre-Terraplenagem'!G16 -> 1.730965 | J16: ='Dre-Terraplenagem'!H16 -> 1.72334 | K16: ='Dre-Terraplenagem'!I16 -> 1.70053 | L16: ='Dre-Terraplenagem'!J16 -> 1.707525 | O16: ='Dre-Terraplenagem'!K16 -> 1.73745 | P16: ='Dre-Terraplenagem'!L16 -> 1.72264 | Q16: ='Dre-Terraplenagem'!M16 -> 1.73364 | R16: ='Dre-Terraplenagem'!N16 -> 1.7338 | S16: ='Dre-Terraplenagem'!O16 -> 0.798935 | T16: ='Dre-Terraplenagem'!P16 -> 1.729 | U16: ='Dre-Terraplenagem'!Q16 -> 1.752 | V16: ='Dre-Terraplenagem'!R16 -> 0.802005
D17: MÉDIA | I17: ='Dre-Terraplenagem'!G17 -> 1.72 | J17: ='Dre-Terraplenagem'!H17 -> 1.73 | K17: ='Dre-Terraplenagem'!I17 -> 1.71 | L17: ='Dre-Terraplenagem'!J17 -> 1.7 | O17: ='Dre-Terraplenagem'!K17 -> 1.72 | P17: ='Dre-Terraplenagem'!L17 -> 1.73 | Q17: ='Dre-Terraplenagem'!M17 -> 1.73 | R17: ='Dre-Terraplenagem'!N17 -> 1.73 | S17: ='Dre-Terraplenagem'!O17 -> 1.27 | T17: ='Dre-Terraplenagem'!P17 -> 1.71 | U17: ='Dre-Terraplenagem'!Q17 -> 1.74 | V17: ='Dre-Terraplenagem'!R17 -> 1.28
D18: BOLSA + ESPESSURA | I18: ='Dre-Terraplenagem'!G18 -> 0.168 | J18: ='Dre-Terraplenagem'!H18 -> 0.168 | K18: ='Dre-Terraplenagem'!I18 -> 0.168 | L18: ='Dre-Terraplenagem'!J18 -> 0.168 | O18: ='Dre-Terraplenagem'!K18 -> 0.168 | P18: ='Dre-Terraplenagem'!L18 -> 0.168 | Q18: ='Dre-Terraplenagem'!M18 -> 0.168 | R18: ='Dre-Terraplenagem'!N18 -> 0.168 | S18: ='Dre-Terraplenagem'!O18 -> 0.168 | T18: ='Dre-Terraplenagem'!P18 -> 0.168 | U18: ='Dre-Terraplenagem'!Q18 -> 0.168 | V18: ='Dre-Terraplenagem'!R18 -> 0.168
D19: LASTRO | I19: ='Dre-Terraplenagem'!G19 -> 0 | J19: ='Dre-Terraplenagem'!H19 -> 0 | K19: ='Dre-Terraplenagem'!I19 -> 0 | L19: ='Dre-Terraplenagem'!J19 -> 0 | O19: ='Dre-Terraplenagem'!K19 -> 0 | P19: ='Dre-Terraplenagem'!L19 -> 0 | Q19: ='Dre-Terraplenagem'!M19 -> 0 | R19: ='Dre-Terraplenagem'!N19 -> 0 | S19: ='Dre-Terraplenagem'!O19 -> 0.6 | T19: ='Dre-Terraplenagem'!P19 -> 0 | U19: ='Dre-Terraplenagem'!Q19 -> 0 | V19: ='Dre-Terraplenagem'!R19 -> 0.6
